Workbook
Name ___________ALE03: [1]Plan1!$X$1:$Y$27
Name ___________AT2: [2]TOTAL!$B$11:$G$210
Name ___________eap1: #REF!
Name ___________eap1: #REF!
Name __________ALE03: [1]Plan1!$X$1:$Y$27
Name __________AT2: [2]TOTAL!$B$11:$G$210
Name __________eap1: #REF!
Name __________eap1: #REF!
Name _________ALE03: [1]Plan1!$X$1:$Y$27
Name _________AT2: [2]TOTAL!$B$11:$G$210
Name _________eap1: #REF!
Name _________eap1: #REF!
Name ________ALE03: [1]Plan1!$X$1:$Y$27
Name ________AT2: [2]TOTAL!$B$11:$G$210
Name ________eap1: #REF!
Name ________eap1: #REF!
Name _______ALE03: [1]Plan1!$X$1:$Y$27
Name _______AT2: [2]TOTAL!$B$11:$G$210
Name _______eap1: #REF!
Name _______eap1: #REF!
Name ______ALE03: [1]Plan1!$X$1:$Y$27
Name ______AT2: [2]TOTAL!$B$11:$G$210
Name ______eap1: #REF!
Name ______eap1: #REF!
Name _____ALE03: [1]Plan1!$X$1:$Y$27
Name _____AT2: [2]TOTAL!$B$11:$G$210
Name _____eap1: #REF!
Name _____eap1: #REF!
Name _____Rc1: [3]EQUIPAM.!$C$194
Name _____Rc2: [3]EQUIPAM.!$C$205
Name ____ALE03: [1]Plan1!$X$1:$Y$27
Name ____AT2: [2]TOTAL!$B$11:$G$210
Name ____eap1: #REF!
Name ____eap1: #REF!
Name ____Rc1: [3]EQUIPAM.!$C$194
Name ____Rc2: [3]EQUIPAM.!$C$205
Name ____xlnm.Print_Area_1: #REF!
Name ____xlnm.Print_Area_1: #REF!
Name ___ALE03: [1]Plan1!$X$1:$Y$27
Name ___AT2: [2]TOTAL!$B$11:$G$210
Name ___eap1: #REF!
Name ___eap1: #REF!
Name ___r: '[4]PREDIO 3BL'!$B$8:$D$679
Name ___Rc1: [3]EQUIPAM.!$C$194
Name ___Rc2: [3]EQUIPAM.!$C$205
Name ___tq200: '[5]caracteristicas 1'!#REF!
Name ___tq200: '[5]caracteristicas 1'!#REF!
Name ___tq300: '[5]caracteristicas 1'!#REF!
Name ___tq300: '[5]caracteristicas 1'!#REF!
Name ___xlnm.Print_Area_1: #REF!
Name ___xlnm.Print_Area_1: #REF!
Name __123Graph_A: #REF!
Name __123Graph_A: #REF!
Name __123Graph_B: #REF!
Name __123Graph_B: #REF!
Name __123Graph_C: #REF!
Name __123Graph_C: #REF!
Name __123Graph_D: '[6]Etapa Única'!$C$125:$C$134
Name __123Graph_E: '[6]Etapa Única'!$E$125:$E$134
Name __123Graph_X: #REF!

Sheet ORÇ ABART
N1: valor total | O1: 3197835.4
D2: Construção da nova Promotoria de Justiça de Santana do Ipanema - Não desonerado | E2: SINAPI - 09/2024 - Alagoas ORSE - 06/2024 - Sergipe | G2: 22,47% | I2: Não Desonerado: Horista: 115,22% Mensalista: 70,31% | N2: valor desc | O2: 2499989 | P2: =1-O2/O1 -> 0.21822462
A3: Orçamento Sintético | N3: =O2-O3 -> 868.67 | O3: =H561 -> 2499120.3 | P3: 0.2195
A4: Item | B4: Código | C4: Banco | D4: Descrição | E4: Und | F4: Quant. | G4: Valor Unit | H4: Valor Unit com BDI | I4: Total | J4: Peso (%) | L4: Valor Unit | M4: Valor Unit com BDI | N4: Total
A5: 1 | D5: ADMINISTRAÇÃO DE OBRA | I5: =SUM(I6) -> 172855.2 | J5: 0.069255384 | M5: 221467.32 | N5: 221467.32
A6: 1.1 | B6: COMP - 12 | C6: Próprio | D6: ADMINISTRAÇÃO LOCAL | E6: un | F6: 12 | G6: =TRUNC(L6-L6*$P$3,2) -> 11761.74 | H6: =TRUNC(M6-M6*$P$3,2) -> 14404.6 | I6: =ROUND(F6*H6,2) -> 172855.2 | J6: 0.069255384 | L6: 15069.5 | M6: 18455.61 | N6: 221467.32
A7: 2 | D7: MOBILIZAÇÃO | I7: =SUM(I8) -> 4778.4 | J7: 0.0019149203 | M7: 6123.6 | N7: 6123.6
A8: 2.1 | B8: 92144 | C8: SINAPI | D8: CAMINHONETE CABINE SIMPLES COM MOTOR 1.6 FLEX, CÂMBIO MANUAL, POTÊNCIA 101/104 CV, 2 PORTAS - MATERIAIS NA OPERAÇÃO. AF_11/2015 | E8: H | F8: 120 | G8: =TRUNC(L8-L8*$P$3,2) -> 32.52 | H8: =TRUNC(M8-M8*$P$3,2) -> 39.82 | I8: =ROUND(F8*H8,2) -> 4778.4 | J8: 0.0019149203 | L8: 41.67 | M8: 51.03 | N8: 6123.6
A9: 3 | D9: SERVIÇOS PRELIMINARES | I9: =SUM(I10:I23) -> 76367.26 | J9: 0.030598704 | M9: 97849.62 | N9: 97849.62
A10: 3.1 | B10: MP 003 | C10: Próprio | D10: ART DE EXECUÇÃO - CREA AL | E10: und | F10: 3 | G10: =TRUNC(L10-L10*$P$3,2) -> 204.92 | H10: =TRUNC(M10-M10*$P$3,2) -> 250.96 | I10: =ROUND(F10*H10,2) -> 752.88 | J10: 0.0003016478 | L10: 262.55 | M10: 321.54 | N10: 964.62
A11: 3.2 | B11: 97625 | C11: SINAPI | D11: DEMOLIÇÃO DE ALVENARIA PARA QUALQUER TIPO DE BLOCO, DE FORMA MECANIZADA, SEM REAPROVEITAMENTO. AF_09/2023 | E11: m³ | F11: 28.42875 | G11: =TRUNC(L11-L11*$P$3,2) -> 39.14 | H11: =TRUNC(M11-M11*$P$3,2) -> 47.94 | I11: =ROUND(F11*H11,2) -> 1362.87 | J11: 0.00054611003 | L11: 50.16 | M11: 61.43 | N11: 1746.37
A12: 3.3 | B12: 97627 | C12: SINAPI | D12: DEMOLIÇÃO DE PILARES E VIGAS EM CONCRETO ARMADO, DE FORMA MECANIZADA COM MARTELETE, SEM REAPROVEITAMENTO. AF_09/2023 | E12: m³ | F12: 2.36475 | G12: =TRUNC(L12-L12*$P$3,2) -> 119.29 | H12: =TRUNC(M12-M12*$P$3,2) -> 146.09 | I12: =ROUND(F12*H12,2) -> 345.47 | J12: 0.0001384155 | L12: 152.84 | M12: 187.18 | N12: 442.63
A13: 3.4 | B13: 104790 | C13: SINAPI | D13: DEMOLIÇÃO DE PISO DE CONCRETO SIMPLES, DE FORMA MECANIZADA COM MARTELETE, SEM REAPROVEITAMENTO. AF_09/2023 | E13: m³ | F13: 3.6 | G13: =TRUNC(L13-L13*$P$3,2) -> 77.8 | H13: =TRUNC(M13-M13*$P$3,2) -> 95.27 | I13: =ROUND(F13*H13,2) -> 342.97 | J13: 0.00013742108 | L13: 99.68 | M13: 122.07 | N13: 439.45
A14: 3.5 | B14: 9937 | C14: ORSE | D14: Limpeza mecanizada do terreno c/ retroescavadeira (vegetação rasteira) inclusive carga e transporte - dmt até 1km | E14: m² | F14: 1313.26 | G14: =TRUNC(L14-L14*$P$3,2) -> 1.47 | H14: =TRUNC(M14-M14*$P$3,2) -> 1.8 | I14: =ROUND(F14*H14,2) -> 2363.87 | J14: 0.00094865108 | L14: 1.89 | M14: 2.31 | N14: 3033.63
A15: 3.6 | B15: 103689 | C15: SINAPI | D15: FORNECIMENTO E INSTALAÇÃO DE PLACA DE OBRA COM CHAPA GALVANIZADA E ESTRUTURA DE MADEIRA. AF_03/2022_PS | E15: m² | F15: 4.5 | G15: =TRUNC(L15-L15*$P$3,2) -> 361.41 | H15: =TRUNC(M15-M15*$P$3,2) -> 442.62 | I15: =ROUND(F15*H15,2) -> 1991.79 | J15: 0.00079802419 | L15: 463.06 | M15: 567.1 | N15: 2551.95
A16: 3.7 | B16: 98459 | C16: SINAPI | D16: TAPUME COM TELHA METÁLICA. AF_03/2024 | E16: m² | F16: 32.18 | G16: =TRUNC(L16-L16*$P$3,2) -> 70.77 | H16: =TRUNC(M16-M16*$P$3,2) -> 86.67 | I16: =ROUND(F16*H16,2) -> 2789.04 | J16: 0.0011174997 | L16: 90.68 | M16: 111.05 | N16: 3573.58
A17: 3.8 | B17: 9416 | C17: ORSE | D17: Instalação provisória de energia elétrica, aerea, trifasica, em poste galvanizado, exclusive fornecimento do medidor | E17: un | F17: 1 | G17: =TRUNC(L17-L17*$P$3,2) -> 1283.43 | H17: =TRUNC(M17-M17*$P$3,2) -> 1571.82 | I17: =ROUND(F17*H17,2) -> 1571.82 | J17: 0.00062976037 | L17: 1644.38 | M17: 2013.87 | N17: 2013.87
A18: 3.9 | B18: 6096 | C18: ORSE | D18: Ligação Predial de Água em Mureta de Concreto, Provisória ou Definitiva, com Fornecimento de Material, inclusive Mureta e Hidrômetro, Rede DN 50mm - Rev 03_10/2022 | E18: UN | F18: 1 | G18: =TRUNC(L18-L18*$P$3,2) -> 423.95 | H18: =TRUNC(M18-M18*$P$3,2) -> 519.21 | I18: =ROUND(F18*H18,2) -> 519.21 | J18: 0.00020802509 | L18: 543.18 | M18: 665.23 | N18: 665.23
A19: 3.10 | B19: 56 | C19: ORSE | D19: Barracão para escritório de obra porte pequeno s=25,41m2 com materiais novos | E19: un | F19: 1 | G19: =TRUNC(L19-L19*$P$3,2) -> 11797.6 | H19: =TRUNC(M19-M19*$P$3,2) -> 14448.51 | I19: =ROUND(F19*H19,2) -> 14448.51 | J19: 0.0057888752 | L19: 15115.44 | M19: 18511.87 | N19: 18511.87
A20: 3.11 | B20: 62 | C20: ORSE | D20: Barracão fechado porte pequeno para depósito de cimento e almoxarifado (s=38,72 m2) com materiais novos | E20: un | F20: 1 | G20: =TRUNC(L20-L20*$P$3,2) -> 9419.75 | H20: =TRUNC(M20-M20*$P$3,2) -> 11536.36 | I20: =ROUND(F20*H20,2) -> 11536.36 | J20: 0.0046221078 | L20: 12068.87 | M20: 14780.74 | N20: 14780.74
A21: 3.12 | B21: 61 | C21: ORSE | D21: Barracão aberto para refeitório de obra (capacidade 24 refeições simultâneas)-s=61,60m2 com materiais novos | E21: un | F21: 1 | G21: =TRUNC(L21-L21*$P$3,2) -> 13555.57 | H21: =TRUNC(M21-M21*$P$3,2) -> 16601.5 | I21: =ROUND(F21*H21,2) -> 16601.5 | J21: 0.0066514837 | L21: 17367.81 | M21: 21270.35 | N21: 21270.35
A22: 3.13 | B22: 10184 | C22: ORSE | D22: Barracão para banheiro e vestiário de obra, s=35,10m², capacidade 20 operários com materiais novos | E22: un | F22: 1 | G22: =TRUNC(L22-L22*$P$3,2) -> 14046.28 | H22: =TRUNC(M22-M22*$P$3,2) -> 17202.47 | I22: =ROUND(F22*H22,2) -> 17202.47 | J22: 0.0068922653 | L22: 17996.52 | M22: 22040.33 | N22: 22040.33
A23: 3.14 | B23: 11703 | C23: ORSE | D23: Barracão aberto para apoio à produção (carpintaria, central de armação, oficina, etc.) c/ tesouras, telha 4mm, piso em concreto desempolado | E23: m² | F23: 25 | G23: =TRUNC(L23-L23*$P$3,2) -> 148.24 | H23: =TRUNC(M23-M23*$P$3,2) -> 181.54 | I23: =ROUND(F23*H23,2) -> 4538.5 | J23: 0.0018184175 | L23: 189.93 | M23: 232.6 | N23: 5815
A24: 4 | D24: TERRAPLANAGEM | I24: =SUM(I25:I32) -> 58839.91 | J24: 0.023579422 | M24: 75403.11 | N24: 75403.11
A25: 4.1 | B25: 2548 | C25: ORSE | D25: Locação de serviços de terraplenagem de obras civis | E25: m² | F25: 1313.26 | G25: =TRUNC(L25-L25*$P$3,2) -> 1.03 | H25: =TRUNC(M25-M25*$P$3,2) -> 1.26 | I25: =ROUND(F25*H25,2) -> 1654.71 | J25: 0.00066528753 | L25: 1.33 | M25: 1.62 | N25: 2127.48
A26: 4.2 | B26: 101124 | C26: SINAPI | D26: ESCAVAÇÃO HORIZONTAL, INCLUINDO CARGA E DESCARGA EM SOLO DE 1A CATEGORIA COM TRATOR DE ESTEIRAS (100HP/LÂMINA: 2,19M3). AF_07/2020 | E26: m³ | F26: 26.11 | G26: =TRUNC(L26-L26*$P$3,2) -> 11.17 | H26: =TRUNC(M26-M26*$P$3,2) -> 13.68 | I26: =ROUND(F26*H26,2) -> 357.18 | J26: 0.00014312807 | L26: 14.32 | M26: 17.53 | N26: 457.7
A27: 4.3 | B27: 102354 | C27: SINAPI | D27: DESMONTE DE MATERIAL DE 3ª CATEGORIA (BLOCOS DE ROCHAS OU MATACOS), COM MARTELETE PNEUMÁTICO MANUAL - EXCLUSIVE CARGA E TRANSPORTE. AF_03/2021 | E27: m³ | F27: 61.128 | G27: =TRUNC(L27-L27*$P$3,2) -> 111.86 | H27: =TRUNC(M27-M27*$P$3,2) -> 136.99 | I27: =ROUND(F27*H27,2) -> 8373.92 | J27: 0.0033551383 | L27: 143.32 | M27: 175.52 | N27: 10729.18
A28: 4.4 | B28: 4522 | C28: ORSE | D28: Desmonte de rocha dura incluindo perfuração e argamassa expansiva | E28: m³ | F28: 91.692 | G28: =TRUNC(L28-L28*$P$3,2) -> 264.46 | H28: =TRUNC(M28-M28*$P$3,2) -> 323.88 | I28: =ROUND(F28*H28,2) -> 29697.2 | J28: 0.011898492 | L28: 338.84 | M28: 414.97 | N28: 38049.42
A29: 4.5 | B29: 102361 | C29: SINAPI | D29: RETIRADA DE MATERIAL DE 3ª CATEGORIA (APÓS ESCAVAÇÃO/DESMONTE) EM VALAS, COM RETROESCAVADEIRA - EXCLUSIVE CARGA E TRANSPORTE. AF_03/2021 | E29: m³ | F29: 152.82 | G29: =TRUNC(L29-L29*$P$3,2) -> 24.98 | H29: =TRUNC(M29-M29*$P$3,2) -> 30.59 | I29: =ROUND(F29*H29,2) -> 4674.76 | J29: 0.0018733109 | L29: 32.01 | M29: 39.2 | N29: 5990.54
A30: 4.6 | B30: 95875 | C30: SINAPI | D30: TRANSPORTE COM CAMINHÃO BASCULANTE DE 10 M³, EM VIA URBANA PAVIMENTADA, DMT ATÉ 30 KM (UNIDADE: M3XKM). AF_07/2020 | E30: M3XKM | F30: 1902.77 | G30: =TRUNC(L30-L30*$P$3,2) -> 1.88 | H30: =TRUNC(M30-M30*$P$3,2) -> 2.3 | I30: =ROUND(F30*H30,2) -> 4376.37 | J30: 0.001755303 | L30: 2.41 | M30: 2.95 | N30: 5613.17
A31: 4.7 | B31: 368 | C31: SINAPI | D31: AREIA PARA ATERRO - POSTO JAZIDA/FORNECEDOR (RETIRADO NA JAZIDA, SEM TRANSPORTE) | E31: M³ | F31: 113.47 | G31: =TRUNC(L31-L31*$P$3,2) -> 37.07 | H31: =TRUNC(M31-M31*$P$3,2) -> 45.4 | I31: =ROUND(F31*H31,2) -> 5151.54 | J31: 0.002064065 | L31: 47.5 | M31: 58.17 | N31: 6600.54
A32: 4.8 | B32: 71 | C32: ORSE | D32: Aterro manual de áreas, sem aquisição de material, com espalhamento e compactação | E32: m³ | F32: 90.776 | G32: =TRUNC(L32-L32*$P$3,2) -> 40.96 | H32: =TRUNC(M32-M32*$P$3,2) -> 50.17 | I32: =ROUND(F32*H32,2) -> 4554.23 | J32: 0.0018246968 | L32: 52.49 | M32: 64.28 | N32: 5835.08
A33: 5 | B33: * | D33: ESTRUTURA | I33: =SUM(I34,I38,I44,I54,I76,I89,I100,I108,I119) -> 830673.87 | J33: 0.33287053 | L33: =M33-M33*P3 -> 830815.05 | M33: 1064465.1 | N33: 1064465.1
A34: 5.1 | B34: * | D34: LOCAÇÃO DA OBRA, FUNDAÇÕES E VIGAS BALDRAMES | I34: =SUM(I35,I36,I37) -> 17057.42 | J34: 0.019265598 | M34: 61608.21 | N34: 61608.21
A35: 5.1.1 | B35: 105009 | C35: SINAPI | D35: LOCAÇÃO CONVENCIONAL DE OBRA, UTILIZANDO GABARITO DE TÁBUAS CORRIDAS PONTALETADAS A CADA 1,50M - 2 UTILIZAÇÕES. AF_03/2024 | E35: M | F35: 101.12 | G35: =TRUNC(L35-L35*$P$3,2) -> 54.54 | H35: =TRUNC(M35-M35*$P$3,2) -> 66.8 | I35: =ROUND(F35*H35,2) -> 6754.82 | J35: 0.0027064745 | L35: 69.89 | M35: 85.59 | N35: 8654.86
A36: 5.1.2 | B36: 96523 | C36: SINAPI | D36: ESCAVAÇÃO MANUAL PARA BLOCO DE COROAMENTO OU SAPATA (INCLUINDO ESCAVAÇÃO PARA COLOCAÇÃO DE FÔRMAS). AF_01/2024 | E36: m³ | F36: 99.2 | G36: =TRUNC(L36-L36*$P$3,2) -> 68.2 | H36: =TRUNC(M36-M36*$P$3,2) -> 83.52 | I36: =ROUND(F36*H36,2) -> 8285.18 | J36: 0.0033195548 | L36: 87.38 | M36: 107.01 | N36: 10615.39
A37: 5.1.3 | B37: 96619 | C37: SINAPI | D37: LASTRO DE CONCRETO MAGRO, APLICADO EM BLOCOS DE COROAMENTO OU SAPATAS, ESPESSURA DE 5 CM. AF_01/2024 | E37: m² | F37: 59.11 | G37: =TRUNC(L37-L37*$P$3,2) -> 27.87 | H37: =TRUNC(M37-M37*$P$3,2) -> 34.13 | I37: =ROUND(F37*H37,2) -> 2017.42 | J37: 0.00080832178 | L37: 35.71 | M37: 43.73 | N37: 2584.88
A38: 5.1.4 | B38: * | D38: FORMA, AÇO E CONCRETO | I38: =SUM(I39,I40,I41,I42,I43) -> 31021.89 | J38: 0.012431246 | M38: 39753.08 | N38: 39753.08
A39: 5.1.4.1 | B39: 96541 | C39: SINAPI | D39: FABRICAÇÃO, MONTAGEM E DESMONTAGEM DE FÔRMA PARA SAPATA, EM CHAPA DE MADEIRA COMPENSADA RESINADA, E=17 MM, 4 UTILIZAÇÕES. AF_01/2024 | E39: m² | F39: 32.63 | G39: =TRUNC(L39-L39*$P$3,2) -> 139.06 | H39: =TRUNC(M39-M39*$P$3,2) -> 170.3 | I39: =ROUND(F39*H39,2) -> 5556.89 | J39: 0.0022264623 | L39: 178.17 | M39: 218.2 | N39: 7119.86
A40: 5.1.4.2 | B40: 96545 | C40: SINAPI | D40: ARMAÇÃO DE BLOCO UTILIZANDO AÇO CA-50 DE 8 MM - MONTAGEM. AF_01/2024 | E40: KG | F40: 29 | G40: =TRUNC(L40-L40*$P$3,2) -> 13.62 | H40: =TRUNC(M40-M40*$P$3,2) -> 16.68 | I40: =ROUND(F40*H40,2) -> 483.72 | J40: 0.0001938874 | L40: 17.46 | M40: 21.38 | N40: 620.02
A41: 5.1.4.3 | B41: 96546 | C41: SINAPI | D41: ARMAÇÃO DE BLOCO UTILIZANDO AÇO CA-50 DE 10 MM - MONTAGEM. AF_01/2024 | E41: KG | F41: 385 | G41: =TRUNC(L41-L41*$P$3,2) -> 12.05 | H41: =TRUNC(M41-M41*$P$3,2) -> 14.76 | I41: =ROUND(F41*H41,2) -> 5682.6 | J41: 0.0022778533 | L41: 15.45 | M41: 18.92 | N41: 7284.2
A42: 5.1.4.4 | B42: 104920 | C42: SINAPI | D42: ARMAÇÃO DE BLOCO, SAPATA ISOLADA, VIGA BALDRAME E SAPATA CORRIDA UTILIZANDO AÇO CA-50 DE 12,5 MM - MONTAGEM. AF_01/2024 | E42: KG | F42: 426 | G42: =TRUNC(L42-L42*$P$3,2) -> 9.51 | H42: =TRUNC(M42-M42*$P$3,2) -> 11.64 | I42: =ROUND(F42*H42,2) -> 4958.64 | J42: 0.0019875695 | L42: 12.19 | M42: 14.92 | N42: 6355.92
A43: 5.1.4.5 | B43: 96558 | C43: SINAPI | D43: CONCRETAGEM DE SAPATA, FCK 30 MPA, COM USO DE BOMBA - LANÇAMENTO, ADENSAMENTO E ACABAMENTO. AF_01/2024 | E43: m³ | F43: 20.23 | G43: =TRUNC(L43-L43*$P$3,2) -> 578.8 | H43: =TRUNC(M43-M43*$P$3,2) -> 708.85 | I43: =ROUND(F43*H43,2) -> 14340.04 | J43: 0.005745474 | L43: 741.58 | M43: 908.21 | N43: 18373.08
A44: 5.2 | B44: * | D44: PILARES | I44: =SUM(I45,I46,I47,I49,I48,I50,I51,I52,I53) -> 50361.18 | J44: 0.020180617 | M44: 64534.29 | N44: 64534.29
A45: 5.2.1 | B45: 96258 | C45: SINAPI | D45: MONTAGEM E DESMONTAGEM DE FÔRMA DE PILARES CIRCULARES, PÉ-DIREITO SIMPLES, EM MADEIRA, 2 UTILIZAÇÕES. AF_05/2024 | E45: m² | F45: 76.44 | G45: =TRUNC(L45-L45*$P$3,2) -> 127.58 | H45: =TRUNC(M45-M45*$P$3,2) -> 156.25 | I45: =ROUND(F45*H45,2) -> 11943.75 | J45: 0.0047855121 | L45: 163.47 | M45: 200.2 | N45: 15303.28
A46: 5.2.2 | B46: 92443 | C46: SINAPI | D46: MONTAGEM E DESMONTAGEM DE FÔRMA DE PILARES RETANGULARES E ESTRUTURAS SIMILARES, PÉ-DIREITO SIMPLES, EM CHAPA DE MADEIRA COMPENSADA PLASTIFICADA, 18 UTILIZAÇÕES. AF_09/2020 | E46: m² | F46: 144.16 | G46: =TRUNC(L46-L46*$P$3,2) -> 54.33 | H46: =TRUNC(M46-M46*$P$3,2) -> 66.54 | I46: =ROUND(F46*H46,2) -> 9592.41 | J46: 0.0038435624 | L46: 69.62 | M46: 85.26 | N46: 12291.08
A47: 5.2.3 | B47: 92759 | C47: SINAPI | D47: ARMAÇÃO DE PILAR OU VIGA DE ESTRUTURA CONVENCIONAL DE CONCRETO ARMADO UTILIZANDO AÇO CA-60 DE 5,0 MM - MONTAGEM. AF_06/2022 | E47: KG | F47: 184 | G47: =TRUNC(L47-L47*$P$3,2) -> 11.93 | H47: =TRUNC(M47-M47*$P$3,2) -> 14.61 | I47: =ROUND(F47*H47,2) -> 2688.24 | J47: 0.0010771286 | L47: 15.29 | M47: 18.72 | N47: 3444.48
A48: 5.2.4 | B48: 92760 | C48: SINAPI | D48: ARMAÇÃO DE PILAR OU VIGA DE ESTRUTURA CONVENCIONAL DE CONCRETO ARMADO UTILIZANDO AÇO CA-50 DE 6,3 MM - MONTAGEM. AF_06/2022 | E48: KG | F48: 186 | G48: =TRUNC(L48-L48*$P$3,2) -> 11.54 | H48: =TRUNC(M48-M48*$P$3,2) -> 14.13 | I48: =ROUND(F48*H48,2) -> 2628.18 | J48: 0.0010533563 | L48: 14.79 | M48: 18.11 | N48: 3368.46
A49: 5.2.5 | B49: 92762 | C49: SINAPI | D49: ARMAÇÃO DE PILAR OU VIGA DE ESTRUTURA CONVENCIONAL DE CONCRETO ARMADO UTILIZANDO AÇO CA-50 DE 10,0 MM - MONTAGEM. AF_06/2022 | E49: KG | F49: 72 | G49: =TRUNC(L49-L49*$P$3,2) -> 9.96 | H49: =TRUNC(M49-M49*$P$3,2) -> 12.19 | I49: =ROUND(F49*H49,2) -> 877.68 | J49: 0.00035191305 | L49: 12.77 | M49: 15.63 | N49: 1125.36
A50: 5.2.6 | B50: 92763 | C50: SINAPI | D50: ARMAÇÃO DE PILAR OU VIGA DE ESTRUTURA CONVENCIONAL DE CONCRETO ARMADO UTILIZANDO AÇO CA-50 DE 12,5 MM - MONTAGEM. AF_06/2022 | E50: KG | F50: 1083 | G50: =TRUNC(L50-L50*$P$3,2) -> 8.44 | H50: =TRUNC(M50-M50*$P$3,2) -> 10.34 | I50: =ROUND(F50*H50,2) -> 11198.22 | J50: 0.0044873323 | L50: 10.82 | M50: 13.25 | N50: 14349.75
A51: 5.2.7 | B51: 92764 | C51: SINAPI | D51: ARMAÇÃO DE PILAR OU VIGA DE ESTRUTURA CONVENCIONAL DE CONCRETO ARMADO UTILIZANDO AÇO CA-50 DE 16,0 MM - MONTAGEM. AF_06/2022 | E51: KG | F51: 361 | G51: =TRUNC(L51-L51*$P$3,2) -> 8.22 | H51: =TRUNC(M51-M51*$P$3,2) -> 10.06 | I51: =ROUND(F51*H51,2) -> 3631.66 | J51: 0.0014562663 | L51: 10.54 | M51: 12.9 | N51: 4656.9
A52: 5.2.8 | B52: 94972 | C52: SINAPI | D52: CONCRETO FCK = 30MPA, TRAÇO 1:2,1:2,5 (EM MASSA SECA DE CIMENTO/ AREIA MÉDIA/ BRITA 1) - PREPARO MECÂNICO COM BETONEIRA 600 L. AF_05/2021 | E52: m³ | F52: 15.76 | G52: =TRUNC(L52-L52*$P$3,2) -> 374.13 | H52: =TRUNC(M52-M52*$P$3,2) -> 458.19 | I52: =ROUND(F52*H52,2) -> 7221.07 | J52: 0.0028931758 | L52: 479.35 | M52: 587.05 | N52: 9251.9
A53: 5.2.9 | B53: 103673 | C53: SINAPI | D53: LANÇAMENTO COM USO DE BOMBA, ADENSAMENTO E ACABAMENTO DE CONCRETO EM ESTRUTURAS. AF_02/2022 | E53: m³ | F53: 15.76 | G53: =TRUNC(L53-L53*$P$3,2) -> 30.04 | H53: =TRUNC(M53-M53*$P$3,2) -> 36.8 | I53: =ROUND(F53*H53,2) -> 579.97 | J53: 0.00023236968 | L53: 38.5 | M53: 47.15 | N53: 743.08
A54: 5.3 | B54: * | D54: VIGAS | I54: =SUM(I55,I64,) -> 319315.9 | J54: 0.1279569 | M54: 409185.09 | N54: 409185.09
A55: 5.3.1 | D55: BALDRAMES | I55: =SUM(I56,I57,I58,I59,I60,I61,I62,I63) -> 24877.76 | J55: 0.0099691341 | M55: 31879.65 | N55: 31879.65
A56: 5.3.1.1 | B56: 96542 | C56: SINAPI | D56: FABRICAÇÃO, MONTAGEM E DESMONTAGEM DE FÔRMA PARA VIGA BALDRAME, EM CHAPA DE MADEIRA COMPENSADA RESINADA, E=17 MM, 4 UTILIZAÇÕES. AF_01/2024 | E56: m² | F56: 95.37 | G56: =TRUNC(L56-L56*$P$3,2) -> 77.19 | H56: =TRUNC(M56-M56*$P$3,2) -> 94.54 | I56: =ROUND(F56*H56,2) -> 9016.28 | J56: 0.0036124936 | L56: 98.91 | M56: 121.13 | N56: 11552.16
A57: 5.3.1.2 | B57: 92759 | C57: SINAPI | D57: ARMAÇÃO DE PILAR OU VIGA DE ESTRUTURA CONVENCIONAL DE CONCRETO ARMADO UTILIZANDO AÇO CA-60 DE 5,0 MM - MONTAGEM. AF_06/2022 | E57: KG | F57: 51 | G57: =TRUNC(L57-L57*$P$3,2) -> 11.93 | H57: =TRUNC(M57-M57*$P$3,2) -> 14.61 | I57: =ROUND(F57*H57,2) -> 745.11 | J57: 0.00029855195 | L57: 15.29 | M57: 18.72 | N57: 954.72
A58: 5.3.1.3 | B58: 92760 | C58: SINAPI | D58: ARMAÇÃO DE PILAR OU VIGA DE ESTRUTURA CONVENCIONAL DE CONCRETO ARMADO UTILIZANDO AÇO CA-50 DE 6,3 MM - MONTAGEM. AF_06/2022 | E58: KG | F58: 203 | G58: =TRUNC(L58-L58*$P$3,2) -> 11.54 | H58: =TRUNC(M58-M58*$P$3,2) -> 14.13 | I58: =ROUND(F58*H58,2) -> 2868.39 | J58: 0.0011496308 | L58: 14.79 | M58: 18.11 | N58: 3676.33
A59: 5.3.1.4 | B59: 92761 | C59: SINAPI | D59: ARMAÇÃO DE PILAR OU VIGA DE ESTRUTURA CONVENCIONAL DE CONCRETO ARMADO UTILIZANDO AÇO CA-50 DE 8,0 MM - MONTAGEM. AF_06/2022 | E59: KG | F59: 41 | G59: =TRUNC(L59-L59*$P$3,2) -> 11.05 | H59: =TRUNC(M59-M59*$P$3,2) -> 13.53 | I59: =ROUND(F59*H59,2) -> 554.73 | J59: 0.00022231913 | L59: 14.16 | M59: 17.34 | N59: 710.94
A60: 5.3.1.5 | B60: 92762 | C60: SINAPI | D60: ARMAÇÃO DE PILAR OU VIGA DE ESTRUTURA CONVENCIONAL DE CONCRETO ARMADO UTILIZANDO AÇO CA-50 DE 10,0 MM - MONTAGEM. AF_06/2022 | E60: KG | F60: 271 | G60: =TRUNC(L60-L60*$P$3,2) -> 9.96 | H60: =TRUNC(M60-M60*$P$3,2) -> 12.19 | I60: =ROUND(F60*H60,2) -> 3303.49 | J60: 0.0013245616 | L60: 12.77 | M60: 15.63 | N60: 4235.73
A61: 5.3.1.6 | B61: 92763 | C61: SINAPI | D61: ARMAÇÃO DE PILAR OU VIGA DE ESTRUTURA CONVENCIONAL DE CONCRETO ARMADO UTILIZANDO AÇO CA-50 DE 12,5 MM - MONTAGEM. AF_06/2022 | E61: KG | F61: 236 | G61: =TRUNC(L61-L61*$P$3,2) -> 8.44 | H61: =TRUNC(M61-M61*$P$3,2) -> 10.34 | I61: =ROUND(F61*H61,2) -> 2440.24 | J61: 0.00097784895 | L61: 10.82 | M61: 13.25 | N61: 3127
A62: 5.3.1.7 | B62: 94966 | C62: SINAPI | D62: CONCRETO FCK = 30MPA, TRAÇO 1:2,1:2,5 (EM MASSA SECA DE CIMENTO/ AREIA MÉDIA/ BRITA 1) - PREPARO MECÂNICO COM BETONEIRA 400 L. AF_05/2021 | E62: m³ | F62: 11.9 | G62: =TRUNC(L62-L62*$P$3,2) -> 378.19 | H62: =TRUNC(M62-M62*$P$3,2) -> 463.16 | I62: =ROUND(F62*H62,2) -> 5511.6 | J62: 0.0022082719 | L62: 484.55 | M62: 593.42 | N62: 7061.69
A63: 5.3.1.8 | B63: 103673 | C63: SINAPI | D63: LANÇAMENTO COM USO DE BOMBA, ADENSAMENTO E ACABAMENTO DE CONCRETO EM ESTRUTURAS. AF_02/2022 | E63: m³ | F63: 11.9 | G63: =TRUNC(L63-L63*$P$3,2) -> 30.04 | H63: =TRUNC(M63-M63*$P$3,2) -> 36.8 | I63: =ROUND(F63*H63,2) -> 437.92 | J63: 0.00017545619 | L63: 38.5 | M63: 47.15 | N63: 561.08
A64: 5.3.2 | D64: NÍVEL 1 E NÍVEL 2 | I64: =SUM(I65,I66,I67,I68,I69,I70,I71,I72,I73,I74,I75) -> 294438.14 | J64: 0.11798776 | M64: 377305.44 | N64: 377305.44
A65: 5.3.2.1 | B65: 92468 | C65: SINAPI | D65: MONTAGEM E DESMONTAGEM DE FÔRMA DE VIGA, ESCORAMENTO METÁLICO, PÉ-DIREITO SIMPLES, EM CHAPA DE MADEIRA PLASTIFICADA, 10 UTILIZAÇÕES. AF_09/2020 | E65: m² | F65: 1106.07 | G65: =TRUNC(L65-L65*$P$3,2) -> 125.9 | H65: =TRUNC(M65-M65*$P$3,2) -> 154.18 | I65: =ROUND(F65*H65,2) -> 170533.87 | J65: 0.068328758 | L65: 161.31 | M65: 197.55 | N65: 218504.12
A66: 5.3.2.2 | B66: 92759 | C66: SINAPI | D66: ARMAÇÃO DE PILAR OU VIGA DE ESTRUTURA CONVENCIONAL DE CONCRETO ARMADO UTILIZANDO AÇO CA-60 DE 5,0 MM - MONTAGEM. AF_06/2022 | E66: KG | F66: 400 | G66: =TRUNC(L66-L66*$P$3,2) -> 11.93 | H66: =TRUNC(M66-M66*$P$3,2) -> 14.61 | I66: =ROUND(F66*H66,2) -> 5844 | J66: 0.0023415839 | L66: 15.29 | M66: 18.72 | N66: 7488
A67: 5.3.2.3 | B67: 92760 | C67: SINAPI | D67: ARMAÇÃO DE PILAR OU VIGA DE ESTRUTURA CONVENCIONAL DE CONCRETO ARMADO UTILIZANDO AÇO CA-50 DE 6,3 MM - MONTAGEM. AF_06/2022 | E67: KG | F67: 866 | G67: =TRUNC(L67-L67*$P$3,2) -> 11.54 | H67: =TRUNC(M67-M67*$P$3,2) -> 14.13 | I67: =ROUND(F67*H67,2) -> 12236.58 | J67: 0.0049043362 | L67: 14.79 | M67: 18.11 | N67: 15683.26
A68: 5.3.2.4 | B68: 92761 | C68: SINAPI | D68: ARMAÇÃO DE PILAR OU VIGA DE ESTRUTURA CONVENCIONAL DE CONCRETO ARMADO UTILIZANDO AÇO CA-50 DE 8,0 MM - MONTAGEM. AF_06/2022 | E68: KG | F68: 1212 | G68: =TRUNC(L68-L68*$P$3,2) -> 11.05 | H68: =TRUNC(M68-M68*$P$3,2) -> 13.53 | I68: =ROUND(F68*H68,2) -> 16398.36 | J68: 0.0065719705 | L68: 14.16 | M68: 17.34 | N68: 21016.08
A69: 5.3.2.5 | B69: 92762 | C69: SINAPI | D69: ARMAÇÃO DE PILAR OU VIGA DE ESTRUTURA CONVENCIONAL DE CONCRETO ARMADO UTILIZANDO AÇO CA-50 DE 10,0 MM - MONTAGEM. AF_06/2022 | E69: KG | F69: 1616 | G69: =TRUNC(L69-L69*$P$3,2) -> 9.96 | H69: =TRUNC(M69-M69*$P$3,2) -> 12.19 | I69: =ROUND(F69*H69,2) -> 19699.04 | J69: 0.0078984928 | L69: 12.77 | M69: 15.63 | N69: 25258.08
A70: 5.3.2.6 | B70: 92763 | C70: SINAPI | D70: ARMAÇÃO DE PILAR OU VIGA DE ESTRUTURA CONVENCIONAL DE CONCRETO ARMADO UTILIZANDO AÇO CA-50 DE 12,5 MM - MONTAGEM. AF_06/2022 | E70: KG | F70: 1046 | G70: =TRUNC(L70-L70*$P$3,2) -> 8.44 | H70: =TRUNC(M70-M70*$P$3,2) -> 10.34 | I70: =ROUND(F70*H70,2) -> 10815.64 | J70: 0.0043340254 | L70: 10.82 | M70: 13.25 | N70: 13859.5
A71: 5.3.2.7 | B71: 92764 | C71: SINAPI | D71: ARMAÇÃO DE PILAR OU VIGA DE ESTRUTURA CONVENCIONAL DE CONCRETO ARMADO UTILIZANDO AÇO CA-50 DE 16,0 MM - MONTAGEM. AF_06/2022 | E71: KG | F71: 1189 | G71: =TRUNC(L71-L71*$P$3,2) -> 8.22 | H71: =TRUNC(M71-M71*$P$3,2) -> 10.06 | I71: =ROUND(F71*H71,2) -> 11961.34 | J71: 0.0047964007 | L71: 10.54 | M71: 12.9 | N71: 15338.1
A72: 5.3.2.8 | B72: 92765 | C72: SINAPI | D72: ARMAÇÃO DE PILAR OU VIGA DE ESTRUTURA CONVENCIONAL DE CONCRETO ARMADO UTILIZANDO AÇO CA-50 DE 20,0 MM - MONTAGEM. AF_06/2022 | E72: KG | F72: 1096 | G72: =TRUNC(L72-L72*$P$3,2) -> 9.42 | H72: =TRUNC(M72-M72*$P$3,2) -> 11.54 | I72: =ROUND(F72*H72,2) -> 12647.84 | J72: 0.0050690039 | L72: 12.08 | M72: 14.79 | N72: 16209.84
A73: 5.3.2.9 | B73: 92766 | C73: SINAPI | D73: ARMAÇÃO DE PILAR OU VIGA DE ESTRUTURA CONVENCIONAL DE CONCRETO ARMADO UTILIZANDO AÇO CA-50 DE 25,0 MM - MONTAGEM. AF_06/2022 | E73: KG | F73: 25 | G73: =TRUNC(L73-L73*$P$3,2) -> 9.34 | H73: =TRUNC(M73-M73*$P$3,2) -> 11.43 | I73: =ROUND(F73*H73,2) -> 285.75 | J73: 0.0001145306 | L73: 11.97 | M73: 14.65 | N73: 366.25
A74: 5.3.2.10 | B74: 94972 | C74: SINAPI | D74: CONCRETO FCK = 30MPA, TRAÇO 1:2,1:2,5 (EM MASSA SECA DE CIMENTO/ AREIA MÉDIA/ BRITA 1) - PREPARO MECÂNICO COM BETONEIRA 600 L. AF_05/2021 | E74: m³ | F74: 68.72 | G74: =TRUNC(L74-L74*$P$3,2) -> 374.13 | H74: =TRUNC(M74-M74*$P$3,2) -> 458.19 | I74: =ROUND(F74*H74,2) -> 31486.82 | J74: 0.01261543 | L74: 479.35 | M74: 587.05 | N74: 40342.07
A75: 5.3.2.11 | B75: 103673 | C75: SINAPI | D75: LANÇAMENTO COM USO DE BOMBA, ADENSAMENTO E ACABAMENTO DE CONCRETO EM ESTRUTURAS. AF_02/2022 | E75: m³ | F75: 68.72 | G75: =TRUNC(L75-L75*$P$3,2) -> 30.04 | H75: =TRUNC(M75-M75*$P$3,2) -> 36.8 | I75: =ROUND(F75*H75,2) -> 2528.9 | J75: 0.0010132291 | L75: 38.5 | M75: 47.15 | N75: 3240.14
A76: 5.4 | B76: * | D76: LAJES | I76: =SUM(I77,I78,I79,I80,I81,I82,I83,I84,I85,I86,I87,I88) -> 199925.42 | J76: 0.080115234 | M76: 256195.33 | N76: 256195.33
A77: 5.4.1 | B77: 92526 | C77: SINAPI | D77: MONTAGEM E DESMONTAGEM DE FÔRMA DE LAJE MACIÇA, PÉ-DIREITO SIMPLES, EM CHAPA DE MADEIRA COMPENSADA PLASTIFICADA, 10 UTILIZAÇÕES. AF_09/2020 | E77: m² | F77: 62.05 | G77: =TRUNC(L77-L77*$P$3,2) -> 41.51 | H77: =TRUNC(M77-M77*$P$3,2) -> 50.84 | I77: =ROUND(F77*H77,2) -> 3154.62 | J77: 0.0012639581 | L77: 53.19 | M77: 65.14 | N77: 4041.93
A78: 5.4.2 | B78: 92488 | C78: SINAPI | D78: MONTAGEM E DESMONTAGEM DE FÔRMA DE LAJE NERVURADA COM CUBETA E ASSOALHO, PÉ-DIREITO DUPLO, EM CHAPA DE MADEIRA COMPENSADA RESINADA, 8 UTILIZAÇÕES. AF_09/2020 | E78: m² | F78: 580.66 | G78: =TRUNC(L78-L78*$P$3,2) -> 115.13 | H78: =TRUNC(M78-M78*$P$3,2) -> 140.99 | I78: =ROUND(F78*H78,2) -> 81867.25 | J78: 0.032802257 | L78: 147.51 | M78: 180.65 | N78: 104896.22
A79: 5.4.3 | B79: 101792 | C79: SINAPI | D79: ESCORAMENTO DE FÔRMAS DE LAJE EM MADEIRA NÃO APARELHADA, PÉ-DIREITO SIMPLES, INCLUSO TRAVAMENTO, 4 UTILIZAÇÕES. AF_09/2020 | E79: m³ | F79: 123.063 | G79: =TRUNC(L79-L79*$P$3,2) -> 13.75 | H79: =TRUNC(M79-M79*$P$3,2) -> 16.83 | I79: =ROUND(F79*H79,2) -> 2071.15 | J79: 0.00083008025 | L79: 17.62 | M79: 21.57 | N79: 2654.46
A80: 5.4.4 | B80: 92768 | C80: SINAPI | D80: ARMAÇÃO DE LAJE DE ESTRUTURA CONVENCIONAL DE CONCRETO ARMADO UTILIZANDO AÇO CA-60 DE 5,0 MM - MONTAGEM. AF_06/2022 | E80: KG | F80: 411 | G80: =TRUNC(L80-L80*$P$3,2) -> 11.56 | H80: =TRUNC(M80-M80*$P$3,2) -> 14.16 | I80: =ROUND(F80*H80,2) -> 5819.76 | J80: 0.0023327186 | L80: 14.82 | M80: 18.15 | N80: 7459.65
A81: 5.4.5 | B81: 92769 | C81: SINAPI | D81: ARMAÇÃO DE LAJE DE ESTRUTURA CONVENCIONAL DE CONCRETO ARMADO UTILIZANDO AÇO CA-50 DE 6,3 MM - MONTAGEM. AF_06/2022 | E81: KG | F81: 2343 | G81: =TRUNC(L81-L81*$P$3,2) -> 11.18 | H81: =TRUNC(M81-M81*$P$3,2) -> 13.68 | I81: =ROUND(F81*H81,2) -> 32052.24 | J81: 0.012851262 | L81: 14.33 | M81: 17.54 | N81: 41096.22
A82: 5.4.6 | B82: 92770 | C82: SINAPI | D82: ARMAÇÃO DE LAJE DE ESTRUTURA CONVENCIONAL DE CONCRETO ARMADO UTILIZANDO AÇO CA-50 DE 8,0 MM - MONTAGEM. AF_06/2022 | E82: KG | F82: 469 | G82: =TRUNC(L82-L82*$P$3,2) -> 10.7 | H82: =TRUNC(M82-M82*$P$3,2) -> 13.11 | I82: =ROUND(F82*H82,2) -> 6148.59 | J82: 0.0024639167 | L82: 13.72 | M82: 16.8 | N82: 7879.2
A83: 5.4.7 | B83: 92771 | C83: SINAPI | D83: ARMAÇÃO DE LAJE DE ESTRUTURA CONVENCIONAL DE CONCRETO ARMADO UTILIZANDO AÇO CA-50 DE 10,0 MM - MONTAGEM. AF_06/2022 | E83: KG | F83: 776 | G83: =TRUNC(L83-L83*$P$3,2) -> 9.63 | H83: =TRUNC(M83-M83*$P$3,2) -> 11.8 | I83: =ROUND(F83*H83,2) -> 9156.8 | J83: 0.0036690819 | L83: 12.35 | M83: 15.12 | N83: 11733.12
A84: 5.4.8 | B84: 92772 | C84: SINAPI | D84: ARMAÇÃO DE LAJE DE ESTRUTURA CONVENCIONAL DE CONCRETO ARMADO UTILIZANDO AÇO CA-50 DE 12,5 MM - MONTAGEM. AF_06/2022 | E84: KG | F84: 473 | G84: =TRUNC(L84-L84*$P$3,2) -> 8.15 | H84: =TRUNC(M84-M84*$P$3,2) -> 9.98 | I84: =ROUND(F84*H84,2) -> 4720.54 | J84: 0.0018918016 | L84: 10.45 | M84: 12.79 | N84: 6049.67
A85: 5.4.9 | B85: 92773 | C85: SINAPI | D85: ARMAÇÃO DE LAJE DE ESTRUTURA CONVENCIONAL DE CONCRETO ARMADO UTILIZANDO AÇO CA-50 DE 16,0 MM - MONTAGEM. AF_06/2022 | E85: KG | F85: 233 | G85: =TRUNC(L85-L85*$P$3,2) -> 8.03 | H85: =TRUNC(M85-M85*$P$3,2) -> 9.84 | I85: =ROUND(F85*H85,2) -> 2292.72 | J85: 0.00091878713 | L85: 10.3 | M85: 12.61 | N85: 2938.13
A86: 5.4.10 | B86: 92774 | C86: SINAPI | D86: ARMAÇÃO DE LAJE DE ESTRUTURA CONVENCIONAL DE CONCRETO ARMADO UTILIZANDO AÇO CA-50 DE 20,0 MM - MONTAGEM. AF_06/2022 | E86: KG | F86: 36 | G86: =TRUNC(L86-L86*$P$3,2) -> 9.31 | H86: =TRUNC(M86-M86*$P$3,2) -> 11.4 | I86: =ROUND(F86*H86,2) -> 410.4 | J86: 0.00016447376 | L86: 11.93 | M86: 14.61 | N86: 525.96
A87: 5.4.11 | B87: 94972 | C87: SINAPI | D87: CONCRETO FCK = 30MPA, TRAÇO 1:2,1:2,5 (EM MASSA SECA DE CIMENTO/ AREIA MÉDIA/ BRITA 1) - PREPARO MECÂNICO COM BETONEIRA 600 L. AF_05/2021 | E87: m³ | F87: 105.52 | G87: =TRUNC(L87-L87*$P$3,2) -> 374.13 | H87: =TRUNC(M87-M87*$P$3,2) -> 458.19 | I87: =ROUND(F87*H87,2) -> 48348.21 | J87: 0.019371075 | L87: 479.35 | M87: 587.05 | N87: 61945.51
A88: 5.4.12 | B88: 103673 | C88: SINAPI | D88: LANÇAMENTO COM USO DE BOMBA, ADENSAMENTO E ACABAMENTO DE CONCRETO EM ESTRUTURAS. AF_02/2022 | E88: m³ | F88: 105.52 | G88: =TRUNC(L88-L88*$P$3,2) -> 30.04 | H88: =TRUNC(M88-M88*$P$3,2) -> 36.8 | I88: =ROUND(F88*H88,2) -> 3883.14 | J88: 0.0015558212 | L88: 38.5 | M88: 47.15 | N88: 4975.26
A89: 5.5 | B89: * | D89: ESCADAS | I89: =SUM(I90,I91,I92,I93,I94,I95,I96,I97,I98,I99) -> 37793.64 | J89: 0.015144513 | M89: 48429.66 | N89: 48429.66
A90: 5.5.1 | B90: 102017 | C90: SINAPI | D90: MONTAGEM E DESMONTAGEM DE FÔRMA PARA ESCADAS, COM 2 LANCES EM "L" E LAJE CASCATA, EM CHAPA DE MADEIRA COMPENSADA RESINADA, 4 UTILIZAÇÕES. AF_11/2020 | E90: m² | F90: 22.57 | G90: =TRUNC(L90-L90*$P$3,2) -> 249.83 | H90: =TRUNC(M90-M90*$P$3,2) -> 305.97 | I90: =ROUND(F90*H90,2) -> 6905.74 | J90: 0.0027668372 | L90: 320.1 | M90: 392.02 | N90: 8847.89
A91: 5.5.2 | B91: 102003 | C91: SINAPI | D91: MONTAGEM E DESMONTAGEM DE FÔRMA PARA ESCADAS, COM 2 LANCES EM "U" E LAJE CASCATA, EM CHAPA DE MADEIRA COMPENSADA RESINADA, 4 UTILIZAÇÕES. AF_11/2020 | E91: m² | F91: 20.52 | G91: =TRUNC(L91-L91*$P$3,2) -> 256.83 | H91: =TRUNC(M91-M91*$P$3,2) -> 314.54 | I91: =ROUND(F91*H91,2) -> 6454.36 | J91: 0.0025860493 | L91: 329.07 | M91: 403.01 | N91: 8269.76
A92: 5.5.3 | B92: 95943 | C92: SINAPI | D92: ARMAÇÃO DE ESCADA, DE UMA ESTRUTURA CONVENCIONAL DE CONCRETO ARMADO UTILIZANDO AÇO CA-60 DE 5,0 MM - MONTAGEM. AF_11/2020 | E92: KG | F92: 3 | G92: =TRUNC(L92-L92*$P$3,2) -> 17.55 | H92: =TRUNC(M92-M92*$P$3,2) -> 21.49 | I92: =ROUND(F92*H92,2) -> 64.47 | J92: 2.5836227e-05 | L92: 22.49 | M92: 27.54 | N92: 82.62
A93: 5.5.4 | B93: 95944 | C93: SINAPI | D93: ARMAÇÃO DE ESCADA, DE UMA ESTRUTURA CONVENCIONAL DE CONCRETO ARMADO UTILIZANDO AÇO CA-50 DE 6,3 MM - MONTAGEM. AF_11/2020 | E93: KG | F93: 29 | G93: =TRUNC(L93-L93*$P$3,2) -> 16.27 | H93: =TRUNC(M93-M93*$P$3,2) -> 19.92 | I93: =ROUND(F93*H93,2) -> 577.68 | J93: 0.00023152224 | L93: 20.85 | M93: 25.53 | N93: 740.37
A94: 5.5.5 | B94: 95945 | C94: SINAPI | D94: ARMAÇÃO DE ESCADA, DE UMA ESTRUTURA CONVENCIONAL DE CONCRETO ARMADO UTILIZANDO AÇO CA-50 DE 8,0 MM - MONTAGEM. AF_11/2020 | E94: KG | F94: 10 | G94: =TRUNC(L94-L94*$P$3,2) -> 13.62 | H94: =TRUNC(M94-M94*$P$3,2) -> 16.68 | I94: =ROUND(F94*H94,2) -> 166.8 | J94: 6.6857725e-05 | L94: 17.46 | M94: 21.38 | N94: 213.8
A95: 5.5.6 | B95: 95946 | C95: SINAPI | D95: ARMAÇÃO DE ESCADA, DE UMA ESTRUTURA CONVENCIONAL DE CONCRETO ARMADO UTILIZANDO AÇO CA-50 DE 10,0 MM - MONTAGEM. AF_11/2020 | E95: KG | F95: 342 | G95: =TRUNC(L95-L95*$P$3,2) -> 11.14 | H95: =TRUNC(M95-M95*$P$3,2) -> 13.64 | I95: =ROUND(F95*H95,2) -> 4664.88 | J95: 0.0018694396 | L95: 14.28 | M95: 17.48 | N95: 5978.16
A96: 5.5.7 | B96: 95947 | C96: SINAPI | D96: ARMAÇÃO DE ESCADA, DE UMA ESTRUTURA CONVENCIONAL DE CONCRETO ARMADO UTILIZANDO AÇO CA-50 DE 12,5 MM - MONTAGEM. AF_11/2020 | E96: KG | F96: 110 | G96: =TRUNC(L96-L96*$P$3,2) -> 8.78 | H96: =TRUNC(M96-M96*$P$3,2) -> 10.76 | I96: =ROUND(F96*H96,2) -> 1183.6 | J96: 0.00047435212 | L96: 11.26 | M96: 13.79 | N96: 1516.9
A97: 5.5.8 | B97: 95948 | C97: SINAPI | D97: ARMAÇÃO DE ESCADA, DE UMA ESTRUTURA CONVENCIONAL DE CONCRETO ARMADO UTILIZANDO AÇO CA-50 DE 16,0 MM - MONTAGEM. AF_11/2020 | E97: KG | F97: 1335 | G97: =TRUNC(L97-L97*$P$3,2) -> 7.95 | H97: =TRUNC(M97-M97*$P$3,2) -> 9.73 | I97: =ROUND(F97*H97,2) -> 12989.55 | J97: 0.0052058496 | L97: 10.19 | M97: 12.47 | N97: 16647.45
A98: 5.5.9 | B98: 94972 | C98: SINAPI | D98: CONCRETO FCK = 30MPA, TRAÇO 1:2,1:2,5 (EM MASSA SECA DE CIMENTO/ AREIA MÉDIA/ BRITA 1) - PREPARO MECÂNICO COM BETONEIRA 600 L. AF_05/2021 | E98: m³ | F98: 9.67 | G98: =TRUNC(L98-L98*$P$3,2) -> 374.13 | H98: =TRUNC(M98-M98*$P$3,2) -> 458.19 | I98: =ROUND(F98*H98,2) -> 4430.7 | J98: 0.0017751914 | L98: 479.35 | M98: 587.05 | N98: 5676.77
A99: 5.5.10 | B99: 103673 | C99: SINAPI | D99: LANÇAMENTO COM USO DE BOMBA, ADENSAMENTO E ACABAMENTO DE CONCRETO EM ESTRUTURAS. AF_02/2022 | E99: m³ | F99: 9.67 | G99: =TRUNC(L99-L99*$P$3,2) -> 30.04 | H99: =TRUNC(M99-M99*$P$3,2) -> 36.8 | I99: =ROUND(F99*H99,2) -> 355.86 | J99: 0.00014257769 | L99: 38.5 | M99: 47.15 | N99: 455.94
A100: 5.6 | B100: * | D100: ESTRUTURA METÁLICA | I100: =SUM(I101,I102,I103,I104,I105,I106,I107) -> 15594.41 | J100: 0.0062516695 | M100: 19991.81 | N100: 19991.81
...

Sheet ORÇ MPAL 
D1: Obra | E1: Bancos | G1: B.D.I. | I1: Encargos Sociais
D2: Construção da nova Promotoria de Justiça de Santana do Ipanema - Não desonerado | E2: SINAPI - 09/2024 - Alagoas ORSE - 06/2024 - Sergipe | G2: 22,47% | I2: Não Desonerado: Horista: 115,22% Mensalista: 70,31%
A3: Orçamento Sintético
A4: Item | B4: Código | C4: Banco | D4: Descrição | E4: Und | F4: Quant. | G4: Valor Unit | H4: Valor Unit com BDI | I4: Total | J4: Peso (%) | K4: Item
A5: 1 | D5: ADMINISTRAÇÃO DE OBRA | F5: 1 | H5: 221467.32 | I5: 221467.32 | J5: 0.069255384 | K5: 1
A6: 1.1 | B6: COMP - 12 | C6: Próprio | D6: ADMINISTRAÇÃO LOCAL | E6: un | F6: 12 | G6: 15069.5 | H6: 18455.61 | I6: 221467.32 | J6: 0.069255384 | K6: 1.1
A7: 2 | D7: MOBILIZAÇÃO | F7: 1 | H7: 6123.6 | I7: 6123.6 | J7: 0.0019149203 | K7: 2
A8: 2.1 | B8: 92144 | C8: SINAPI | D8: CAMINHONETE CABINE SIMPLES COM MOTOR 1.6 FLEX, CÂMBIO MANUAL, POTÊNCIA 101/104 CV, 2 PORTAS - MATERIAIS NA OPERAÇÃO. AF_11/2015 | E8: H | F8: 120 | G8: 41.67 | H8: 51.03 | I8: 6123.6 | J8: 0.0019149203 | K8: 2.1
A9: 3 | D9: SERVIÇOS PRELIMINARES | F9: 1 | H9: 97849.62 | I9: 97849.62 | J9: 0.030598704 | K9: 3
A10: 3.1 | B10: MP 003 | C10: Próprio | D10: ART DE EXECUÇÃO - CREA AL | E10: und | F10: 3 | G10: 262.55 | H10: 321.54 | I10: 964.62 | J10: 0.0003016478 | K10: 3.1
A11: 3.2 | B11: 97625 | C11: SINAPI | D11: DEMOLIÇÃO DE ALVENARIA PARA QUALQUER TIPO DE BLOCO, DE FORMA MECANIZADA, SEM REAPROVEITAMENTO. AF_09/2023 | E11: m³ | F11: 28.42875 | G11: 50.16 | H11: 61.43 | I11: 1746.37 | J11: 0.00054611003 | K11: 3.2
A12: 3.3 | B12: 97627 | C12: SINAPI | D12: DEMOLIÇÃO DE PILARES E VIGAS EM CONCRETO ARMADO, DE FORMA MECANIZADA COM MARTELETE, SEM REAPROVEITAMENTO. AF_09/2023 | E12: m³ | F12: 2.36475 | G12: 152.84 | H12: 187.18 | I12: 442.63 | J12: 0.0001384155 | K12: 3.3
A13: 3.4 | B13: 104790 | C13: SINAPI | D13: DEMOLIÇÃO DE PISO DE CONCRETO SIMPLES, DE FORMA MECANIZADA COM MARTELETE, SEM REAPROVEITAMENTO. AF_09/2023 | E13: m³ | F13: 3.6 | G13: 99.68 | H13: 122.07 | I13: 439.45 | J13: 0.00013742108 | K13: 3.4
A14: 3.5 | B14: 9937 | C14: ORSE | D14: Limpeza mecanizada do terreno c/ retroescavadeira (vegetação rasteira) inclusive carga e transporte - dmt até 1km | E14: m² | F14: 1313.26 | G14: 1.89 | H14: 2.31 | I14: 3033.63 | J14: 0.00094865108 | K14: 3.5
A15: 3.6 | B15: 103689 | C15: SINAPI | D15: FORNECIMENTO E INSTALAÇÃO DE PLACA DE OBRA COM CHAPA GALVANIZADA E ESTRUTURA DE MADEIRA. AF_03/2022_PS | E15: m² | F15: 4.5 | G15: 463.06 | H15: 567.1 | I15: 2551.95 | J15: 0.00079802419 | K15: 3.6
A16: 3.7 | B16: 98459 | C16: SINAPI | D16: TAPUME COM TELHA METÁLICA. AF_03/2024 | E16: m² | F16: 32.18 | G16: 90.68 | H16: 111.05 | I16: 3573.58 | J16: 0.0011174997 | K16: 3.7
A17: 3.8 | B17: 9416 | C17: ORSE | D17: Instalação provisória de energia elétrica, aerea, trifasica, em poste galvanizado, exclusive fornecimento do medidor | E17: un | F17: 1 | G17: 1644.38 | H17: 2013.87 | I17: 2013.87 | J17: 0.00062976037 | K17: 3.8
A18: 3.9 | B18: 6096 | C18: ORSE | D18: Ligação Predial de Água em Mureta de Concreto, Provisória ou Definitiva, com Fornecimento de Material, inclusive Mureta e Hidrômetro, Rede DN 50mm - Rev 03_10/2022 | E18: UN | F18: 1 | G18: 543.18 | H18: 665.23 | I18: 665.23 | J18: 0.00020802509 | K18: 3.9
A19: 3.10 | B19: 56 | C19: ORSE | D19: Barracão para escritório de obra porte pequeno s=25,41m2 com materiais novos | E19: un | F19: 1 | G19: 15115.44 | H19: 18511.87 | I19: 18511.87 | J19: 0.0057888752 | K19: 3.10
A20: 3.11 | B20: 62 | C20: ORSE | D20: Barracão fechado porte pequeno para depósito de cimento e almoxarifado (s=38,72 m2) com materiais novos | E20: un | F20: 1 | G20: 12068.87 | H20: 14780.74 | I20: 14780.74 | J20: 0.0046221078 | K20: 3.11
A21: 3.12 | B21: 61 | C21: ORSE | D21: Barracão aberto para refeitório de obra (capacidade 24 refeições simultâneas)-s=61,60m2 com materiais novos | E21: un | F21: 1 | G21: 17367.81 | H21: 21270.35 | I21: 21270.35 | J21: 0.0066514837 | K21: 3.12
A22: 3.13 | B22: 10184 | C22: ORSE | D22: Barracão para banheiro e vestiário de obra, s=35,10m², capacidade 20 operários com materiais novos | E22: un | F22: 1 | G22: 17996.52 | H22: 22040.33 | I22: 22040.33 | J22: 0.0068922653 | K22: 3.13
A23: 3.14 | B23: 11703 | C23: ORSE | D23: Barracão aberto para apoio à produção (carpintaria, central de armação, oficina, etc.) c/ tesouras, telha 4mm, piso em concreto desempolado | E23: m² | F23: 25 | G23: 189.93 | H23: 232.6 | I23: 5815 | J23: 0.0018184175 | K23: 3.14
A24: 4 | D24: TERRAPLANAGEM | F24: 1 | H24: 75403.11 | I24: 75403.11 | J24: 0.023579422 | K24: 4
A25: 4.1 | B25: 2548 | C25: ORSE | D25: Locação de serviços de terraplenagem de obras civis | E25: m² | F25: 1313.26 | G25: 1.33 | H25: 1.62 | I25: 2127.48 | J25: 0.00066528753 | K25: 4.1
A26: 4.2 | B26: 101124 | C26: SINAPI | D26: ESCAVAÇÃO HORIZONTAL, INCLUINDO CARGA E DESCARGA EM SOLO DE 1A CATEGORIA COM TRATOR DE ESTEIRAS (100HP/LÂMINA: 2,19M3). AF_07/2020 | E26: m³ | F26: 26.11 | G26: 14.32 | H26: 17.53 | I26: 457.7 | J26: 0.00014312807 | K26: 4.2
A27: 4.3 | B27: 102354 | C27: SINAPI | D27: DESMONTE DE MATERIAL DE 3ª CATEGORIA (BLOCOS DE ROCHAS OU MATACOS), COM MARTELETE PNEUMÁTICO MANUAL - EXCLUSIVE CARGA E TRANSPORTE. AF_03/2021 | E27: m³ | F27: 61.128 | G27: 143.32 | H27: 175.52 | I27: 10729.18 | J27: 0.0033551383 | K27: 4.3
A28: 4.4 | B28: 4522 | C28: ORSE | D28: Desmonte de rocha dura incluindo perfuração e argamassa expansiva | E28: m³ | F28: 91.692 | G28: 338.84 | H28: 414.97 | I28: 38049.42 | J28: 0.011898492 | K28: 4.4
A29: 4.5 | B29: 102361 | C29: SINAPI | D29: RETIRADA DE MATERIAL DE 3ª CATEGORIA (APÓS ESCAVAÇÃO/DESMONTE) EM VALAS, COM RETROESCAVADEIRA - EXCLUSIVE CARGA E TRANSPORTE. AF_03/2021 | E29: m³ | F29: 152.82 | G29: 32.01 | H29: 39.2 | I29: 5990.54 | J29: 0.0018733109 | K29: 4.5
A30: 4.6 | B30: 95875 | C30: SINAPI | D30: TRANSPORTE COM CAMINHÃO BASCULANTE DE 10 M³, EM VIA URBANA PAVIMENTADA, DMT ATÉ 30 KM (UNIDADE: M3XKM). AF_07/2020 | E30: M3XKM | F30: 1902.77 | G30: 2.41 | H30: 2.95 | I30: 5613.17 | J30: 0.001755303 | K30: 4.6
A31: 4.7 | B31: 368 | C31: SINAPI | D31: AREIA PARA ATERRO - POSTO JAZIDA/FORNECEDOR (RETIRADO NA JAZIDA, SEM TRANSPORTE) | E31: M³ | F31: 113.47 | G31: 47.5 | H31: 58.17 | I31: 6600.54 | J31: 0.002064065 | K31: 4.7
A32: 4.8 | B32: 71 | C32: ORSE | D32: Aterro manual de áreas, sem aquisição de material, com espalhamento e compactação | E32: m³ | F32: 90.776 | G32: 52.49 | H32: 64.28 | I32: 5835.08 | J32: 0.0018246968 | K32: 4.8
A33: 5 | D33: ESTRUTURA | F33: 1 | H33: 1064465.1 | I33: 1064465.1 | J33: 0.33287053 | K33: 5
A34: 5.1 | D34: LOCAÇÃO DA OBRA, FUNDAÇÕES E VIGAS BALDRAMES | F34: 1 | H34: 61608.21 | I34: 61608.21 | J34: 0.019265598 | K34: 5.1
A35: 5.1.1 | B35: 105009 | C35: SINAPI | D35: LOCAÇÃO CONVENCIONAL DE OBRA, UTILIZANDO GABARITO DE TÁBUAS CORRIDAS PONTALETADAS A CADA 1,50M - 2 UTILIZAÇÕES. AF_03/2024 | E35: M | F35: 101.12 | G35: 69.89 | H35: 85.59 | I35: 8654.86 | J35: 0.0027064745 | K35: 5.1.1
A36: 5.1.2 | B36: 96523 | C36: SINAPI | D36: ESCAVAÇÃO MANUAL PARA BLOCO DE COROAMENTO OU SAPATA (INCLUINDO ESCAVAÇÃO PARA COLOCAÇÃO DE FÔRMAS). AF_01/2024 | E36: m³ | F36: 99.2 | G36: 87.38 | H36: 107.01 | I36: 10615.39 | J36: 0.0033195548 | K36: 5.1.2
A37: 5.1.3 | B37: 96619 | C37: SINAPI | D37: LASTRO DE CONCRETO MAGRO, APLICADO EM BLOCOS DE COROAMENTO OU SAPATAS, ESPESSURA DE 5 CM. AF_01/2024 | E37: m² | F37: 59.11 | G37: 35.71 | H37: 43.73 | I37: 2584.88 | J37: 0.00080832178 | K37: 5.1.3
A38: 5.1.4 | D38: FORMA, AÇO E CONCRETO | F38: 1 | H38: 39753.08 | I38: 39753.08 | J38: 0.012431246 | K38: 5.1.4
A39: 5.1.4.1 | B39: 96541 | C39: SINAPI | D39: FABRICAÇÃO, MONTAGEM E DESMONTAGEM DE FÔRMA PARA SAPATA, EM CHAPA DE MADEIRA COMPENSADA RESINADA, E=17 MM, 4 UTILIZAÇÕES. AF_01/2024 | E39: m² | F39: 32.63 | G39: 178.17 | H39: 218.2 | I39: 7119.86 | J39: 0.0022264623 | K39: 5.1.4.1
A40: 5.1.4.2 | B40: 96545 | C40: SINAPI | D40: ARMAÇÃO DE BLOCO UTILIZANDO AÇO CA-50 DE 8 MM - MONTAGEM. AF_01/2024 | E40: KG | F40: 29 | G40: 17.46 | H40: 21.38 | I40: 620.02 | J40: 0.0001938874 | K40: 5.1.4.2
A41: 5.1.4.3 | B41: 96546 | C41: SINAPI | D41: ARMAÇÃO DE BLOCO UTILIZANDO AÇO CA-50 DE 10 MM - MONTAGEM. AF_01/2024 | E41: KG | F41: 385 | G41: 15.45 | H41: 18.92 | I41: 7284.2 | J41: 0.0022778533 | K41: 5.1.4.3
A42: 5.1.4.4 | B42: 104920 | C42: SINAPI | D42: ARMAÇÃO DE BLOCO, SAPATA ISOLADA, VIGA BALDRAME E SAPATA CORRIDA UTILIZANDO AÇO CA-50 DE 12,5 MM - MONTAGEM. AF_01/2024 | E42: KG | F42: 426 | G42: 12.19 | H42: 14.92 | I42: 6355.92 | J42: 0.0019875695 | K42: 5.1.4.4
A43: 5.1.4.5 | B43: 96558 | C43: SINAPI | D43: CONCRETAGEM DE SAPATA, FCK 30 MPA, COM USO DE BOMBA - LANÇAMENTO, ADENSAMENTO E ACABAMENTO. AF_01/2024 | E43: m³ | F43: 20.23 | G43: 741.58 | H43: 908.21 | I43: 18373.08 | J43: 0.005745474 | K43: 5.1.4.5
A44: 5.2 | D44: PILARES | F44: 1 | H44: 64534.29 | I44: 64534.29 | J44: 0.020180617 | K44: 5.2
A45: 5.2.1 | B45: 96258 | C45: SINAPI | D45: MONTAGEM E DESMONTAGEM DE FÔRMA DE PILARES CIRCULARES, PÉ-DIREITO SIMPLES, EM MADEIRA, 2 UTILIZAÇÕES. AF_05/2024 | E45: m² | F45: 76.44 | G45: 163.47 | H45: 200.2 | I45: 15303.28 | J45: 0.0047855121 | K45: 5.2.1
A46: 5.2.2 | B46: 92443 | C46: SINAPI | D46: MONTAGEM E DESMONTAGEM DE FÔRMA DE PILARES RETANGULARES E ESTRUTURAS SIMILARES, PÉ-DIREITO SIMPLES, EM CHAPA DE MADEIRA COMPENSADA PLASTIFICADA, 18 UTILIZAÇÕES. AF_09/2020 | E46: m² | F46: 144.16 | G46: 69.62 | H46: 85.26 | I46: 12291.08 | J46: 0.0038435624 | K46: 5.2.2
A47: 5.2.3 | B47: 92759 | C47: SINAPI | D47: ARMAÇÃO DE PILAR OU VIGA DE ESTRUTURA CONVENCIONAL DE CONCRETO ARMADO UTILIZANDO AÇO CA-60 DE 5,0 MM - MONTAGEM. AF_06/2022 | E47: KG | F47: 184 | G47: 15.29 | H47: 18.72 | I47: 3444.48 | J47: 0.0010771286 | K47: 5.2.3
A48: 5.2.4 | B48: 92760 | C48: SINAPI | D48: ARMAÇÃO DE PILAR OU VIGA DE ESTRUTURA CONVENCIONAL DE CONCRETO ARMADO UTILIZANDO AÇO CA-50 DE 6,3 MM - MONTAGEM. AF_06/2022 | E48: KG | F48: 186 | G48: 14.79 | H48: 18.11 | I48: 3368.46 | J48: 0.0010533563 | K48: 5.2.4
A49: 5.2.5 | B49: 92762 | C49: SINAPI | D49: ARMAÇÃO DE PILAR OU VIGA DE ESTRUTURA CONVENCIONAL DE CONCRETO ARMADO UTILIZANDO AÇO CA-50 DE 10,0 MM - MONTAGEM. AF_06/2022 | E49: KG | F49: 72 | G49: 12.77 | H49: 15.63 | I49: 1125.36 | J49: 0.00035191305 | K49: 5.2.5
A50: 5.2.6 | B50: 92763 | C50: SINAPI | D50: ARMAÇÃO DE PILAR OU VIGA DE ESTRUTURA CONVENCIONAL DE CONCRETO ARMADO UTILIZANDO AÇO CA-50 DE 12,5 MM - MONTAGEM. AF_06/2022 | E50: KG | F50: 1083 | G50: 10.82 | H50: 13.25 | I50: 14349.75 | J50: 0.0044873323 | K50: 5.2.6
A51: 5.2.7 | B51: 92764 | C51: SINAPI | D51: ARMAÇÃO DE PILAR OU VIGA DE ESTRUTURA CONVENCIONAL DE CONCRETO ARMADO UTILIZANDO AÇO CA-50 DE 16,0 MM - MONTAGEM. AF_06/2022 | E51: KG | F51: 361 | G51: 10.54 | H51: 12.9 | I51: 4656.9 | J51: 0.0014562663 | K51: 5.2.7
A52: 5.2.8 | B52: 94972 | C52: SINAPI | D52: CONCRETO FCK = 30MPA, TRAÇO 1:2,1:2,5 (EM MASSA SECA DE CIMENTO/ AREIA MÉDIA/ BRITA 1) - PREPARO MECÂNICO COM BETONEIRA 600 L. AF_05/2021 | E52: m³ | F52: 15.76 | G52: 479.35 | H52: 587.05 | I52: 9251.9 | J52: 0.0028931758 | K52: 5.2.8
A53: 5.2.9 | B53: 103673 | C53: SINAPI | D53: LANÇAMENTO COM USO DE BOMBA, ADENSAMENTO E ACABAMENTO DE CONCRETO EM ESTRUTURAS. AF_02/2022 | E53: m³ | F53: 15.76 | G53: 38.5 | H53: 47.15 | I53: 743.08 | J53: 0.00023236968 | K53: 5.2.9
A54: 5.3 | D54: VIGAS | F54: 1 | H54: 409185.09 | I54: 409185.09 | J54: 0.1279569 | K54: 5.3
A55: 5.3.1 | D55: BALDRAMES | F55: 1 | H55: 31879.65 | I55: 31879.65 | J55: 0.0099691341 | K55: 5.3.1
A56: 5.3.1.1 | B56: 96542 | C56: SINAPI | D56: FABRICAÇÃO, MONTAGEM E DESMONTAGEM DE FÔRMA PARA VIGA BALDRAME, EM CHAPA DE MADEIRA COMPENSADA RESINADA, E=17 MM, 4 UTILIZAÇÕES. AF_01/2024 | E56: m² | F56: 95.37 | G56: 98.91 | H56: 121.13 | I56: 11552.16 | J56: 0.0036124936 | K56: 5.3.1.1
A57: 5.3.1.2 | B57: 92759 | C57: SINAPI | D57: ARMAÇÃO DE PILAR OU VIGA DE ESTRUTURA CONVENCIONAL DE CONCRETO ARMADO UTILIZANDO AÇO CA-60 DE 5,0 MM - MONTAGEM. AF_06/2022 | E57: KG | F57: 51 | G57: 15.29 | H57: 18.72 | I57: 954.72 | J57: 0.00029855195 | K57: 5.3.1.2
A58: 5.3.1.3 | B58: 92760 | C58: SINAPI | D58: ARMAÇÃO DE PILAR OU VIGA DE ESTRUTURA CONVENCIONAL DE CONCRETO ARMADO UTILIZANDO AÇO CA-50 DE 6,3 MM - MONTAGEM. AF_06/2022 | E58: KG | F58: 203 | G58: 14.79 | H58: 18.11 | I58: 3676.33 | J58: 0.0011496308 | K58: 5.3.1.3
A59: 5.3.1.4 | B59: 92761 | C59: SINAPI | D59: ARMAÇÃO DE PILAR OU VIGA DE ESTRUTURA CONVENCIONAL DE CONCRETO ARMADO UTILIZANDO AÇO CA-50 DE 8,0 MM - MONTAGEM. AF_06/2022 | E59: KG | F59: 41 | G59: 14.16 | H59: 17.34 | I59: 710.94 | J59: 0.00022231913 | K59: 5.3.1.4
A60: 5.3.1.5 | B60: 92762 | C60: SINAPI | D60: ARMAÇÃO DE PILAR OU VIGA DE ESTRUTURA CONVENCIONAL DE CONCRETO ARMADO UTILIZANDO AÇO CA-50 DE 10,0 MM - MONTAGEM. AF_06/2022 | E60: KG | F60: 271 | G60: 12.77 | H60: 15.63 | I60: 4235.73 | J60: 0.0013245616 | K60: 5.3.1.5
A61: 5.3.1.6 | B61: 92763 | C61: SINAPI | D61: ARMAÇÃO DE PILAR OU VIGA DE ESTRUTURA CONVENCIONAL DE CONCRETO ARMADO UTILIZANDO AÇO CA-50 DE 12,5 MM - MONTAGEM. AF_06/2022 | E61: KG | F61: 236 | G61: 10.82 | H61: 13.25 | I61: 3127 | J61: 0.00097784895 | K61: 5.3.1.6
A62: 5.3.1.7 | B62: 94966 | C62: SINAPI | D62: CONCRETO FCK = 30MPA, TRAÇO 1:2,1:2,5 (EM MASSA SECA DE CIMENTO/ AREIA MÉDIA/ BRITA 1) - PREPARO MECÂNICO COM BETONEIRA 400 L. AF_05/2021 | E62: m³ | F62: 11.9 | G62: 484.55 | H62: 593.42 | I62: 7061.69 | J62: 0.0022082719 | K62: 5.3.1.7
A63: 5.3.1.8 | B63: 103673 | C63: SINAPI | D63: LANÇAMENTO COM USO DE BOMBA, ADENSAMENTO E ACABAMENTO DE CONCRETO EM ESTRUTURAS. AF_02/2022 | E63: m³ | F63: 11.9 | G63: 38.5 | H63: 47.15 | I63: 561.08 | J63: 0.00017545619 | K63: 5.3.1.8
A64: 5.3.2 | D64: NÍVEL 1 E NÍVEL 2 | F64: 1 | H64: 377305.44 | I64: 377305.44 | J64: 0.11798776 | K64: 5.3.2
A65: 5.3.2.1 | B65: 92468 | C65: SINAPI | D65: MONTAGEM E DESMONTAGEM DE FÔRMA DE VIGA, ESCORAMENTO METÁLICO, PÉ-DIREITO SIMPLES, EM CHAPA DE MADEIRA PLASTIFICADA, 10 UTILIZAÇÕES. AF_09/2020 | E65: m² | F65: 1106.07 | G65: 161.31 | H65: 197.55 | I65: 218504.12 | J65: 0.068328758 | K65: 5.3.2.1
A66: 5.3.2.2 | B66: 92759 | C66: SINAPI | D66: ARMAÇÃO DE PILAR OU VIGA DE ESTRUTURA CONVENCIONAL DE CONCRETO ARMADO UTILIZANDO AÇO CA-60 DE 5,0 MM - MONTAGEM. AF_06/2022 | E66: KG | F66: 400 | G66: 15.29 | H66: 18.72 | I66: 7488 | J66: 0.0023415839 | K66: 5.3.2.2
A67: 5.3.2.3 | B67: 92760 | C67: SINAPI | D67: ARMAÇÃO DE PILAR OU VIGA DE ESTRUTURA CONVENCIONAL DE CONCRETO ARMADO UTILIZANDO AÇO CA-50 DE 6,3 MM - MONTAGEM. AF_06/2022 | E67: KG | F67: 866 | G67: 14.79 | H67: 18.11 | I67: 15683.26 | J67: 0.0049043362 | K67: 5.3.2.3
A68: 5.3.2.4 | B68: 92761 | C68: SINAPI | D68: ARMAÇÃO DE PILAR OU VIGA DE ESTRUTURA CONVENCIONAL DE CONCRETO ARMADO UTILIZANDO AÇO CA-50 DE 8,0 MM - MONTAGEM. AF_06/2022 | E68: KG | F68: 1212 | G68: 14.16 | H68: 17.34 | I68: 21016.08 | J68: 0.0065719705 | K68: 5.3.2.4
A69: 5.3.2.5 | B69: 92762 | C69: SINAPI | D69: ARMAÇÃO DE PILAR OU VIGA DE ESTRUTURA CONVENCIONAL DE CONCRETO ARMADO UTILIZANDO AÇO CA-50 DE 10,0 MM - MONTAGEM. AF_06/2022 | E69: KG | F69: 1616 | G69: 12.77 | H69: 15.63 | I69: 25258.08 | J69: 0.0078984928 | K69: 5.3.2.5
A70: 5.3.2.6 | B70: 92763 | C70: SINAPI | D70: ARMAÇÃO DE PILAR OU VIGA DE ESTRUTURA CONVENCIONAL DE CONCRETO ARMADO UTILIZANDO AÇO CA-50 DE 12,5 MM - MONTAGEM. AF_06/2022 | E70: KG | F70: 1046 | G70: 10.82 | H70: 13.25 | I70: 13859.5 | J70: 0.0043340254 | K70: 5.3.2.6
A71: 5.3.2.7 | B71: 92764 | C71: SINAPI | D71: ARMAÇÃO DE PILAR OU VIGA DE ESTRUTURA CONVENCIONAL DE CONCRETO ARMADO UTILIZANDO AÇO CA-50 DE 16,0 MM - MONTAGEM. AF_06/2022 | E71: KG | F71: 1189 | G71: 10.54 | H71: 12.9 | I71: 15338.1 | J71: 0.0047964007 | K71: 5.3.2.7
A72: 5.3.2.8 | B72: 92765 | C72: SINAPI | D72: ARMAÇÃO DE PILAR OU VIGA DE ESTRUTURA CONVENCIONAL DE CONCRETO ARMADO UTILIZANDO AÇO CA-50 DE 20,0 MM - MONTAGEM. AF_06/2022 | E72: KG | F72: 1096 | G72: 12.08 | H72: 14.79 | I72: 16209.84 | J72: 0.0050690039 | K72: 5.3.2.8
A73: 5.3.2.9 | B73: 92766 | C73: SINAPI | D73: ARMAÇÃO DE PILAR OU VIGA DE ESTRUTURA CONVENCIONAL DE CONCRETO ARMADO UTILIZANDO AÇO CA-50 DE 25,0 MM - MONTAGEM. AF_06/2022 | E73: KG | F73: 25 | G73: 11.97 | H73: 14.65 | I73: 366.25 | J73: 0.0001145306 | K73: 5.3.2.9
A74: 5.3.2.10 | B74: 94972 | C74: SINAPI | D74: CONCRETO FCK = 30MPA, TRAÇO 1:2,1:2,5 (EM MASSA SECA DE CIMENTO/ AREIA MÉDIA/ BRITA 1) - PREPARO MECÂNICO COM BETONEIRA 600 L. AF_05/2021 | E74: m³ | F74: 68.72 | G74: 479.35 | H74: 587.05 | I74: 40342.07 | J74: 0.01261543 | K74: 5.3.2.10
A75: 5.3.2.11 | B75: 103673 | C75: SINAPI | D75: LANÇAMENTO COM USO DE BOMBA, ADENSAMENTO E ACABAMENTO DE CONCRETO EM ESTRUTURAS. AF_02/2022 | E75: m³ | F75: 68.72 | G75: 38.5 | H75: 47.15 | I75: 3240.14 | J75: 0.0010132291 | K75: 5.3.2.11
A76: 5.4 | D76: LAJES | F76: 1 | H76: 256195.33 | I76: 256195.33 | J76: 0.080115234 | K76: 5.4
A77: 5.4.1 | B77: 92526 | C77: SINAPI | D77: MONTAGEM E DESMONTAGEM DE FÔRMA DE LAJE MACIÇA, PÉ-DIREITO SIMPLES, EM CHAPA DE MADEIRA COMPENSADA PLASTIFICADA, 10 UTILIZAÇÕES. AF_09/2020 | E77: m² | F77: 62.05 | G77: 53.19 | H77: 65.14 | I77: 4041.93 | J77: 0.0012639581 | K77: 5.4.1
A78: 5.4.2 | B78: 92488 | C78: SINAPI | D78: MONTAGEM E DESMONTAGEM DE FÔRMA DE LAJE NERVURADA COM CUBETA E ASSOALHO, PÉ-DIREITO DUPLO, EM CHAPA DE MADEIRA COMPENSADA RESINADA, 8 UTILIZAÇÕES. AF_09/2020 | E78: m² | F78: 580.66 | G78: 147.51 | H78: 180.65 | I78: 104896.22 | J78: 0.032802257 | K78: 5.4.2
A79: 5.4.3 | B79: 101792 | C79: SINAPI | D79: ESCORAMENTO DE FÔRMAS DE LAJE EM MADEIRA NÃO APARELHADA, PÉ-DIREITO SIMPLES, INCLUSO TRAVAMENTO, 4 UTILIZAÇÕES. AF_09/2020 | E79: m³ | F79: 123.063 | G79: 17.62 | H79: 21.57 | I79: 2654.46 | J79: 0.00083008025 | K79: 5.4.3
A80: 5.4.4 | B80: 92768 | C80: SINAPI | D80: ARMAÇÃO DE LAJE DE ESTRUTURA CONVENCIONAL DE CONCRETO ARMADO UTILIZANDO AÇO CA-60 DE 5,0 MM - MONTAGEM. AF_06/2022 | E80: KG | F80: 411 | G80: 14.82 | H80: 18.15 | I80: 7459.65 | J80: 0.0023327186 | K80: 5.4.4
A81: 5.4.5 | B81: 92769 | C81: SINAPI | D81: ARMAÇÃO DE LAJE DE ESTRUTURA CONVENCIONAL DE CONCRETO ARMADO UTILIZANDO AÇO CA-50 DE 6,3 MM - MONTAGEM. AF_06/2022 | E81: KG | F81: 2343 | G81: 14.33 | H81: 17.54 | I81: 41096.22 | J81: 0.012851262 | K81: 5.4.5
A82: 5.4.6 | B82: 92770 | C82: SINAPI | D82: ARMAÇÃO DE LAJE DE ESTRUTURA CONVENCIONAL DE CONCRETO ARMADO UTILIZANDO AÇO CA-50 DE 8,0 MM - MONTAGEM. AF_06/2022 | E82: KG | F82: 469 | G82: 13.72 | H82: 16.8 | I82: 7879.2 | J82: 0.0024639167 | K82: 5.4.6
A83: 5.4.7 | B83: 92771 | C83: SINAPI | D83: ARMAÇÃO DE LAJE DE ESTRUTURA CONVENCIONAL DE CONCRETO ARMADO UTILIZANDO AÇO CA-50 DE 10,0 MM - MONTAGEM. AF_06/2022 | E83: KG | F83: 776 | G83: 12.35 | H83: 15.12 | I83: 11733.12 | J83: 0.0036690819 | K83: 5.4.7
A84: 5.4.8 | B84: 92772 | C84: SINAPI | D84: ARMAÇÃO DE LAJE DE ESTRUTURA CONVENCIONAL DE CONCRETO ARMADO UTILIZANDO AÇO CA-50 DE 12,5 MM - MONTAGEM. AF_06/2022 | E84: KG | F84: 473 | G84: 10.45 | H84: 12.79 | I84: 6049.67 | J84: 0.0018918016 | K84: 5.4.8
A85: 5.4.9 | B85: 92773 | C85: SINAPI | D85: ARMAÇÃO DE LAJE DE ESTRUTURA CONVENCIONAL DE CONCRETO ARMADO UTILIZANDO AÇO CA-50 DE 16,0 MM - MONTAGEM. AF_06/2022 | E85: KG | F85: 233 | G85: 10.3 | H85: 12.61 | I85: 2938.13 | J85: 0.00091878713 | K85: 5.4.9
A86: 5.4.10 | B86: 92774 | C86: SINAPI | D86: ARMAÇÃO DE LAJE DE ESTRUTURA CONVENCIONAL DE CONCRETO ARMADO UTILIZANDO AÇO CA-50 DE 20,0 MM - MONTAGEM. AF_06/2022 | E86: KG | F86: 36 | G86: 11.93 | H86: 14.61 | I86: 525.96 | J86: 0.00016447376 | K86: 5.4.10
A87: 5.4.11 | B87: 94972 | C87: SINAPI | D87: CONCRETO FCK = 30MPA, TRAÇO 1:2,1:2,5 (EM MASSA SECA DE CIMENTO/ AREIA MÉDIA/ BRITA 1) - PREPARO MECÂNICO COM BETONEIRA 600 L. AF_05/2021 | E87: m³ | F87: 105.52 | G87: 479.35 | H87: 587.05 | I87: 61945.51 | J87: 0.019371075 | K87: 5.4.11
A88: 5.4.12 | B88: 103673 | C88: SINAPI | D88: LANÇAMENTO COM USO DE BOMBA, ADENSAMENTO E ACABAMENTO DE CONCRETO EM ESTRUTURAS. AF_02/2022 | E88: m³ | F88: 105.52 | G88: 38.5 | H88: 47.15 | I88: 4975.26 | J88: 0.0015558212 | K88: 5.4.12
A89: 5.5 | D89: ESCADAS | F89: 1 | H89: 48429.66 | I89: 48429.66 | J89: 0.015144513 | K89: 5.5
A90: 5.5.1 | B90: 102017 | C90: SINAPI | D90: MONTAGEM E DESMONTAGEM DE FÔRMA PARA ESCADAS, COM 2 LANCES EM "L" E LAJE CASCATA, EM CHAPA DE MADEIRA COMPENSADA RESINADA, 4 UTILIZAÇÕES. AF_11/2020 | E90: m² | F90: 22.57 | G90: 320.1 | H90: 392.02 | I90: 8847.89 | J90: 0.0027668372 | K90: 5.5.1
A91: 5.5.2 | B91: 102003 | C91: SINAPI | D91: MONTAGEM E DESMONTAGEM DE FÔRMA PARA ESCADAS, COM 2 LANCES EM "U" E LAJE CASCATA, EM CHAPA DE MADEIRA COMPENSADA RESINADA, 4 UTILIZAÇÕES. AF_11/2020 | E91: m² | F91: 20.52 | G91: 329.07 | H91: 403.01 | I91: 8269.76 | J91: 0.0025860493 | K91: 5.5.2
A92: 5.5.3 | B92: 95943 | C92: SINAPI | D92: ARMAÇÃO DE ESCADA, DE UMA ESTRUTURA CONVENCIONAL DE CONCRETO ARMADO UTILIZANDO AÇO CA-60 DE 5,0 MM - MONTAGEM. AF_11/2020 | E92: KG | F92: 3 | G92: 22.49 | H92: 27.54 | I92: 82.62 | J92: 2.5836227e-05 | K92: 5.5.3
A93: 5.5.4 | B93: 95944 | C93: SINAPI | D93: ARMAÇÃO DE ESCADA, DE UMA ESTRUTURA CONVENCIONAL DE CONCRETO ARMADO UTILIZANDO AÇO CA-50 DE 6,3 MM - MONTAGEM. AF_11/2020 | E93: KG | F93: 29 | G93: 20.85 | H93: 25.53 | I93: 740.37 | J93: 0.00023152224 | K93: 5.5.4
A94: 5.5.5 | B94: 95945 | C94: SINAPI | D94: ARMAÇÃO DE ESCADA, DE UMA ESTRUTURA CONVENCIONAL DE CONCRETO ARMADO UTILIZANDO AÇO CA-50 DE 8,0 MM - MONTAGEM. AF_11/2020 | E94: KG | F94: 10 | G94: 17.46 | H94: 21.38 | I94: 213.8 | J94: 6.6857725e-05 | K94: 5.5.5
A95: 5.5.6 | B95: 95946 | C95: SINAPI | D95: ARMAÇÃO DE ESCADA, DE UMA ESTRUTURA CONVENCIONAL DE CONCRETO ARMADO UTILIZANDO AÇO CA-50 DE 10,0 MM - MONTAGEM. AF_11/2020 | E95: KG | F95: 342 | G95: 14.28 | H95: 17.48 | I95: 5978.16 | J95: 0.0018694396 | K95: 5.5.6
A96: 5.5.7 | B96: 95947 | C96: SINAPI | D96: ARMAÇÃO DE ESCADA, DE UMA ESTRUTURA CONVENCIONAL DE CONCRETO ARMADO UTILIZANDO AÇO CA-50 DE 12,5 MM - MONTAGEM. AF_11/2020 | E96: KG | F96: 110 | G96: 11.26 | H96: 13.79 | I96: 1516.9 | J96: 0.00047435212 | K96: 5.5.7
A97: 5.5.8 | B97: 95948 | C97: SINAPI | D97: ARMAÇÃO DE ESCADA, DE UMA ESTRUTURA CONVENCIONAL DE CONCRETO ARMADO UTILIZANDO AÇO CA-50 DE 16,0 MM - MONTAGEM. AF_11/2020 | E97: KG | F97: 1335 | G97: 10.19 | H97: 12.47 | I97: 16647.45 | J97: 0.0052058496 | K97: 5.5.8
A98: 5.5.9 | B98: 94972 | C98: SINAPI | D98: CONCRETO FCK = 30MPA, TRAÇO 1:2,1:2,5 (EM MASSA SECA DE CIMENTO/ AREIA MÉDIA/ BRITA 1) - PREPARO MECÂNICO COM BETONEIRA 600 L. AF_05/2021 | E98: m³ | F98: 9.67 | G98: 479.35 | H98: 587.05 | I98: 5676.77 | J98: 0.0017751914 | K98: 5.5.9
A99: 5.5.10 | B99: 103673 | C99: SINAPI | D99: LANÇAMENTO COM USO DE BOMBA, ADENSAMENTO E ACABAMENTO DE CONCRETO EM ESTRUTURAS. AF_02/2022 | E99: m³ | F99: 9.67 | G99: 38.5 | H99: 47.15 | I99: 455.94 | J99: 0.00014257769 | K99: 5.5.10
A100: 5.6 | D100: ESTRUTURA METÁLICA | F100: 1 | H100: 19991.81 | I100: 19991.81 | J100: 0.0062516695 | K100: 5.6
...

Sheet M.C. ADITIVO 01 
A1: MEMÓRIA DE CÁLCULO DE QUANTIDADES - ADITIVO 01
A2: Cliente: | B2: =[8]Planilha1!A1 -> 0
A3: Contrato: | B3: ='ADITIVO SANT'!B7 -> nº 25/2024
A4: Obra: | B4: ='ORÇ MPAL '!D2 -> Construção da nova Promotoria de Justiça de Santana do Ipanema - Não desonerado
A6: ='ADITIVO SANT'!A15 -> 5.2 | B6: ='ADITIVO SANT'!D15 -> PILARES
A7: ='ADITIVO SANT'!A16 -> 5.2.8 | B7: ='ADITIVO SANT'!D16 -> CONCRETO FCK = 30MPA, TRAÇO 1:2,1:2,5 (EM MASSA SECA DE CIMENTO/ AREIA MÉDIA/ BRITA 1) - PREPARO MECÂNICO COM BETONEIRA 600 L. AF_05/2021
B9: Volume | K9: UNIDADE
A10: =A7 -> 5.2.8 | B10: =-1*'ORÇ MPAL '!F52 -> -15.76 | J10: =B10 -> -15.76 | K10: ='ORÇ MPAL '!E52 -> m³
A11: Considerações: | B11: Supressão total
A13: ='ADITIVO SANT'!A17 -> 5.2.9 | B13: ='ADITIVO SANT'!D17 -> LANÇAMENTO COM USO DE BOMBA, ADENSAMENTO E ACABAMENTO DE CONCRETO EM ESTRUTURAS. AF_02/2022
B15: Volume | K15: UNIDADE
A16: =A13 -> 5.2.9 | B16: =-1*'ORÇ MPAL '!F53 -> -15.76 | J16: =B16 -> -15.76 | K16: ='ORÇ MPAL '!E53 -> m³
A17: Considerações: | B17: Supressão total
A19: ='ADITIVO SANT'!A18 -> 5.2.10 | B19: ='ADITIVO SANT'!D18 -> CONCRETAGEM DE PILARES, FCK = 30 MPA, COM USO DE BOMBA - LANÇAMENTO, ADENSAMENTO E ACABAMENTO. AF_02/2022_PS - (Composição de ref. SINAPI (103672)
B21: Volume | K21: UNIDADE
A22: =A19 -> 5.2.10 | B22: =B10*-1 -> 15.76 | J22: =B22 -> 15.76 | K22: =K10 -> m³
A23: Considerações: | B23: Substitui os itens 5.2.9 e 5.2.8
A25: ='ADITIVO SANT'!A19 -> 5.3.1 | B25: ='ADITIVO SANT'!D19 -> BALDRAMES
A26: ='ADITIVO SANT'!A20 -> 5.3.1.7 | B26: ='ADITIVO SANT'!D20 -> CONCRETO FCK = 30MPA, TRAÇO 1:2,1:2,5 (EM MASSA SECA DE CIMENTO/ AREIA MÉDIA/ BRITA 1) - PREPARO MECÂNICO COM BETONEIRA 400 L. AF_05/2021
K28: UNIDADE
A29: =A26 -> 5.3.1.7 | B29: =-1*'ORÇ MPAL '!F62 -> -11.9 | J29: =B29 -> -11.9 | K29: m³
A30: Considerações: | B30: Supressão total
A32: ='ADITIVO SANT'!A21 -> 5.3.1.8 | B32: ='ADITIVO SANT'!D21 -> LANÇAMENTO COM USO DE BOMBA, ADENSAMENTO E ACABAMENTO DE CONCRETO EM ESTRUTURAS. AF_02/2022
K34: UNIDADE
A35: =A32 -> 5.3.1.8 | B35: =-1*'ORÇ MPAL '!F63 -> -11.9 | J35: =B35 -> -11.9 | K35: m³
A36: Considerações: | B36: Supressão total
A38: ='ADITIVO SANT'!A22 -> 5.3.1.9 | B38: ='ADITIVO SANT'!D22 -> CONCRETAGEM DE BLOCOS DE COROAMENTO OU VIGA BALDRAME, FCK 30 MPA, COM USO DE BOMBA- LANÇAMENTO, ADENSAMENTO E ACABAMENTO. AF_01/2024
K40: UNIDADE
A41: =A38 -> 5.3.1.9 | B41: =B29*-1 -> 11.9 | J41: =B41 -> 11.9 | K41: =K29 -> m³
A42: Considerações: | B42: Substitui os itens 5.3.1.8 e 5.3.1.9
A44: ='ADITIVO SANT'!A23 -> 5.3.1.10 | B44: ='ADITIVO SANT'!D23 -> DESMONTE DE MATERIAL DE 3ª CATEGORIA (BLOCOS DE ROCHAS OU MATACOS), COM MARTELETE PNEUMÁTICO MANUAL - EXCLUSIVE CARGA E TRANSPORTE. AF_03/2021
B46: LARGURA | C46: ALTURA | D46: COMPRIMENTO | E46: VOLUME | K46: UNIDADE
A47: V1 P1-P2 | B47: 0.5 | C47: 0.5 | D47: 6.1 | E47: =B47*C47*D47 -> 1.525 | K47: m³
A48: V1 P2-P3 | B48: 0.5 | C48: 0.5 | D48: 5.395 | E48: =B48*C48*D48 -> 1.34875 | K48: m³
A49: V1 P3-P4 | B49: 0.5 | C49: 0.5 | D49: 5.75 | E49: =B49*C49*D49 -> 1.4375 | K49: m³
A50: V1 P4-P5 | B50: 0.5 | C50: 0.5 | D50: 5.75 | E50: =B50*C50*D50 -> 1.4375 | K50: m³
A51: V2 P6-P7 | B51: 0.5 | C51: 0.45 | D51: 6.5 | E51: =B51*C51*D51 -> 1.4625 | K51: m³
A52: V2 P7-P8 | B52: 0.5 | C52: 0.6 | D52: 5.38 | E52: =B52*C52*D52 -> 1.614 | K52: m³
A53: V2 P8-P9 | B53: 0.5 | C53: 0.75 | D53: 5.775 | E53: =B53*C53*D53 -> 2.165625 | K53: m³
A54: V2 P9-P10 | B54: 0.5 | C54: 0.65 | D54: 5.735 | E54: =B54*C54*D54 -> 1.863875 | K54: m³
A55: V16 | B55: 0.5 | C55: 0.5 | D55: 3.455 | E55: =B55*C55*D55 -> 0.86375 | K55: m³
A56: V19 P15-P7 | B56: 0.5 | C56: 0.55 | D56: 7.58 | E56: =B56*C56*D56 -> 2.0845 | K56: m³
A57: V19 P7-P2 | B57: 0.5 | C57: 0.5 | D57: 3.455 | E57: =B57*C57*D57 -> 0.86375 | K57: m³
A58: V20 P16-P8 | B58: 0.5 | C58: 0.55 | D58: 7.58 | E58: =B58*C58*D58 -> 2.0845 | K58: m³
... A67: V6 | B67: 0.5 | C67: 0.5 | D67: 2.95 | E67: =B67*C67*D67 -> 0.7375 | K67: m³
A68: V9 | B68: 0.3 | C68: 0.35 | D68: =2.95+2.005 -> 4.955 | E68: =B68*C68*D68 -> 0.520275 | K68: m³
A69: V12 | B69: 0.3 | C69: 0.35 | D69: 2.95 | E69: =B69*C69*D69 -> 0.30975 | K69: m³
A70: V11 | B70: 0.3 | C70: 0.35 | D70: 1.865 | E70: =B70*C70*D70 -> 0.195825 | K70: m³
A71: V13 | B71: 0.3 | C71: 0.35 | D71: =2.79+1.745 -> 4.535 | E71: =B71*C71*D71 -> 0.476175 | K71: m³
A72: V14 | B72: 0.3 | C72: 0.35 | D72: =1.135+1.68+2.29+0.545 -> 5.65 | E72: =B72*C72*D72 -> 0.59325 | K72: m³
A73: V15 | B73: 0.3 | C73: 0.35 | D73: 1.135 | E73: =B73*C73*D73 -> 0.119175 | K73: m³
A74: V17 | B74: 0.3 | C74: 0.35 | D74: =D72 -> 5.65 | E74: =B74*C74*D74 -> 0.59325 | K74: m³
A75: V18 | B75: 0.3 | C75: 0.35 | D75: 2.935 | E75: =B75*C75*D75 -> 0.308175 | K75: m³
E76: =SUM(E47:E75) -> 29.732275 | J76: =E76 -> 29.732275 | K76: m³
A77: Considerações: | B77: Conforme projeto e Topografia do terreno
A79: ='ADITIVO SANT'!A24 -> 5.3.1.11 | B79: ='ADITIVO SANT'!D24 -> RETIRADA DE MATERIAL DE 3ª CATEGORIA (APÓS ESCAVAÇÃO/DESMONTE) EM VALAS, COM RETROESCAVADEIRA - EXCLUSIVE CARGA E TRANSPORTE. AF_03/2021
B81: Volume | C81: Empolamento | D81: Volume retirado | K81: UNIDADE
A82: Baldrames | B82: =E76 -> 29.732275 | C82: 1.5 | D82: =B82*C82 -> 44.598413 | K82: m³
D83: =D82 -> 44.598413 | J83: =D83 -> 44.598413 | K83: m³
A84: Considerações: | B84: Conforme projeto e Topografia do terreno
A86: ='ADITIVO SANT'!A25 -> 5.3.1.12 | B86: ='ADITIVO SANT'!D25 -> TRANSPORTE COM CAMINHÃO BASCULANTE DE 10 M³, EM VIA URBANA PAVIMENTADA, DMT ATÉ 30 KM (UNIDADE: M3XKM). AF_07/2020
B88: Volume | C88: Distância | D88: Transporte | K88: UNIDADE
A89: Baldrames | B89: =D83 -> 44.598413 | C89: 10 | D89: =B89*C89 -> 445.98413 | K89: m³
A90: Aterro | B90: =('ORÇ MPAL '!F31-'ORÇ MPAL '!F31/10) -> 102.123 | C90: 10 | D90: =B90*C90 -> 1021.23 | K90: m³
D91: =SUM(D89:D90) -> 1467.2141 | J91: =D91 -> 1467.2141 | K91: m³
A92: Considerações: | B92: Conforme projeto
A94: ='ADITIVO SANT'!A26 -> 5.3.2 | B94: ='ADITIVO SANT'!D26 -> NÍVEL 1 E NÍVEL 2
A95: ='ADITIVO SANT'!A27 -> 5.3.2.10 | B95: ='ADITIVO SANT'!D27 -> CONCRETO FCK = 30MPA, TRAÇO 1:2,1:2,5 (EM MASSA SECA DE CIMENTO/ AREIA MÉDIA/ BRITA 1) - PREPARO MECÂNICO COM BETONEIRA 600 L. AF_05/2021
K97: UNIDADE
A98: =A95 -> 5.3.2.10 | B98: =-1*'ORÇ MPAL '!F74 -> -68.72 | J98: =B98 -> -68.72 | K98: m³
A99: Considerações: | B99: Supressão total
A101: ='ADITIVO SANT'!A28 -> 5.3.2.11 | B101: ='ADITIVO SANT'!D28 -> LANÇAMENTO COM USO DE BOMBA, ADENSAMENTO E ACABAMENTO DE CONCRETO EM ESTRUTURAS. AF_02/2022
K103: UNIDADE
A104: =A101 -> 5.3.2.11 | B104: =-1*'ORÇ MPAL '!F75 -> -68.72 | J104: =B104 -> -68.72 | K104: m³
A105: Considerações: | B105: Supressão total
A107: ='ADITIVO SANT'!A29 -> 5.3.2.12 | B107: ='ADITIVO SANT'!D29 -> CONCRETAGEM DE VIGAS E LAJES, FCK=30 MPA, PARA LAJES MACIÇAS OU NERVURADAS COM USO DE BOMBA - LANÇAMENTO, ADENSAMENTO E ACABAMENTO. (Composição de ref. SINAPI - 09/2024 - 103675)
K109: UNIDADE
A110: =A107 -> 5.3.2.12 | B110: =B98*-1 -> 68.72 | J110: =B110 -> 68.72 | K110: =K98 -> m³
A111: Considerações: | B111: Substitui os itens 5.3.2.11 e 5.3.2.10
A113: ='ADITIVO SANT'!A30 -> 5.4 | B113: ='ADITIVO SANT'!D30 -> LAJES
A114: ='ADITIVO SANT'!A31 -> 5.4.11 | B114: ='ADITIVO SANT'!D31 -> CONCRETO FCK = 30MPA, TRAÇO 1:2,1:2,5 (EM MASSA SECA DE CIMENTO/ AREIA MÉDIA/ BRITA 1) - PREPARO MECÂNICO COM BETONEIRA 600 L. AF_05/2021
K116: UNIDADE
A117: =A114 -> 5.4.11 | B117: =-1*'ORÇ MPAL '!F87 -> -105.52 | J117: =B117 -> -105.52 | K117: m³
A118: Considerações: | B118: Supressão total
A120: ='ADITIVO SANT'!A32 -> 5.4.12 | B120: ='ADITIVO SANT'!D32 -> LANÇAMENTO COM USO DE BOMBA, ADENSAMENTO E ACABAMENTO DE CONCRETO EM ESTRUTURAS. AF_02/2022
K122: UNIDADE
A123: =A120 -> 5.4.12 | B123: =-1*'ORÇ MPAL '!F88 -> -105.52 | J123: =B123 -> -105.52 | K123: m³
A124: Considerações: | B124: Supressão total
A126: ='ADITIVO SANT'!A33 -> 5.4.13 | B126: ='ADITIVO SANT'!D33 -> CONCRETAGEM DE VIGAS E LAJES, FCK=30 MPA, PARA LAJES MACIÇAS OU NERVURADAS COM USO DE BOMBA - LANÇAMENTO, ADENSAMENTO E ACABAMENTO. (Composição de ref. SINAPI - 09/2024 - 103675)
K128: UNIDADE
A129: =A126 -> 5.4.13 | B129: =B117*-1 -> 105.52 | J129: =B129 -> 105.52 | K129: =K117 -> m³
A130: Considerações: | B130: Substitui os itens 5.4.11 e 5.4.12
A132: ='ADITIVO SANT'!A34 -> 5.5 | B132: ='ADITIVO SANT'!D34 -> ESCADAS
A133: ='ADITIVO SANT'!A35 -> 5.5.9 | B133: ='ADITIVO SANT'!D35 -> CONCRETO FCK = 30MPA, TRAÇO 1:2,1:2,5 (EM MASSA SECA DE CIMENTO/ AREIA MÉDIA/ BRITA 1) - PREPARO MECÂNICO COM BETONEIRA 600 L. AF_05/2021
K135: UNIDADE
A136: =A133 -> 5.5.9 | B136: =-1*'ORÇ MPAL '!F98 -> -9.67 | J136: =B136 -> -9.67 | K136: m³
A137: Considerações: | B137: Supressão total
A139: ='ADITIVO SANT'!A36 -> 5.5.10 | B139: ='ADITIVO SANT'!D36 -> LANÇAMENTO COM USO DE BOMBA, ADENSAMENTO E ACABAMENTO DE CONCRETO EM ESTRUTURAS. AF_02/2022
K141: UNIDADE
A142: =A139 -> 5.5.10 | B142: =-1*'ORÇ MPAL '!F99 -> -9.67 | J142: =B142 -> -9.67 | K142: m³
...

Sheet JUSTIFICATIVAS ADITIVO 01
A1: JUSTIFICATIVAS - ADITIVO 01
B2: ='[9]M.C. ADITIVO 01 '!B2 -> 0
A3: Contrato: | B3: ='M.C. ADITIVO 01 '!B3 -> nº 25/2024
A4: Obra: | B4: ='M.C. ADITIVO 01 '!B4 -> Construção da nova Promotoria de Justiça de Santana do Ipanema - Não desonerado
B7: ADITIVO 01 | D7: JUSTIFICATIVAS
A8: ='ADITIVO SANT'!A15 -> 5.2 | B8: ='ADITIVO SANT'!D15 -> PILARES
A9: ='ADITIVO SANT'!A16 -> 5.2.8 | B9: ='ADITIVO SANT'!D16 -> CONCRETO FCK = 30MPA, TRAÇO 1:2,1:2,5 (EM MASSA SECA DE CIMENTO/ AREIA MÉDIA/ BRITA 1) - PREPARO MECÂNICO COM BETONEIRA 600 L. AF_05/2021 | C9: ='ADITIVO SANT'!P16 -> SUPRESSÃO | D9: A substituição do concreto preparado em obra por concreto usinado foi adotada visando garantir maior qualidade, uniformidade e controle do material aplicado na estrutura. O concreto usinado é produzido em centrais com rigoroso controle tecnológico, assegurando desempenho superior e conformidade com as normas técnicas. Já o concreto preparado em obra apresenta dificuldades de padronização e comprovação de qualidade, devido à variabilidade na dosagem e ausência de ensaios sistemáticos. Além disso, pelo grande volume da laje, seria necessário executar a concretagem em etapas com juntas frias, o que é evitado com o uso do concreto usinado, permitindo uma concretagem contínua. Verificou-se ainda que há concreteiras na região com capacidade de atender à obra, tornando viável e recomendável essa solução.
A10: ='ADITIVO SANT'!A17 -> 5.2.9 | B10: ='ADITIVO SANT'!D17 -> LANÇAMENTO COM USO DE BOMBA, ADENSAMENTO E ACABAMENTO DE CONCRETO EM ESTRUTURAS. AF_02/2022 | C10: ='ADITIVO SANT'!P17 -> SUPRESSÃO | D10: A nova composição já inlui o lançamento.
A11: ='ADITIVO SANT'!A18 -> 5.2.10 | B11: ='ADITIVO SANT'!D18 -> CONCRETAGEM DE PILARES, FCK = 30 MPA, COM USO DE BOMBA - LANÇAMENTO, ADENSAMENTO E ACABAMENTO. AF_02/2022_PS - (Composição de ref. SINAPI (103672) | C11: ='ADITIVO SANT'!P18 -> ADIÇÃO | D11: Ver justificativa do item 5.2.8
A12: ='ADITIVO SANT'!A19 -> 5.3.1 | B12: ='ADITIVO SANT'!D19 -> BALDRAMES
A13: ='ADITIVO SANT'!A23 -> 5.3.1.10 | B13: ='ADITIVO SANT'!D23 -> DESMONTE DE MATERIAL DE 3ª CATEGORIA (BLOCOS DE ROCHAS OU MATACOS), COM MARTELETE PNEUMÁTICO MANUAL - EXCLUSIVE CARGA E TRANSPORTE. AF_03/2021 | C13: ='ADITIVO SANT'!P23 -> ADIÇÃO | D13: A escavação para as vigas baldrames não foi prevista inicialmente, porém é necessária tendo em vista os níveis dos projetos.
A14: ='ADITIVO SANT'!A24 -> 5.3.1.11 | B14: ='ADITIVO SANT'!D24 -> RETIRADA DE MATERIAL DE 3ª CATEGORIA (APÓS ESCAVAÇÃO/DESMONTE) EM VALAS, COM RETROESCAVADEIRA - EXCLUSIVE CARGA E TRANSPORTE. AF_03/2021 | C14: ='ADITIVO SANT'!P24 -> ADIÇÃO | D14: Retirada do material escavado
A15: ='ADITIVO SANT'!A25 -> 5.3.1.12 | B15: ='ADITIVO SANT'!D25 -> TRANSPORTE COM CAMINHÃO BASCULANTE DE 10 M³, EM VIA URBANA PAVIMENTADA, DMT ATÉ 30 KM (UNIDADE: M3XKM). AF_07/2020 | C15: ='ADITIVO SANT'!P25 -> ADIÇÃO | D15: Trasnporte do material escavado
A16: ='ADITIVO SANT'!A26 -> 5.3.2 | B16: ='ADITIVO SANT'!D26 -> NÍVEL 1 E NÍVEL 2
A17: ='ADITIVO SANT'!A27 -> 5.3.2.10 | B17: ='ADITIVO SANT'!D27 -> CONCRETO FCK = 30MPA, TRAÇO 1:2,1:2,5 (EM MASSA SECA DE CIMENTO/ AREIA MÉDIA/ BRITA 1) - PREPARO MECÂNICO COM BETONEIRA 600 L. AF_05/2021 | C17: ='ADITIVO SANT'!P27 -> SUPRESSÃO | D17: Ver justificativa do item 5.2.8
A18: ='ADITIVO SANT'!A28 -> 5.3.2.11 | B18: ='ADITIVO SANT'!D28 -> LANÇAMENTO COM USO DE BOMBA, ADENSAMENTO E ACABAMENTO DE CONCRETO EM ESTRUTURAS. AF_02/2022 | C18: ='ADITIVO SANT'!P28 -> SUPRESSÃO | D18: A nova composição já inlui o lançamento.
A19: ='ADITIVO SANT'!A29 -> 5.3.2.12 | B19: ='ADITIVO SANT'!D29 -> CONCRETAGEM DE VIGAS E LAJES, FCK=30 MPA, PARA LAJES MACIÇAS OU NERVURADAS COM USO DE BOMBA - LANÇAMENTO, ADENSAMENTO E ACABAMENTO. (Composição de ref. SINAPI - 09/2024 - 103675) | C19: ='ADITIVO SANT'!P29 -> ADIÇÃO | D19: Ver justificativa do item 5.2.8
A20: ='ADITIVO SANT'!A30 -> 5.4 | B20: ='ADITIVO SANT'!D30 -> LAJES
A21: ='ADITIVO SANT'!A31 -> 5.4.11 | B21: ='ADITIVO SANT'!D31 -> CONCRETO FCK = 30MPA, TRAÇO 1:2,1:2,5 (EM MASSA SECA DE CIMENTO/ AREIA MÉDIA/ BRITA 1) - PREPARO MECÂNICO COM BETONEIRA 600 L. AF_05/2021 | C21: ='ADITIVO SANT'!P31 -> SUPRESSÃO | D21: Ver justificativa do item 5.2.8
A22: ='ADITIVO SANT'!A32 -> 5.4.12 | B22: ='ADITIVO SANT'!D32 -> LANÇAMENTO COM USO DE BOMBA, ADENSAMENTO E ACABAMENTO DE CONCRETO EM ESTRUTURAS. AF_02/2022 | C22: ='ADITIVO SANT'!P32 -> SUPRESSÃO | D22: A nova composição já inlui o lançamento.
A23: ='ADITIVO SANT'!A33 -> 5.4.13 | B23: ='ADITIVO SANT'!D33 -> CONCRETAGEM DE VIGAS E LAJES, FCK=30 MPA, PARA LAJES MACIÇAS OU NERVURADAS COM USO DE BOMBA - LANÇAMENTO, ADENSAMENTO E ACABAMENTO. (Composição de ref. SINAPI - 09/2024 - 103675) | C23: ='ADITIVO SANT'!P33 -> ADIÇÃO | D23: Ver justificativa do item 5.2.8
A24: ='ADITIVO SANT'!A34 -> 5.5 | B24: ='ADITIVO SANT'!D34 -> ESCADAS
A25: ='ADITIVO SANT'!A35 -> 5.5.9 | B25: ='ADITIVO SANT'!D35 -> CONCRETO FCK = 30MPA, TRAÇO 1:2,1:2,5 (EM MASSA SECA DE CIMENTO/ AREIA MÉDIA/ BRITA 1) - PREPARO MECÂNICO COM BETONEIRA 600 L. AF_05/2021 | C25: ='ADITIVO SANT'!P35 -> SUPRESSÃO | D25: Ver justificativa do item 5.2.8
A26: ='ADITIVO SANT'!A36 -> 5.5.10 | B26: ='ADITIVO SANT'!D36 -> LANÇAMENTO COM USO DE BOMBA, ADENSAMENTO E ACABAMENTO DE CONCRETO EM ESTRUTURAS. AF_02/2022 | C26: ='ADITIVO SANT'!P36 -> SUPRESSÃO | D26: A nova composição já inlui o lançamento.
A27: ='ADITIVO SANT'!A37 -> 5.5.11 | B27: ='ADITIVO SANT'!D37 -> CONCRETAGEM DE ESCADAS, FCK=30 MPA, COM USO DE BOMBA - LANÇAMENTO, ADENSAMENTO E ACABAMENTO. AF_02/2022_PS (Composição de ref. SINAPI 103686) | C27: ='ADITIVO SANT'!P37 -> ADIÇÃO | D27: Ver justificativa do item 5.2.8
A28: ='ADITIVO SANT'!A38 -> 5.7 | B28: ='ADITIVO SANT'!D38 -> MURO DE FLEXÃO | D28: Após a realização das escavações e a análise detalhada das características do solo no local, verificou-se a viabilidade técnica de substituir o muro de flexão inicialmente projetado por uma solução estrutural alternativa. Diante desse novo cenário, optou-se pela adoção de um muro de gravidade em concreto ciclópico, uma alternativa mais simples, eficiente e econômica. Essa tipologia estrutural é plenamente compatível com as condições do terreno, dispensando armaduras e fundações complexas, o que reduz significativamente os custos e o tempo de execução. Além disso, o concreto ciclópico, composto por agregados graúdos (como pedras de mão), proporciona massa e estabilidade suficientes para conter os empuxos atuantes, atendendo com segurança aos requisitos técnicos e de desempenho da obra. A mudança representa uma otimização do projeto, mantendo a funcionalidade e garantindo maior racionalidade construtiva.
A29: ='ADITIVO SANT'!A39 -> 5.7.1 | B29: ='ADITIVO SANT'!D39 -> ESCAVAÇÃO MANUAL PARA BLOCO DE COROAMENTO OU SAPATA (INCLUINDO ESCAVAÇÃO PARA COLOCAÇÃO DE FÔRMAS). AF_01/2024 | C29: ='ADITIVO SANT'!P39 -> SUPRESSÃO | D29: Supressão da escavação para o muro de flexão.
A30: ='ADITIVO SANT'!A40 -> 5.7.2 | B30: ='ADITIVO SANT'!D40 -> LASTRO DE CONCRETO MAGRO, APLICADO EM BLOCOS DE COROAMENTO OU SAPATAS, ESPESSURA DE 5 CM. AF_01/2024 | C30: ='ADITIVO SANT'!P40 -> SUPRESSÃO | D30: Supressão parcial do lastro relativo ao muro de contenção, restando para o muro de grvaidade.
A31: ='ADITIVO SANT'!A41 -> 5.7.3 | B31: ='ADITIVO SANT'!D41 -> Forma plana para estruturas, em compensado resinado de 14mm, 07 usos, inclusive escoramento - Revisada 07.2015 | C31: ='ADITIVO SANT'!P41 -> SUPRESSÃO | D31: Supressão parcial da forma que seria usada no muro de flexão, restando apenas a forma para o muro de gravidade.
A32: ='ADITIVO SANT'!A42 -> 5.7.4 | B32: ='ADITIVO SANT'!D42 -> ARMAÇÃO DE CORTINA DE CONTENÇÃO EM CONCRETO ARMADO, COM AÇO CA-50 DE 6,3 MM - MONTAGEM. AF_07/2019 | C32: ='ADITIVO SANT'!P42 -> SUPRESSÃO | D32: Supreção da armação do muro de flexão.
A33: ='ADITIVO SANT'!A43 -> 5.7.5 | B33: ='ADITIVO SANT'!D43 -> ARMAÇÃO DE CORTINA DE CONTENÇÃO EM CONCRETO ARMADO, COM AÇO CA-50 DE 8 MM - MONTAGEM. AF_07/2019 | C33: ='ADITIVO SANT'!P43 -> SUPRESSÃO | D33: Supreção da armação do muro de flexão.
A34: ='ADITIVO SANT'!A44 -> 5.7.6 | B34: ='ADITIVO SANT'!D44 -> ARMAÇÃO DE CORTINA DE CONTENÇÃO EM CONCRETO ARMADO, COM AÇO CA-50 DE 10 MM - MONTAGEM. AF_07/2019 | C34: ='ADITIVO SANT'!P44 -> SUPRESSÃO | D34: Supreção da armação do muro de flexão.
A35: ='ADITIVO SANT'!A45 -> 5.7.7 | B35: ='ADITIVO SANT'!D45 -> ARMAÇÃO DE CORTINA DE CONTENÇÃO EM CONCRETO ARMADO, COM AÇO CA-50 DE 12,5 MM - MONTAGEM. AF_07/2019 | C35: ='ADITIVO SANT'!P45 -> SUPRESSÃO | D35: Supreção da armação do muro de flexão.
A36: ='ADITIVO SANT'!A46 -> 5.7.8 | B36: ='ADITIVO SANT'!D46 -> CONCRETO FCK = 30MPA, TRAÇO 1:2,1:2,5 (EM MASSA SECA DE CIMENTO/ AREIA MÉDIA/ BRITA 1) - PREPARO MECÂNICO COM BETONEIRA 600 L. AF_05/2021 | C36: ='ADITIVO SANT'!P46 -> SUPRESSÃO | D36: Supressão do concreto do muro de flexão.
A37: ='ADITIVO SANT'!A47 -> 5.7.9 | B37: ='ADITIVO SANT'!D47 -> LANÇAMENTO COM USO DE BOMBA, ADENSAMENTO E ACABAMENTO DE CONCRETO EM ESTRUTURAS. AF_02/2022 | C37: ='ADITIVO SANT'!P47 -> SUPRESSÃO | D37: Supressão do concreto do muro de flexão.
A38: ='ADITIVO SANT'!A48 -> 5.7.10 | B38: ='ADITIVO SANT'!D48 -> DRENO BARBACÃ, DN 100 MM, COM MATERIAL DRENANTE. AF_07/2021 | C38: ='ADITIVO SANT'!P48 -> SUPRESSÃO | D38: Supressão parcial do dreno tipo Barbacã, restando apenas na contenção na divisa com o TJAL.
A39: ='ADITIVO SANT'!A50 -> 5.7.12 | B39: ='ADITIVO SANT'!D50 -> CONCRETO CICLÓPICO FCK = 15MPA, 30% PEDRA DE MÃO EM VOLUME REAL, INCLUSIVE LANÇAMENTO. AF_05/2021 | C39: ='ADITIVO SANT'!P50 -> ADIÇÃO | D39: Concreto para o nova contenção.
A40: ='ADITIVO SANT'!A51 -> 5.7.13 | B40: ='ADITIVO SANT'!D51 -> DRENO EM MURO DE CONTENÇÃO, EXECUTADO NO PÉ DO MURO, COM TUBO DE PEAD CORRUGADO FLEXÍVEL PERFURADO, ENCHIMENTO COM BRITA, ENVOLVIDO COM MANTA GEOTÊXTIL. AF_07/2021 | C40: ='ADITIVO SANT'!P51 -> ADIÇÃO | D40: Dreno compátivel com a contenção na divisa com o T.R.E.
A41: ='ADITIVO SANT'!A52 -> 5.7.14 | B41: ='ADITIVO SANT'!D52 -> CANALETA MEIA CANA PRÉ-MOLDADA DE CONCRETO (D = 50 CM) - FORNECIMENTO E INSTALAÇÃO. AF_08/2021 | C41: ='ADITIVO SANT'!P52 -> ADIÇÃO | D41: Canaleta para drenagem na crista do Talude.
A42: ='ADITIVO SANT'!A53 -> 5.7.15 | B42: ='ADITIVO SANT'!D53 -> EXECUÇÃO DE SARJETA DE CONCRETO USINADO, MOLDADA IN LOCO EM TRECHO RETO, 60 CM BASE X 15 CM ALTURA. AF_01/2024 | C42: ='ADITIVO SANT'!P53 -> ADIÇÃO | D42: Sarjeta no pé do Talude.
A43: ='ADITIVO SANT'!A54 -> 5.7.16 | B43: ='ADITIVO SANT'!D54 -> CAIXA ENTERRADA HIDRÁULICA RETANGULAR, EM ALVENARIA COM BLOCOS DE CONCRETO, DIMENSÕES INTERNAS: 0,6X0,6X0,6 M PARA REDE DE DRENAGEM. AF_12/2020 | C43: ='ADITIVO SANT'!P54 -> ADIÇÃO | D43: Caixa que recebe drenagem do talude
A44: ='ADITIVO SANT'!A55 -> 5.7.17 | B44: ='ADITIVO SANT'!D55 -> TUBO PVC, SÉRIE R, ÁGUA PLUVIAL, DN 150 MM, FORNECIDO E INSTALADO EM RAMAL DE ENCAMINHAMENTO. AF_06/2022 | C44: ='ADITIVO SANT'!P55 -> ADIÇÃO | D44: Encaminhamento da drenagem do talude
A45: ='ADITIVO SANT'!A56 -> 5.7.18 | B45: ='ADITIVO SANT'!D56 -> GEOTÊXTIL NÃO TECIDO 100% POLIÉSTER, RESISTÊNCIA A TRAÇÃO DE 31 KN/M (RT-31), INSTALADO EM DRENO - FORNECIMENTO E INSTALAÇÃO. AF_07/2021 | C45: ='ADITIVO SANT'!P56 -> ADIÇÃO | D45: Proteção do talude
A46: ='ADITIVO SANT'!A57 -> 6.3 | B46: ='ADITIVO SANT'!D57 -> MURO PERIMETRAL
A47: ='ADITIVO SANT'!A58 -> 6.3.2 | B47: ='ADITIVO SANT'!D58 -> Muro em alvenaria bloco cerâmico, e= 0,09m, c/ alv de pedra 0,35 x 0,60m, colunas (9x20cm) e cintamento (9x15cm) superior e inferior concreto armado fck =15,0 Mpa cada 3,00m, chapisco e reboco | C47: ='ADITIVO SANT'!P58 -> ADIÇÃO | D47: Com a retirada da contenção do talude dos fundos, ainda é necessário realizar um fechamento não estrutural, ou seja, muro convencional.
A48: ='ADITIVO SANT'!A59 -> 6.3.3 | B48: ='ADITIVO SANT'!D59 -> Chapim de concreto pré-moldado | C48: ='ADITIVO SANT'!P59 -> ADIÇÃO | D48: Chapim do muro
A49: ='ADITIVO SANT'!A60 -> 6.3.8 | B49: ='ADITIVO SANT'!D60 -> DESMONTE DE MATERIAL DE 3ª CATEGORIA (BLOCOS DE ROCHAS OU MATACOS), COM MARTELETE PNEUMÁTICO MANUAL - EXCLUSIVE CARGA E TRANSPORTE. AF_03/2021 | C49: ='ADITIVO SANT'!P60 -> ADIÇÃO | D49: Escavação para o muro
A50: ='ADITIVO SANT'!A61 -> 11 | B50: ='ADITIVO SANT'!D61 -> ESQUADRIAS
A51: ='ADITIVO SANT'!A62 -> 11.1.1 | B51: ='ADITIVO SANT'!D62 -> Porta em madeira de lei, almofadada, 0.80 x 2.10 m, inclusive batentes e ferragens | C51: ='ADITIVO SANT'!P62 -> SUPRESSÃO | D51: Resolveu-se substituir as portas de madeira de lei por kits porta pronta visando à padronização e controle de qualidade, garantindo uniformidade nas instalações e redução de falhas. A escolha também se justifica pela maior durabilidade dos materiais, que exigem menos manutenção ao longo do tempo, especialmente em ambientes de uso intenso. Além disso, a utilização de madeira de reflorestamento ou industrializada contribui para a sustentabilidade ambiental, reduzindo a exploração de espécies nativas.
A52: ='ADITIVO SANT'!A63 -> 11.1.2 | B52: ='ADITIVO SANT'!D63 -> Porta em madeira de lei, almofadada, 0.90 x 2.10 m, inclusive batentes e ferragens | C52: ='ADITIVO SANT'!P63 -> SUPRESSÃO | D52: Ver item 11.1.1
A53: ='ADITIVO SANT'!A64 -> 11.1.3 | B53: ='ADITIVO SANT'!D64 -> Porta em madeira de lei, almofadada, 0.70 x 2.10 m, inclusive batentes e ferragens | C53: ='ADITIVO SANT'!P64 -> SUPRESSÃO | D53: Ver item 11.1.1
A54: ='ADITIVO SANT'!A65 -> 11.1.4 | B54: ='ADITIVO SANT'!D65 -> KIT DE PORTA-PRONTA DE MADEIRA EM ACABAMENTO MELAMÍNICO BRANCO, FOLHA PESADA OU SUPERPESADA, 80X210CM, FIXAÇÃO COM PREENCHIMENTO PARCIAL DE ESPUMA EXPANSIVA - FORNECIMENTO E INSTALAÇÃO. AF_12/2019 | C54: ='ADITIVO SANT'!P65 -> ADIÇÃO | D54: Ver item 11.1.1
A55: ='ADITIVO SANT'!A66 -> 11.1.5 | B55: ='ADITIVO SANT'!D66 -> KIT DE PORTA-PRONTA DE MADEIRA EM ACABAMENTO MELAMÍNICO BRANCO, FOLHA PESADA OU SUPERPESADA, 90X210CM, FIXAÇÃO COM PREENCHIMENTO TOTAL DE ESPUMA EXPANSIVA - FORNECIMENTO E INSTALAÇÃO. AF_12/2019 | C55: ='ADITIVO SANT'!P66 -> ADIÇÃO | D55: Ver item 11.1.1 - Também adicionou-se portas de 90 cm no acesso as promotorias e na sala de audiência, pois as portas de 90 cm em áreas de circulação de prédios públicos são justificadas por atenderem melhor às exigências de acessibilidade estabelecidas pela NBR 9050, que, embora permita o mínimo de 80 cm, recomenda 90 cm em ambientes de uso coletivo ou com maior fluxo de pessoas. Essa largura contribui para a evacuação eficiente em situações de emergência e facilita o acesso de cadeiras de rodas, andadores, carrinhos e demais dispositivos de apoio, além de permitir circulação mais segura e confortável para todos, incluindo idosos, gestantes e pessoas com mobilidade reduzida, promovendo inclusão e equidade no acesso aos espaços públicos.
A56: ='ADITIVO SANT'!A67 -> 11.1.6 | B56: ='ADITIVO SANT'!D67 -> Porta em madeira compensada (canela), lisa, semi-ôca, (0.60 x 1,60 a 2.10 m),revestida c/fórmica, inclusive ferragens (livre/ocupado), para uso em divisórias granito ou mármore | C56: ='ADITIVO SANT'!P67 -> ADIÇÃO | D56: Portas das divisórias dos banheiros.
A57: ='ADITIVO SANT'!A68 -> 19 | B57: ='ADITIVO SANT'!D68 -> PINTURA
A58: ='ADITIVO SANT'!A69 -> 19.4 | B58: ='ADITIVO SANT'!D69 -> LIXAMENTO DE MADEIRA PARA APLICAÇÃO DE FUNDO OU PINTURA. AF_01/2021 | C58: ='ADITIVO SANT'!P69 -> SUPRESSÃO | D58: Com a substituição das portas de madeira de lei por portas prontas, o serviço de pintura é desnecessário.
A59: ='ADITIVO SANT'!A70 -> 19.5 | B59: ='ADITIVO SANT'!D70 -> APLICAÇÃO MASSA ACRÍLICA PARA MADEIRA, PARA PINTURA COM TINTA DE ACABAMENTO (PIGMENTADA). AF_01/2021 | C59: ='ADITIVO SANT'!P70 -> SUPRESSÃO | D59: Ver item 19.4
A60: ='ADITIVO SANT'!A71 -> 19.6 | B60: ='ADITIVO SANT'!D71 -> PINTURA TINTA DE ACABAMENTO (PIGMENTADA) ESMALTE SINTÉTICO ACETINADO EM MADEIRA, 2 DEMÃOS. AF_01/2021 | C60: ='ADITIVO SANT'!P71 -> SUPRESSÃO | D60: Ver item 19.4
A61: ='ADITIVO SANT'!A72 -> 19.7 | B61: ='ADITIVO SANT'!D72 -> TEXTURA ACRÍLICA, APLICAÇÃO MANUAL EM PAREDE, UMA DEMÃO. AF_04/2023 | C61: ='ADITIVO SANT'!P72 -> ADIÇÃO | D61: Pintura das contenções e muro nos fundos paralelo ao talude

Sheet M.D.G ABART
A1: MEMÓRIA DE CÁLCULO DA MANUTENÇÃO DO DESCONTO GLOBAL
B2: =[8]Planilha1!A1 -> 0
A3: Contrato: | B3: ='JUSTIFICATIVAS ADITIVO 01'!B3 -> nº 25/2024
A4: Obra: | B4: ='JUSTIFICATIVAS ADITIVO 01'!B4 -> Construção da nova Promotoria de Justiça de Santana do Ipanema - Não desonerado
B7: VALOR GLOBAL REFERENCIAL ORIGINAL (1) : | C7: ='ORÇ MPAL '!H561 -> 3197835.4 | E7: ADITIVO 01 COM PREÇO REFERENCIAL (4a) : | F7: ='ADITIVO SANT'!I75 -> -81382.05
E9: VALOR GLOBAL REFERENCIAL ADITIVO 01 (4) : | F9: =C7+F7 -> 3116453.4
B11: VALOR GLOBAL DA CONTRATADA (GC): (2) | C11: ='ORÇ ABART'!H561 -> 2499120.3 | E11: ADITIVO 01 COM PREÇO DA CONTRATADA (5a) : | F11: ='ADITIVO SANT'!M75 -> -63255.67
B13: DESCONTO GLOBAL EFETIVO (3): | C13: =1-C11/C7 -> 0.21849626 | E13: VALOR GLOBAL DA CONTRATADA ADITIVO 01 (5) : | F13: =C11+F11 -> 2435864.6
B15: Fórmulas: | E15: DESCONTO GLOBAL ADITIVO 01 (6): | F15: =1-F13/F9 -> 0.21838565
E17: PARCELA COMPENSATÓRIA (7)*: | F17: =F9*(1-C13)-F13 -> -344.70632
E18: * SE PARCELA COMPENSATÓRIA POSITIVA, ENTÃO ZERA. | F18: =IF(F9*(1-C13)-F13>0,0,F17) -> -344.70632
E20: VALOR GLOBAL FINAL CORRIGIDO ADITIVO 01 (8): | F20: =F13+F18 -> 2435519.9
E22: DESCONTO GLOBAL CORRIGIDO (9): | F22: =1-(F20/F9) -> 0.21849626

Sheet CRONOGRAMA
A3: CRONOGRAMA
A4: Item | B4: Discriminação | C4: Preço Total (R$) | D4: % | E4: Mês 01 | F4: Mês 02 | G4: Mês 03 | H4: Mês 04 | I4: Mês 05 | J4: Mês 06 | K4: Mês 07 | L4: Mês 08 | M4: Mês 09 | N4: Mês 10 | O4: Mês 11 | P4: Mês 12 | R4: conferencia
A5: 1 | B5: ='ORÇ ABART CONSOLIDADA ADITIVO 1'!D5 -> ADMINISTRAÇÃO DE OBRA | C5: ='ORÇ ABART CONSOLIDADA ADITIVO 1'!I5 -> 172855.2 | D5: =C5/$C$51 -> 0.070972607 | E5: 9403.32 | F5: 3232.39 | G5: 3457.1 | H5: 3370.68 | I5: 5805.05 | J5: 11595.7 | K5: 11546.73 | L5: 15729.82 | M5: 18097.94 | N5: 18132.51 | O5: 17613.94 | P5: 18512.79 | R5: =SUM(E5:P5) -> 136497.97 | S5: =C5-R5 -> 36357.23
E6: =E5/$C5 -> 0.054399983 | F6: =F5/$C5 -> 0.018699987 | G6: =G5/$C5 -> 0.019999977 | H6: =H5/$C5 -> 0.019500021 | I6: =I5/$C5 -> 0.033583311 | J6: =J5/$C5 -> 0.067083316 | K6: =K5/$C5 -> 0.066800015 | L6: =L5/$C5 -> 0.090999981 | ... O6: =O5/$C5 -> 0.10189997 | P6: =1-(SUM(E6:O6)) -> 0.31743344 | Q6: =SUM(E6:P6) -> 1 | R6: =SUM(E6:P6) -> 1 | S6: =C6-R6 -> -1
A7: 2 | B7: ='ORÇ ABART CONSOLIDADA ADITIVO 1'!D7 -> MOBILIZAÇÃO | C7: ='ORÇ ABART CONSOLIDADA ADITIVO 1'!I7 -> 4778.4 | D7: =C7/$C$51 -> 0.001961963 | E7: 259.94 | F7: 89.36 | G7: 95.57 | H7: 93.18 | I7: 160.87 | J7: 320.55 | K7: 319.2 | L7: 434.83 | M7: 500.3 | N7: 501.25 | O7: 486.92 | P7: =P8*$C$7 -> 1516.43 | R7: =SUM(E7:P7) -> 4778.4 | S7: =C7-R7 -> 0
E8: =E7/$C7 -> 0.054398962 | F8: =F7/$C7 -> 0.01870082 | G8: =G7/$C7 -> 0.020000419 | H8: =H7/$C7 -> 0.019500251 | I8: =I7/$C7 -> 0.033666081 | J8: =J7/$C7 -> 0.067083124 | K8: =K7/$C7 -> 0.066800603 | L8: =L7/$C7 -> 0.090999079 | ... O8: =O7/$C7 -> 0.10190022 | P8: =1-(SUM(E8:O8)) -> 0.317351 | Q8: =SUM(E8:P8) -> 1 | R8: =SUM(E8:P8) -> 1 | S8: =C8-R8 -> -1
A9: 3 | B9: ='ORÇ ABART CONSOLIDADA ADITIVO 1'!D9 -> SERVIÇOS PRELIMINARES | C9: ='ORÇ ABART CONSOLIDADA ADITIVO 1'!I9 -> 76367.26 | D9: =C9/$C$51 -> 0.031355629 | E9: 72458.92 | F9: 1720.25 | G9: 1343.63 | H9: 843.81 | I9: =I10*$C$9 -> 0.65 | J9: =J10*$C$9 -> 0 | K9: =K10*$C$9 -> 0 | L9: =L10*$C$9 -> 0 | M9: =M10*$C$9 -> 0 | N9: =N10*$C$9 -> 0 | O9: =O10*$C$9 -> 0 | P9: =P10*$C$9 -> 0 | R9: =SUM(E9:P9) -> 76367.26 | S9: =C9-R9 -> 0
E10: =E9/$C9 -> 0.94882179 | F10: =F9/$C9 -> 0.022526014 | G10: =G9/$C9 -> 0.01759432 | H10: =H9/$C9 -> 0.011049369 | I10: =1-(SUM(E10:H10)) -> 8.5115009e-06 | Q10: =SUM(E10:P10) -> 1 | R10: =SUM(E10:P10) -> 1 | S10: =C10-R10 -> -1
A11: 4 | B11: ='ORÇ ABART CONSOLIDADA ADITIVO 1'!D24 -> TERRAPLANAGEM | C11: ='ORÇ ABART CONSOLIDADA ADITIVO 1'!I24 -> 58839.91 | D11: =C11/$C$51 -> 0.024159075 | E11: 47137 | G11: 1997.16 | H11: 1003.4 | I11: =I12*$C$11 -> 8702.35 | J11: =J12*$C$11 -> 0 | K11: =K12*$C$11 -> 0 | L11: =L12*$C$11 -> 0 | M11: =M12*$C$11 -> 0 | N11: =N12*$C$11 -> 0 | O11: =O12*$C$11 -> 0 | P11: =P12*$C$11 -> 0 | R11: =SUM(E11:P11) -> 58839.91 | S11: =C11-R11 -> 0
E12: =E11/$C11 -> 0.80110592 | F12: =F11/$C11 -> 0 | G12: =G11/$C11 -> 0.033942268 | H12: =H11/$C11 -> 0.017053051 | I12: =1-(SUM(E12:H12)) -> 0.14789876 | Q12: =SUM(E12:P12) -> 1 | R12: =SUM(E12:P12) -> 1 | S12: =C12-R12 -> -1
A13: 5 | B13: ='ORÇ ABART CONSOLIDADA ADITIVO 1'!D33 -> ESTRUTURA | C13: ='ORÇ ABART CONSOLIDADA ADITIVO 1'!I33 -> 753145.36 | D13: =C13/$C$51 -> 0.30923391 | E13: 6754.82 | F13: 43655.05 | G13: 37708.6 | H13: 35636.4 | I13: 48617.76 | J13: 150450.61 | K13: 150629.07 | L13: 188286.34 | M13: 91406.71 | N13: =N14*$C$13 -> 0 | O13: =O14*$C$13 -> 0 | P13: =P14*$C$13 -> 0 | R13: =SUM(E13:P13) -> 753145.36 | S13: =C13-R13 -> 0
E14: =E13/$C13 -> 0.0089688131 | F14: =F13/$C13 -> 0.057963645 | G14: =G13/$C13 -> 0.050068157 | H14: =H13/$C13 -> 0.047316762 | I14: =I13/$C13 -> 0.064552957 | J14: =J13/$C13 -> 0.19976304 | K14: =K13/$C13 -> 0.2 | L14: =L13/$C13 -> 0.25 | M14: =M13/$C13 -> 0.12136662 | Q14: =SUM(E14:P14) -> 1 | R14: =SUM(E14:P14) -> 1 | S14: =C14-R14 -> -1
A15: 6 | B15: ='ORÇ ABART CONSOLIDADA ADITIVO 1'!D141 -> VEDAÇÃO E ELEVAÇÕES INTERNAS E EXTERNAS | C15: ='ORÇ ABART CONSOLIDADA ADITIVO 1'!I141 -> 211436.5 | D15: =C15/$C$51 -> 0.086813701 | E15: =E16*$C$15 -> 0 | F15: =F16*$C$15 -> 0 | G15: 6928.3 | H15: 6432.93 | I15: 17767.99 | J15: =J16*$C$15 -> 0 | K15: =K16*$C$15 -> 0 | L15: =L16*$C$15 -> 0 | M15: =M16*$C$15 -> 0 | N15: 169149.2 | O15: =O16*$C$15 -> 0 | P15: =P16*$C$15 -> 0 | R15: =SUM(E15:P15) -> 200278.42 | S15: =C15-R15 -> 11158.08
G16: =G15/$C15 -> 0.032767758 | H16: =H15/$C15 -> 0.030424879 | I16: =I15/$C15 -> 0.084034639 | N16: =N15/$C15 -> 0.8 | Q16: =SUM(E16:P16) -> 0.94722728 | R16: =SUM(E16:P16) -> 0.94722728 | S16: =C16-R16 -> -0.94722728
A17: 7 | B17: ='ORÇ ABART CONSOLIDADA ADITIVO 1'!D166 -> COBERTURA | C17: ='ORÇ ABART CONSOLIDADA ADITIVO 1'!I166 -> 42440.76 | D17: =C17/$C$51 -> 0.017425749 | E17: =E18*$C$17 -> 0 | F17: =F18*$C$17 -> 0 | G17: =G18*$C$17 -> 0 | H17: =H18*$C$17 -> 0 | I17: =I18*$C$17 -> 0 | J17: =J18*$C$17 -> 0 | K17: =K18*$C$17 -> 0 | L17: =L18*$C$17 -> 0 | M17: 29708.53 | N17: 12732.23 | O17: =O18*$C$17 -> 0 | P17: =P18*$C$17 -> 0 | R17: =SUM(E17:P17) -> 42440.76 | S17: =C17-R17 -> 0
M18: =M17/$C17 -> 0.69999995 | N18: =N17/$C17 -> 0.30000005 | Q18: =SUM(E18:P18) -> 1 | R18: =SUM(E18:P18) -> 1 | S18: =C18-R18 -> -1
A19: 8 | B19: ='ORÇ ABART CONSOLIDADA ADITIVO 1'!D172 -> IMPERMEABILIZAÇÃO | C19: ='ORÇ ABART CONSOLIDADA ADITIVO 1'!I172 -> 35324.53 | D19: =C19/$C$51 -> 0.014503897 | E19: =E20*$C$19 -> 0 | F19: =F20*$C$19 -> 0 | G19: =G20*$C$19 -> 0 | H19: =H20*$C$19 -> 0 | I19: =I20*$C$19 -> 0 | J19: =J20*$C$19 -> 0 | K19: =K20*$C$19 -> 0 | L19: =L20*$C$19 -> 0 | M19: 28259.62 | N19: 7064.91 | O19: =O20*$C$19 -> 0 | P19: =P20*$C$19 -> 0 | R19: =SUM(E19:P19) -> 35324.53 | S19: =C19-R19 -> 0
M20: =M19/$C19 -> 0.79999989 | N20: =N19/$C19 -> 0.20000011 | Q20: =SUM(E20:P20) -> 1 | R20: =SUM(E20:P20) -> 1 | S20: =C20-R20 -> -1
A21: 9 | B21: ='ORÇ ABART CONSOLIDADA ADITIVO 1'!D180 -> PAVIMENTAÇÃO | C21: ='ORÇ ABART CONSOLIDADA ADITIVO 1'!I180 -> 83931.8 | D21: =C21/$C$51 -> 0.034461553 | E21: =E22*$C$21 -> 0 | F21: =F22*$C$21 -> 0 | G21: =G22*$C$21 -> 0 | H21: =H22*$C$21 -> 0 | I21: =I22*$C$21 -> 0 | J21: =J22*$C$21 -> 0 | K21: =K22*$C$21 -> 0 | L21: 16786.36 | M21: 58752.26 | N21: 8393.18 | O21: =O22*$C$21 -> 0 | P21: =P22*$C$21 -> 0 | R21: =SUM(E21:P21) -> 83931.8 | S21: =C21-R21 -> 0
L22: =L21/$C21 -> 0.2 | M22: =M21/$C21 -> 0.7 | N22: =N21/$C21 -> 0.1 | Q22: =SUM(E22:P22) -> 1 | R22: =SUM(E22:P22) -> 1 | S22: =C22-R22 -> -1
A23: 10 | B23: ='ORÇ ABART CONSOLIDADA ADITIVO 1'!D194 -> REVESTIMENTOS INTERNOS E EXTERNOS | C23: ='ORÇ ABART CONSOLIDADA ADITIVO 1'!I194 -> 317669.02 | D23: =C23/$C$51 -> 0.13043171 | E23: =E24*$C$23 -> 0 | F23: =F24*$C$23 -> 0 | G23: =G24*$C$23 -> 0 | H23: =H24*$C$23 -> 0 | I23: =I24*$C$23 -> 0 | J23: =J24*$C$23 -> 0 | K23: =K24*$C$23 -> 0 | L23: =L24*$C$23 -> 0 | ... P23: =P24*$C$23 -> 0 | R23: =SUM(E23:P23) -> 0 | S23: =C23-R23 -> 317669.02
Q24: =SUM(E24:P24) -> 0 | R24: =SUM(E24:P24) -> 0 | S24: =C24-R24 -> 0
A25: 11 | B25: ='ORÇ ABART CONSOLIDADA ADITIVO 1'!D214 -> ESQUADRIAS | C25: ='ORÇ ABART CONSOLIDADA ADITIVO 1'!I214 -> 85836.62 | D25: =C25/$C$51 -> 0.035243653 | E25: =E26*$C$25 -> 0 | F25: =F26*$C$25 -> 0 | G25: =G26*$C$25 -> 0 | H25: =H26*$C$25 -> 0 | I25: =I26*$C$25 -> 0 | J25: =J26*$C$25 -> 0 | K25: =K26*$C$25 -> 0 | L25: =L26*$C$25 -> 0 | M25: =M26*$C$25 -> 0 | N25: =N26*$C$23 -> 0 | O25: =O26*$C$25 -> 0 | P25: =P26*$C$25 -> 0 | R25: =SUM(E25:P25) -> 0 | S25: =C25-R25 -> 85836.62
Q26: =SUM(E26:P26) -> 0 | R26: =SUM(E26:P26) -> 0 | S26: =C26-R26 -> 0
A27: 12 | B27: ='ORÇ ABART CONSOLIDADA ADITIVO 1'!D232 -> INSTALAÇÕES HIDROSSANITÁRIAS | C27: ='ORÇ ABART CONSOLIDADA ADITIVO 1'!I232 -> 45772.73 | D27: =C27/$C$51 -> 0.018793823 | E27: =E28*$C$27 -> 0 | F27: =F28*$C$27 -> 0 | G27: =G28*$C$27 -> 0 | H27: =H28*$C$27 -> 0 | I27: =I28*$C$27 -> 0 | J27: =J28*$C$27 -> 0 | K27: =K28*$C$27 -> 0 | L27: =L28*$C$27 -> 0 | M27: 9154.55 | N27: 18309.09 | O27: =O28*$C$27 -> 0 | P27: =P28*$C$27 -> 0 | R27: =SUM(E27:P27) -> 27463.64 | S27: =C27-R27 -> 18309.09
M28: =M27/$C27 -> 0.20000009 | N28: =N27/$C27 -> 0.39999996 | Q28: =SUM(E28:P28) -> 0.60000004 | R28: =SUM(E28:P28) -> 0.60000004 | S28: =C28-R28 -> -0.60000004
A29: 13 | B29: ='ORÇ ABART CONSOLIDADA ADITIVO 1'!D356 -> BANCADAS , LOUÇAS E METAIS | C29: ='ORÇ ABART CONSOLIDADA ADITIVO 1'!I356 -> 41036.45 | D29: =C29/$C$51 -> 0.016849154 | E29: =E30*$C$29 -> 0 | F29: =F30*$C$29 -> 0 | G29: =G30*$C$29 -> 0 | H29: =H30*$C$29 -> 0 | I29: =I30*$C$29 -> 0 | J29: =J30*$C$29 -> 0 | K29: =K30*$C$29 -> 0 | L29: =L30*$C$29 -> 0 | ... P29: =P30*$C$29 -> 0 | R29: =SUM(E29:P29) -> 41036.45 | S29: =C29-R29 -> 0
O30: 1 | Q30: =SUM(E30:P30) -> 1 | R30: =SUM(E30:P30) -> 1 | S30: =C30-R30 -> -1
A31: 14 | B31: ='ORÇ ABART CONSOLIDADA ADITIVO 1'!D373 -> INSTALAÇÕES ELÉTRICAS | C31: ='ORÇ ABART CONSOLIDADA ADITIVO 1'!I373 -> 87693.64 | D31: =C31/$C$51 -> 0.036006127 | E31: =E32*$C$31 -> 0 | F31: =F32*$C$31 -> 0 | G31: =G32*$C$31 -> 0 | H31: =H32*$C$31 -> 0 | I31: =I32*$C$31 -> 0 | J31: =J32*$C$31 -> 0 | K31: =K32*$C$31 -> 0 | L31: =L32*$C$31 -> 0 | M31: 17538.73 | N31: 26308.09 | O31: =O32*$C$31 -> 0 | P31: =P32*$C$31 -> 0 | R31: =SUM(E31:P31) -> 43846.82 | S31: =C31-R31 -> 43846.82
M32: =M31/$C31 -> 0.20000002 | N32: =N31/$C31 -> 0.29999998 | Q32: =SUM(E32:P32) -> 0.5 | R32: =SUM(E32:P32) -> 0.5 | S32: =C32-R32 -> -0.5
A33: 15 | B33: ='ORÇ ABART CONSOLIDADA ADITIVO 1'!D450 -> SPDA | C33: ='ORÇ ABART CONSOLIDADA ADITIVO 1'!I450 -> 13825.97 | D33: =C33/$C$51 -> 0.0056768043 | E33: =E34*$C$33 -> 0 | F33: =F34*$C$33 -> 0 | G33: =G34*$C$33 -> 0 | H33: =H34*$C$33 -> 1212.5376 | I33: =I34*$C$33 -> 544.74322 | J33: 946.46 | K33: =K34*$C$33 -> 0 | L33: =L34*$C$33 -> 0 | M33: 2765.19 | N33: 2765.19 | O33: =O34*$C$33 -> 0 | P33: =P34*$C$33 -> 0 | R33: =SUM(E33:P33) -> 8234.1208 | S33: =C33-R33 -> 5591.8492
H34: 0.0877 | I34: 0.0394 | J34: =J33/C33 -> 0.068455233 | M34: =M33/$C33 -> 0.19999971 | N34: =N33/$C33 -> 0.19999971 | Q34: =SUM(E34:P34) -> 0.59555465 | R34: =SUM(E34:P34) -> 0.59555465 | S34: =C34-R34 -> -0.59555465 | T34: =100% -> 1 | U34: =T34-H34-I34-J34 -> 0.80444477
A35: 16 | B35: ='ORÇ ABART CONSOLIDADA ADITIVO 1'!D469 -> INSTALAÇÕES DE AR CONDICIONADO | C35: ='ORÇ ABART CONSOLIDADA ADITIVO 1'!I469 -> 71737.33 | D35: =C35/$C$51 -> 0.029454626 | E35: =E36*$C$35 -> 0 | F35: =F36*$C$35 -> 0 | G35: =G36*$C$35 -> 0 | H35: =H36*$C$35 -> 0 | I35: =I36*$C$35 -> 0 | J35: =J36*$C$35 -> 0 | K35: =K36*$C$35 -> 0 | L35: =L36*$C$35 -> 0 | M35: =M36*$C$35 -> 0 | N35: 10760.6 | O35: =O36*$C$35 -> 53551.917 | P35: =P36*$C$35 -> 0 | R35: =SUM(E35:P35) -> 64312.517 | S35: =C35-R35 -> 7424.8132 | T35: =100% -> 1 | U35: =T35-H35-I35-J35 -> 1
N36: =N35/$C35 -> 0.15000001 | O36: 0.7465 | Q36: =SUM(E36:P36) -> 0.89650001 | R36: =SUM(E36:P36) -> 0.89650001 | S36: =C36-R36 -> -0.89650001 | T36: =100% -> 1 | U36: =T36-H36-I36-J36 -> 1
A37: 17 | B37: ='ORÇ ABART CONSOLIDADA ADITIVO 1'!D484 -> CABEAMENTO ESTRUTURADO , CFTV E ALARME | C37: ='ORÇ ABART CONSOLIDADA ADITIVO 1'!I484 -> 79522.31 | D37: =C37/$C$51 -> 0.032651061 | E37: =E38*$C$37 -> 0 | F37: =F38*$C$37 -> 0 | G37: =G38*$C$37 -> 0 | H37: =H38*$C$37 -> 0 | I37: =I38*$C$37 -> 0 | J37: =J38*$C$37 -> 0 | K37: =K38*$C$37 -> 0 | L37: =L38*$C$37 -> 0 | M37: =M38*$C$23 -> 0 | N37: =N38*$C$23 -> 0 | O37: =O38*$C$37 -> 0 | P37: =P38*$C$37 -> 16548.593 | R37: =SUM(E37:P37) -> 16548.593 | S37: =C37-R37 -> 62973.717 | T37: =100% -> 1 | U37: =T37-H37-I37-J37 -> 1
P38: 0.2081 | Q38: =SUM(E38:P38) -> 0.2081 | R38: =SUM(E38:P38) -> 0.2081 | S38: =C38-R38 -> -0.2081 | T38: =100% -> 1 | U38: =SUM(L38:N38) -> 0 | V38: =T38-U38 -> 1
A39: 18 | B39: ='ORÇ ABART CONSOLIDADA ADITIVO 1'!D521 -> COMBATE A INCÊNDIO E PÂNICO | C39: ='ORÇ ABART CONSOLIDADA ADITIVO 1'!I521 -> 5032.56 | D39: =C39/$C$51 -> 0.0020663185 | E39: =E40*$C$39 -> 0 | F39: =F40*$C$39 -> 0 | G39: =G40*$C$39 -> 0 | H39: =H40*$C$39 -> 0 | I39: =I40*$C$39 -> 0 | J39: =J40*$C$39 -> 0 | K39: =K40*$C$39 -> 0 | L39: =L40*$C$39 -> 0 | M39: =M40*$C$23 -> 0 | N39: =N40*$C$23 -> 0 | O39: =O40*$C$39 -> 0 | P39: =P40*$C$39 -> 4850.3813 | R39: =SUM(E39:P39) -> 4850.3813 | S39: =C39-R39 -> 182.17867 | T39: =100% -> 1 | U39: =T39-H39-I39-J39 -> 1
P40: 0.9638 | Q40: =SUM(E40:P40) -> 0.9638 | R40: =SUM(E40:P40) -> 0.9638 | S40: =C40-R40 -> -0.9638 | T40: =100% -> 1 | U40: =T40-H40-I40-J40 -> 1
A41: 19 | B41: ='ORÇ ABART CONSOLIDADA ADITIVO 1'!D528 -> PINTURA | C41: ='ORÇ ABART CONSOLIDADA ADITIVO 1'!I528 -> 28587.72 | D41: =C41/$C$51 -> 0.01173783 | E41: =E42*$C$41 -> 0 | F41: =F42*$C$41 -> 0 | G41: =G42*$C$41 -> 0 | H41: =H42*$C$41 -> 0 | I41: =I42*$C$41 -> 0 | J41: =J42*$C$41 -> 0 | K41: =K42*$C$41 -> 0 | L41: =L42*$C$41 -> 0 | M41: =M42*$C$23 -> 0 | N41: =N42*$C$23 -> 0 | O41: =O42*$C$41 -> 13176.08 | P41: =P42*$C$41 -> 15411.64 | R41: =SUM(E41:P41) -> 28587.72 | S41: =C41-R41 -> 0 | T41: =100% -> 1 | U41: =T41-H41-I41-J41 -> 1
O42: 0.4609 | P42: 0.5391 | Q42: =SUM(E42:P42) -> 1 | R42: =SUM(E42:P42) -> 1 | S42: =C42-R42 -> -1 | T42: =100% -> 1 | U42: =T42-H42-I42-J42 -> 1
A43: 20 | B43: ='ORÇ ABART CONSOLIDADA ADITIVO 1'!D538 -> ACESSIBILIDADE | C43: ='ORÇ ABART CONSOLIDADA ADITIVO 1'!I538 -> 177538.94 | D43: =C43/$C$51 -> 0.072895704 | E43: =E44*$C$41 -> 0 | F43: =F44*$C$41 -> 0 | G43: =G44*$C$41 -> 0 | H43: =H44*$C$41 -> 0 | I43: =I44*$C$41 -> 0 | K43: =K44*$C$41 -> 0 | L43: =L44*$C$41 -> 0 | M43: =M44*$C$23 -> 0 | N43: =N44*$C$23 -> 0 | O43: =O44*$C$43 -> 154281.34 | P43: =P44*$C$43 -> 0 | R43: =SUM(E43:P43) -> 154281.34 | S43: =C43-R43 -> 23257.601 | T43: =100% -> 1 | U43: =T43-H43-I43-J43 -> 1
O44: 0.869 | Q44: =SUM(E44:P44) -> 0.869 | R44: =SUM(E44:P44) -> 0.869 | S44: =C44-R44 -> -0.869 | T44: =100% -> 1 | U44: =T44-H44-I44-J44 -> 1
A45: 21 | B45: ='ORÇ ABART CONSOLIDADA ADITIVO 1'!D552 -> PAISAGISMO | C45: ='ORÇ ABART CONSOLIDADA ADITIVO 1'!I552 -> 7509.86 | D45: =C45/$C$51 -> 0.003083473 | E45: =E46*$C$41 -> 0 | F45: =F46*$C$41 -> 0 | G45: =G46*$C$41 -> 0 | H45: =H46*$C$41 -> 0 | I45: =I46*$C$41 -> 0 | J45: =J46*$C$41 -> 0 | K45: =K46*$C$41 -> 0 | L45: =L46*$C$41 -> 0 | M45: =M46*$C$23 -> 0 | N45: =N46*$C$23 -> 0 | O45: =O46*$C$45 -> 7509.86 | P45: =P46*$C$45 -> 0 | R45: =SUM(E45:P45) -> 7509.86 | S45: =C45-R45 -> 0 | T45: =100% -> 1 | U45: =T45-H45-I45-J45 -> 1
O46: 1 | Q46: =SUM(E46:P46) -> 1 | R46: =SUM(E46:P46) -> 1 | S46: =C46-R46 -> -1 | T46: =100% -> 1 | U46: =T46-H46-I46-J46 -> 1
A47: 22 | B47: ='ORÇ ABART CONSOLIDADA ADITIVO 1'!D559 -> SERVIÇOS COMPLEMENTARES | C47: ='ORÇ ABART CONSOLIDADA ADITIVO 1'!I559 -> 34981.61 | D47: =C47/$C$51 -> 0.014363097 | E47: =E48*$C$47 -> 0 | F47: =F48*$C$47 -> 0 | G47: =G48*$C$47 -> 0 | H47: =H48*$C$47 -> 0 | I47: =I48*$C$47 -> 0 | J47: =J48*$C$47 -> 0 | K47: =K48*$C$47 -> 0 | L47: =L48*$C$47 -> 0 | M47: =M48*$C$23 -> 0 | N47: =N48*$C$23 -> 0 | O47: =O48*$C$47 -> 6349.1622 | P47: =P48*$C$47 -> 28632.448 | R47: =SUM(E47:P47) -> 34981.61 | S47: =C47-R47 -> 0 | T47: =100% -> 1 | U47: =T47-H47-I47-J47 -> 1
O48: 0.1815 | P48: 0.8185 | Q48: =SUM(E48:P48) -> 1 | R48: =SUM(E48:P48) -> 1 | S48: =C48-R48 -> -1 | T48: =100% -> 1 | U48: =T48-H48-I48-J48 -> 1
A49: 23 | B49: ='ORÇ ABART CONSOLIDADA ADITIVO 1'!D578 -> AJUSTE PARA MANUTENÇÃO DO DESCONTO | C49: ='ORÇ ABART CONSOLIDADA ADITIVO 1'!I578 -> -344.71 | D49: =C49/$C$51 -> -0.00014153446 | M49: =M50*$C$23 -> 0 | N49: =N50*$C$23 -> 0 | P49: =P50*$C$49 -> -344.71
P50: 1 | Q50: =SUM(E50:P50) -> 1
B51: TOTAL GERAL | C51: =SUM(C5:C50)+0.17 -> 2435519.9 | D51: 1 | E51: =SUM(E5,E7,E9,E11,E13,E15,E17,E19,E21,E23,E25,E27,E29,E31,E33,E35,E37,E39,E41,E43,E45,E47,E49) -> 136014 | F51: =SUM(F5,F7,F9,F11,F13,F15,F17,F19,F21,F23,F25,F27,F29,F31,F33,F35,F37,F39,F41,F43,F45,F47,F49) -> 48697.05 | G51: =SUM(G5,G7,G9,G11,G13,G15,G17,G19,G21,G23,G25,G27,G29,G31,G33,G35,G37,G39,G41,G43,G45,G47,G49) -> 51530.36 | H51: =SUM(H5,H7,H9,H11,H13,H15,H17,H19,H21,H23,H25,H27,H29,H31,H33,H35,H37,H39,H41,H43,H45,H47,H49) -> 48592.938 | I51: =SUM(I5,I7,I9,I11,I13,I15,I17,I19,I21,I23,I25,I27,I29,I31,I33,I35,I37,I39,I41,I43,I45,I47,I49) -> 81599.413 | J51: =SUM(J5,J7,J9,J11,J13,J15,J17,J19,J21,J23,J25,J27,J29,J31,J33,J35,J37,J39,J41,J43,J45,J47,J49) -> 163313.32 | K51: =SUM(K5,K7,K9,K11,K13,K15,K17,K19,K21,K23,K25,K27,K29,K31,K33,K35,K37,K39,K41,K43,K45,K47,K49) -> 162495 | L51: =SUM(L5,L7,L9,L11,L13,L15,L17,L19,L21,L23,L25,L27,L29,L31,L33,L35,L37,L39,L41,L43,L45,L47,L49) -> 221237.35 | ... P51: =SUM(P5,P7,P9,P11,P13,P15,P17,P19,P21,P23,P25,P27,P29,P31,P33,P35,P37,P39,P41,P43,P45,P47,P49) -> 85127.572 | R51: =SUM(E51:P51) -> 1822912.8 | S51: =C51-R51 -> 612607.19 | T51: =100% -> 1 | U51: =T51-H51-I51-J51 -> -293504.67
A52: PERCENTUAIS | E52: =E51/$C$51 -> 0.055845981 | F52: =F51/$C$51 -> 0.019994519 | G52: =G51/$C$51 -> 0.021157848 | H52: =H51/$C$51 -> 0.019951772 | I52: =I51/$C$51 -> 0.033503899 | J52: =J51/$C$51 -> 0.067054807 | K52: =K51/$C$51 -> 0.066718813 | L52: =L51/$C$51 -> 0.090837832 | ... P52: =P51/$C$51 -> 0.034952525 | S52: =C52-R52 -> 0
A53: TOTAL ACUMULADO | E53: =E51 -> 136014 | F53: =E53+F51 -> 184711.05 | G53: =F53+G51 -> 236241.41 | H53: =G53+H51 -> 284834.35 | I53: =H53+I51 -> 366433.76 | J53: =I53+J51 -> 529747.08 | K53: =J53+K51 -> 692242.08 | L53: =K53+L51 -> 913479.43 | M53: =L53+M51 -> 1169663.3 | ... O53: =N53+O51 -> 1737785.2 | P53: =O53+P51+0.17 -> 1822912.9
A54: PERCENTUAIS ACUMULADO | E54: =E53/$C$51 -> 0.055845981 | F54: =E54+F52 -> 0.0758405 | G54: =F54+G52 -> 0.096998348 | H54: =G54+H52 -> 0.11695012 | I54: =H54+I52 -> 0.15045402 | J54: =I54+J52 -> 0.21750883 | K54: =J54+K52 -> 0.28422764 | L54: =K54+L52 -> 0.37506547 | M54: =L54+M52 -> 0.48025197 | ... P54: =O54+P52 -> 0.74846965
E61: _______________________________________________________________ Barbara Dantas Fernandes ABART ENGENHARIA - Engenharia Civil - Socia Administradora CREA-RN 21160338-0 | P61: =C51-P53 -> 612607.02

Sheet ADITIVO SANT
A5: PLANILHA ORÇAMENTÁRIA SINTÉTICA - ADITIVO 01
A6: =[8]Planilha1!A1 -> 0 | E6: BANCOS | F6: SINAPI - 09/2024 - Alagoas | I6: B.D.I.
A7: CONTRATO: | B7: nº 25/2024 | F7: ORSE - 06/2024 - Sergipe | I7: ='ORÇ MPAL '!G2 -> 22,47% | L7: LEGENDA: | N7: ADIÇÃO DE SERVIÇOS CONTRATADOS
A9: OBJETO: | B9: ='ORÇ MPAL '!D2 -> Construção da nova Promotoria de Justiça de Santana do Ipanema - Não desonerado | E9: Encargos Sociais: | N9: SUPRESSÃO DE SERVIÇOS CONTRATADOS
E11: Não desonerado Horista: 115,22% Mensalista: 70,31% | N11: ADIÇÃO DE SERVIÇOS NOVOS
A13: ITEM APÓS ADITIVO | B13: CÓDIGO | C13: BANCO | D13: DESCRIÇÃO DO SERVIÇO | E13: UNID. | F13: QUANT. ADITADA | G13: ADITIVO COM PREÇO DE REFERÊNCIA (PREÇOS DOS BANCOS - SINAPI E ORSE - REFERÊNCIA DA LICITAÇÃO) | J13: ADITIVO COM PREÇO DO CONTRATO ORIGINAL (SE ITEM NOVO, APLICA-SE DESCONTO GLOBAL DO CONTATRO ORIGINAL 21,85 % AO PREÇO DE REFERÊNCIA) | N13: CONTRATADO ORIGINAL ( ANTES DO ADITIVO) | P13: SUPRESSÃO / ADIÇÃO | Q13: TOTAL APÓS ADITIVO
G14: VALOR UNITÁRIO SEM BDI | H14: VALOR UNITÁRIO COM BDI | I14: TOTAL DO ADITIVO COM BDI | J14: ITEM CONTRATO ORIGINAL | K14: VALOR UNITÁRIO SEM BDI | L14: VALOR UNITÁRIO COM BDI | M14: TOTAL DO ADITIVO COM BDI | N14: QUANT. ORIGINAL ANTES DO ADITIVO | O14: TOTAL COM BDI ANTES DO ADITIVO | Q14: QUANT. APÓS ADITIVO | R14: TOTAL COM BDI APÓS ADITIVO
A15: ='ORÇ MPAL '!A44 -> 5.2 | D15: ='ORÇ MPAL '!D44 -> PILARES | I15: =SUM(I16:I18) -> 2724.91 | M15: =SUM(M16:M18) -> 2139.63 | O15: =SUM(O16:O18) -> 7801.03 | R15: =SUM(R16:R18) -> 9940.66
A16: ='ORÇ MPAL '!A52 -> 5.2.8 | B16: ='ORÇ MPAL '!B52 -> 94972 | C16: ='ORÇ MPAL '!C52 -> SINAPI | D16: ='ORÇ MPAL '!D52 -> CONCRETO FCK = 30MPA, TRAÇO 1:2,1:2,5 (EM MASSA SECA DE CIMENTO/ AREIA MÉDIA/ BRITA 1) - PREPARO MECÂNICO COM BETONEIRA 600 L. AF_05/2021 | E16: ='ORÇ MPAL '!E52 -> m³ | F16: ='M.C. ADITIVO 01 '!J10 -> -15.76 | G16: =VLOOKUP(B16,'ORÇ MPAL '!$B$6:$I$557,6,FALSE()) -> 479.35 | H16: =TRUNC(G16*(1+$I$7),2) -> 587.05 | I16: =TRUNC(F16*H16,2) -> -9251.9 | J16: =A16 -> 5.2.8 | K16: =IF(J16="novo",G16*(1-'M.D.G ABART'!$C$13),VLOOKUP(J16,'ORÇ ABART'!$A$6:$I$558,7,FALSE())) -> 374.13 | L16: =IF(J16="novo",K16*(1+$I$7),VLOOKUP(J16,'ORÇ ABART'!$A$6:$I$558,8,FALSE())) -> 458.19 | M16: =TRUNC(L16*F16,2) -> -7221.07 | N16: =VLOOKUP(J16,'ORÇ MPAL '!$A$5:$J$557,6,FALSE()) -> 15.76 | O16: =TRUNC(N16*L16,2) -> 7221.07 | P16: SUPRESSÃO | Q16: =F16+N16 -> 0 | R16: =TRUNC(Q16*L16,2) -> 0
A17: ='ORÇ MPAL '!A53 -> 5.2.9 | B17: ='ORÇ MPAL '!B53 -> 103673 | C17: ='ORÇ MPAL '!C53 -> SINAPI | D17: ='ORÇ MPAL '!D53 -> LANÇAMENTO COM USO DE BOMBA, ADENSAMENTO E ACABAMENTO DE CONCRETO EM ESTRUTURAS. AF_02/2022 | E17: ='ORÇ MPAL '!E53 -> m³ | F17: ='M.C. ADITIVO 01 '!J16 -> -15.76 | G17: =VLOOKUP(B17,'ORÇ MPAL '!$B$6:$I$557,6,FALSE()) -> 38.5 | H17: =TRUNC(G17*(1+$I$7),2) -> 47.15 | I17: =TRUNC(F17*H17,2) -> -743.08 | J17: =A17 -> 5.2.9 | K17: =IF(J17="novo",G17*(1-'M.D.G ABART'!$C$13),VLOOKUP(J17,'ORÇ ABART'!$A$6:$I$558,7,FALSE())) -> 30.04 | L17: =IF(J17="novo",K17*(1+$I$7),VLOOKUP(J17,'ORÇ ABART'!$A$6:$I$558,8,FALSE())) -> 36.8 | M17: =TRUNC(L17*F17,2) -> -579.96 | N17: =VLOOKUP(J17,'ORÇ MPAL '!$A$5:$J$557,6,FALSE()) -> 15.76 | O17: =TRUNC(N17*L17,2) -> 579.96 | P17: SUPRESSÃO | Q17: =F17+N17 -> 0 | R17: =TRUNC(Q17*L17,2) -> 0
A18: 5.2.10 | B18: MP-0082 | C18: Próprio | D18: CONCRETAGEM DE PILARES, FCK = 30 MPA, COM USO DE BOMBA - LANÇAMENTO, ADENSAMENTO E ACABAMENTO. AF_02/2022_PS - (Composição de ref. SINAPI (103672) | E18: m³ | F18: ='M.C. ADITIVO 01 '!J22 -> 15.76 | G18: 659.02 | H18: =TRUNC(G18*(1+$I$7),2) -> 807.1 | I18: =TRUNC(F18*H18,2) -> 12719.89 | J18: =IFERROR(VLOOKUP(B18,'ORÇ MPAL '!$B$6:$K$558,10,FALSE()),"NOVO") -> NOVO | K18: =IF(J18="novo",G18*(1-'M.D.G ABART'!$C$13),VLOOKUP(J18,'ORÇ ABART'!$A$6:$I$558,7,FALSE())) -> 515.02659 | L18: =IF(J18="novo",K18*(1+$I$7),VLOOKUP(J18,'ORÇ ABART'!$A$6:$I$558,8,FALSE())) -> 630.75307 | M18: =TRUNC(L18*F18,2) -> 9940.66 | N18: 0 | O18: =TRUNC(N18*L18,2) -> 0 | P18: ADIÇÃO | Q18: =F18+N18 -> 15.76 | R18: =TRUNC(Q18*L18,2) -> 9940.66
A19: ='ORÇ MPAL '!A55 -> 5.3.1 | D19: ='ORÇ MPAL '!D55 -> BALDRAMES | I19: =SUM(I20:I25) -> 14028.21 | M19: =SUM(M20:M25) -> 10955.55 | O19: =SUM(O20:O25) -> 5949.52 | R19: =SUM(R20:R25) -> 16905.07
A20: ='ORÇ MPAL '!A62 -> 5.3.1.7 | B20: ='ORÇ MPAL '!B62 -> 94966 | C20: ='ORÇ MPAL '!C62 -> SINAPI | D20: ='ORÇ MPAL '!D62 -> CONCRETO FCK = 30MPA, TRAÇO 1:2,1:2,5 (EM MASSA SECA DE CIMENTO/ AREIA MÉDIA/ BRITA 1) - PREPARO MECÂNICO COM BETONEIRA 400 L. AF_05/2021 | E20: ='ORÇ MPAL '!E62 -> m³ | F20: ='M.C. ADITIVO 01 '!J29 -> -11.9 | G20: =VLOOKUP(B20,'ORÇ MPAL '!$B$6:$I$557,6,FALSE()) -> 484.55 | H20: =TRUNC(G20*(1+$I$7),2) -> 593.42 | I20: =TRUNC(F20*H20,2) -> -7061.69 | J20: =A20 -> 5.3.1.7 | K20: =IF(J20="novo",G20*(1-'M.D.G ABART'!$C$13),VLOOKUP(J20,'ORÇ ABART'!$A$6:$I$558,7,FALSE())) -> 378.19 | L20: =IF(J20="novo",K20*(1+$I$7),VLOOKUP(J20,'ORÇ ABART'!$A$6:$I$558,8,FALSE())) -> 463.16 | M20: =TRUNC(L20*F20,2) -> -5511.6 | N20: =VLOOKUP(J20,'ORÇ MPAL '!$A$5:$J$557,6,FALSE()) -> 11.9 | O20: =TRUNC(N20*L20,2) -> 5511.6 | P20: SUPRESSÃO | Q20: =F20+N20 -> 0 | R20: =TRUNC(Q20*L20,2) -> 0
A21: ='ORÇ MPAL '!A63 -> 5.3.1.8 | B21: ='ORÇ MPAL '!B63 -> 103673 | C21: ='ORÇ MPAL '!C63 -> SINAPI | D21: ='ORÇ MPAL '!D63 -> LANÇAMENTO COM USO DE BOMBA, ADENSAMENTO E ACABAMENTO DE CONCRETO EM ESTRUTURAS. AF_02/2022 | E21: ='ORÇ MPAL '!E63 -> m³ | F21: ='M.C. ADITIVO 01 '!J35 -> -11.9 | G21: =VLOOKUP(B21,'ORÇ MPAL '!$B$6:$I$557,6,FALSE()) -> 38.5 | H21: =TRUNC(G21*(1+$I$7),2) -> 47.15 | I21: =TRUNC(F21*H21,2) -> -561.08 | J21: =A21 -> 5.3.1.8 | K21: =IF(J21="novo",G21*(1-'M.D.G ABART'!$C$13),VLOOKUP(J21,'ORÇ ABART'!$A$6:$I$558,7,FALSE())) -> 30.04 | L21: =IF(J21="novo",K21*(1+$I$7),VLOOKUP(J21,'ORÇ ABART'!$A$6:$I$558,8,FALSE())) -> 36.8 | M21: =TRUNC(L21*F21,2) -> -437.92 | N21: =VLOOKUP(J21,'ORÇ MPAL '!$A$5:$J$557,6,FALSE()) -> 11.9 | O21: =TRUNC(N21*L21,2) -> 437.92 | P21: SUPRESSÃO | Q21: =F21+N21 -> 0 | R21: =TRUNC(Q21*L21,2) -> 0
A22: 5.3.1.9 | B22: 96557 | C22: SINAPI | D22: CONCRETAGEM DE BLOCOS DE COROAMENTO OU VIGA BALDRAME, FCK 30 MPA, COM USO DE BOMBA- LANÇAMENTO, ADENSAMENTO E ACABAMENTO. AF_01/2024 | E22: m³ | F22: ='M.C. ADITIVO 01 '!J41 -> 11.9 | G22: 710.58 | H22: =TRUNC(G22*(1+$I$7),2) -> 870.24 | I22: =TRUNC(F22*H22,2) -> 10355.85 | J22: =IFERROR(VLOOKUP(B22,'ORÇ MPAL '!B4:K556,10,FALSE()),"NOVO") -> NOVO | K22: =IF(J22="novo",G22*(1-'M.D.G ABART'!$C$13),VLOOKUP(J22,'ORÇ ABART'!$A$6:$I$558,7,FALSE())) -> 555.32093 | L22: =IF(J22="novo",K22*(1+$I$7),VLOOKUP(J22,'ORÇ ABART'!$A$6:$I$558,8,FALSE())) -> 680.10154 | M22: =TRUNC(L22*F22,2) -> 8093.2 | N22: 0 | O22: =TRUNC(N22*L22,2) -> 0 | P22: ADIÇÃO | Q22: =F22+N22 -> 11.9 | R22: =TRUNC(Q22*L22,2) -> 8093.2
A23: 5.3.1.10 | B23: 102354 | C23: SINAPI | D23: DESMONTE DE MATERIAL DE 3ª CATEGORIA (BLOCOS DE ROCHAS OU MATACOS), COM MARTELETE PNEUMÁTICO MANUAL - EXCLUSIVE CARGA E TRANSPORTE. AF_03/2021 | E23: m³ | F23: ='M.C. ADITIVO 01 '!J76 -> 29.732275 | G23: 143.32 | H23: =TRUNC(G23*(1+$I$7),2) -> 175.52 | I23: =TRUNC(F23*H23,2) -> 5218.6 | J23: =IFERROR(VLOOKUP(B23,'ORÇ MPAL '!B5:K557,10,FALSE()),"NOVO") -> 4.3 | K23: =IF(J23="novo",G23*(1-'M.D.G ABART'!$C$13),VLOOKUP(J23,'ORÇ ABART'!$A$6:$I$558,7,FALSE())) -> 111.86 | L23: =IF(J23="novo",K23*(1+$I$7),VLOOKUP(J23,'ORÇ ABART'!$A$6:$I$558,8,FALSE())) -> 136.99 | M23: =TRUNC(L23*F23,2) -> 4073.02 | N23: 0 | O23: =TRUNC(N23*L23,2) -> 0 | P23: ADIÇÃO | Q23: =F23+N23 -> 29.732275 | R23: =TRUNC(Q23*L23,2) -> 4073.02
A24: 5.3.1.11 | B24: 102361 | C24: SINAPI | D24: RETIRADA DE MATERIAL DE 3ª CATEGORIA (APÓS ESCAVAÇÃO/DESMONTE) EM VALAS, COM RETROESCAVADEIRA - EXCLUSIVE CARGA E TRANSPORTE. AF_03/2021 | E24: m² | F24: ='M.C. ADITIVO 01 '!J83 -> 44.598413 | G24: =VLOOKUP(B24,'ORÇ MPAL '!$B$6:$I$557,6,FALSE()) -> 32.01 | H24: =TRUNC(G24*(1+$I$7),2) -> 39.2 | I24: =TRUNC(F24*H24,2) -> 1748.25 | J24: =IFERROR(VLOOKUP(B24,'ORÇ MPAL '!$B$6:$K$558,10,FALSE()),"NOVO") -> 4.5 | K24: =IF(J24="novo",G24*(1-'M.D.G ABART'!$C$13),VLOOKUP(J24,'ORÇ ABART'!$A$6:$I$558,7,FALSE())) -> 24.98 | L24: =IF(J24="novo",K24*(1+$I$7),VLOOKUP(J24,'ORÇ ABART'!$A$6:$I$558,8,FALSE())) -> 30.59 | M24: =TRUNC(L24*F24,2) -> 1364.26 | N24: 0 | O24: =TRUNC(N24*L24,2) -> 0 | P24: ADIÇÃO | Q24: =F24+N24 -> 44.598413 | R24: =TRUNC(Q24*L24,2) -> 1364.26
A25: 5.3.1.12 | B25: 95875 | C25: ORSE | D25: TRANSPORTE COM CAMINHÃO BASCULANTE DE 10 M³, EM VIA URBANA PAVIMENTADA, DMT ATÉ 30 KM (UNIDADE: M3XKM). AF_07/2020 | E25: m³xkm | F25: ='M.C. ADITIVO 01 '!J91 -> 1467.2141 | G25: =VLOOKUP(B25,'ORÇ MPAL '!$B$6:$I$557,6,FALSE()) -> 2.41 | H25: =TRUNC(G25*(1+$I$7),2) -> 2.95 | I25: =TRUNC(F25*H25,2) -> 4328.28 | J25: =IFERROR(VLOOKUP(B25,'ORÇ MPAL '!$B$6:$K$558,10,FALSE()),"NOVO") -> 4.6 | K25: =IF(J25="novo",G25*(1-'M.D.G ABART'!$C$13),VLOOKUP(J25,'ORÇ ABART'!$A$6:$I$558,7,FALSE())) -> 1.88 | L25: =IF(J25="novo",K25*(1+$I$7),VLOOKUP(J25,'ORÇ ABART'!$A$6:$I$558,8,FALSE())) -> 2.3 | M25: =TRUNC(L25*F25,2) -> 3374.59 | N25: 0 | O25: =TRUNC(N25*L25,2) -> 0 | P25: ADIÇÃO | Q25: =F25+N25 -> 1467.2141 | R25: =TRUNC(Q25*L25,2) -> 3374.59
A26: ='ORÇ ABART'!A64 -> 5.3.2 | D26: ='ORÇ ABART'!D64 -> NÍVEL 1 E NÍVEL 2 | I26: =SUM(I27:I29) -> 11901.63 | M26: =SUM(M27:M29) -> 9345.43 | O26: =SUM(O27:O29) -> 34015.7 | R26: =SUM(R27:R29) -> 43361.13
A27: ='ORÇ MPAL '!A74 -> 5.3.2.10 | B27: ='ORÇ MPAL '!B74 -> 94972 | C27: ='ORÇ MPAL '!C74 -> SINAPI | D27: ='ORÇ MPAL '!D74 -> CONCRETO FCK = 30MPA, TRAÇO 1:2,1:2,5 (EM MASSA SECA DE CIMENTO/ AREIA MÉDIA/ BRITA 1) - PREPARO MECÂNICO COM BETONEIRA 600 L. AF_05/2021 | E27: ='ORÇ MPAL '!E74 -> m³ | F27: ='M.C. ADITIVO 01 '!J98 -> -68.72 | G27: =VLOOKUP(B27,'ORÇ MPAL '!$B$6:$I$557,6,FALSE()) -> 479.35 | H27: =TRUNC(G27*(1+$I$7),2) -> 587.05 | I27: =TRUNC(F27*H27,2) -> -40342.07 | J27: =A27 -> 5.3.2.10 | K27: =IF(J27="novo",G27*(1-'M.D.G ABART'!$C$13),VLOOKUP(J27,'ORÇ ABART'!$A$6:$I$558,7,FALSE())) -> 374.13 | L27: =IF(J27="novo",K27*(1+$I$7),VLOOKUP(J27,'ORÇ ABART'!$A$6:$I$558,8,FALSE())) -> 458.19 | M27: =TRUNC(L27*F27,2) -> -31486.81 | N27: =VLOOKUP(J27,'ORÇ MPAL '!$A$5:$J$557,6,FALSE()) -> 68.72 | O27: =TRUNC(N27*L27,2) -> 31486.81 | P27: SUPRESSÃO | Q27: =F27+N27 -> 0 | R27: =TRUNC(Q27*L27,2) -> 0
A28: ='ORÇ MPAL '!A75 -> 5.3.2.11 | B28: ='ORÇ MPAL '!B75 -> 103673 | C28: ='ORÇ MPAL '!C75 -> SINAPI | D28: ='ORÇ MPAL '!D75 -> LANÇAMENTO COM USO DE BOMBA, ADENSAMENTO E ACABAMENTO DE CONCRETO EM ESTRUTURAS. AF_02/2022 | E28: ='ORÇ MPAL '!E75 -> m³ | F28: ='M.C. ADITIVO 01 '!J104 -> -68.72 | G28: =VLOOKUP(B28,'ORÇ MPAL '!$B$6:$I$557,6,FALSE()) -> 38.5 | H28: =TRUNC(G28*(1+$I$7),2) -> 47.15 | I28: =TRUNC(F28*H28,2) -> -3240.14 | J28: =A28 -> 5.3.2.11 | K28: =IF(J28="novo",G28*(1-'M.D.G ABART'!$C$13),VLOOKUP(J28,'ORÇ ABART'!$A$6:$I$558,7,FALSE())) -> 30.04 | L28: =IF(J28="novo",K28*(1+$I$7),VLOOKUP(J28,'ORÇ ABART'!$A$6:$I$558,8,FALSE())) -> 36.8 | M28: =TRUNC(L28*F28,2) -> -2528.89 | N28: =VLOOKUP(J28,'ORÇ MPAL '!$A$5:$J$557,6,FALSE()) -> 68.72 | O28: =TRUNC(N28*L28,2) -> 2528.89 | P28: SUPRESSÃO | Q28: =F28+N28 -> 0 | R28: =TRUNC(Q28*L28,2) -> 0
A29: 5.3.2.12 | B29: MP-0011 | C29: Próprio | D29: CONCRETAGEM DE VIGAS E LAJES, FCK=30 MPA, PARA LAJES MACIÇAS OU NERVURADAS COM USO DE BOMBA - LANÇAMENTO, ADENSAMENTO E ACABAMENTO. (Composição de ref. SINAPI - 09/2024 - 103675) | E29: m³ | F29: ='M.C. ADITIVO 01 '!J110 -> 68.72 | G29: 659.26 | H29: =TRUNC(G29*(1+$I$7),2) -> 807.39 | I29: =TRUNC(F29*H29,2) -> 55483.84 | J29: =IFERROR(VLOOKUP(B29,'ORÇ MPAL '!$B$6:$K$558,10,FALSE()),"NOVO") -> NOVO | K29: =IF(J29="novo",G29*(1-'M.D.G ABART'!$C$13),VLOOKUP(J29,'ORÇ ABART'!$A$6:$I$558,7,FALSE())) -> 515.21415 | L29: =IF(J29="novo",K29*(1+$I$7),VLOOKUP(J29,'ORÇ ABART'!$A$6:$I$558,8,FALSE())) -> 630.98278 | M29: =TRUNC(L29*F29,2) -> 43361.13 | N29: 0 | O29: =TRUNC(N29*L29,2) -> 0 | P29: ADIÇÃO | Q29: =F29+N29 -> 68.72 | R29: =TRUNC(Q29*L29,2) -> 43361.13
A30: ='ORÇ MPAL '!A76 -> 5.4 | D30: ='ORÇ MPAL '!D76 -> LAJES | I30: =SUM(I31:I33) -> 18275.02 | M30: =SUM(M31:M33) -> 14349.97 | O30: =SUM(O31:O33) -> 52231.33 | R30: =SUM(R31:R33) -> 66581.3
A31: ='ORÇ MPAL '!A87 -> 5.4.11 | B31: ='ORÇ MPAL '!B87 -> 94972 | C31: ='ORÇ MPAL '!C87 -> SINAPI | D31: ='ORÇ MPAL '!D87 -> CONCRETO FCK = 30MPA, TRAÇO 1:2,1:2,5 (EM MASSA SECA DE CIMENTO/ AREIA MÉDIA/ BRITA 1) - PREPARO MECÂNICO COM BETONEIRA 600 L. AF_05/2021 | E31: ='ORÇ MPAL '!E87 -> m³ | F31: ='M.C. ADITIVO 01 '!J117 -> -105.52 | G31: =VLOOKUP(B31,'ORÇ MPAL '!$B$6:$I$557,6,FALSE()) -> 479.35 | H31: =TRUNC(G31*(1+$I$7),2) -> 587.05 | I31: =TRUNC(F31*H31,2) -> -61945.51 | J31: =A31 -> 5.4.11 | K31: =IF(J31="novo",G31*(1-'M.D.G ABART'!$C$13),VLOOKUP(J31,'ORÇ ABART'!$A$6:$I$558,7,FALSE())) -> 374.13 | L31: =IF(J31="novo",K31*(1+$I$7),VLOOKUP(J31,'ORÇ ABART'!$A$6:$I$558,8,FALSE())) -> 458.19 | M31: =TRUNC(L31*F31,2) -> -48348.2 | N31: =VLOOKUP(J31,'ORÇ MPAL '!$A$5:$J$557,6,FALSE()) -> 105.52 | O31: =TRUNC(N31*L31,2) -> 48348.2 | P31: SUPRESSÃO | Q31: =F31+N31 -> 0 | R31: =TRUNC(Q31*L31,2) -> 0
A32: ='ORÇ MPAL '!A88 -> 5.4.12 | B32: ='ORÇ MPAL '!B88 -> 103673 | C32: ='ORÇ MPAL '!C88 -> SINAPI | D32: ='ORÇ MPAL '!D88 -> LANÇAMENTO COM USO DE BOMBA, ADENSAMENTO E ACABAMENTO DE CONCRETO EM ESTRUTURAS. AF_02/2022 | E32: ='ORÇ MPAL '!E88 -> m³ | F32: ='M.C. ADITIVO 01 '!J123 -> -105.52 | G32: =VLOOKUP(B32,'ORÇ MPAL '!$B$6:$I$557,6,FALSE()) -> 38.5 | H32: =TRUNC(G32*(1+$I$7),2) -> 47.15 | I32: =TRUNC(F32*H32,2) -> -4975.26 | J32: =A32 -> 5.4.12 | K32: =IF(J32="novo",G32*(1-'M.D.G ABART'!$C$13),VLOOKUP(J32,'ORÇ ABART'!$A$6:$I$558,7,FALSE())) -> 30.04 | L32: =IF(J32="novo",K32*(1+$I$7),VLOOKUP(J32,'ORÇ ABART'!$A$6:$I$558,8,FALSE())) -> 36.8 | M32: =TRUNC(L32*F32,2) -> -3883.13 | N32: =VLOOKUP(J32,'ORÇ MPAL '!$A$5:$J$557,6,FALSE()) -> 105.52 | O32: =TRUNC(N32*L32,2) -> 3883.13 | P32: SUPRESSÃO | Q32: =F32+N32 -> 0 | R32: =TRUNC(Q32*L32,2) -> 0
A33: 5.4.13 | B33: MP-0011 | C33: Próprio | D33: CONCRETAGEM DE VIGAS E LAJES, FCK=30 MPA, PARA LAJES MACIÇAS OU NERVURADAS COM USO DE BOMBA - LANÇAMENTO, ADENSAMENTO E ACABAMENTO. (Composição de ref. SINAPI - 09/2024 - 103675) | E33: m³ | F33: ='M.C. ADITIVO 01 '!J129 -> 105.52 | G33: 659.26 | H33: =TRUNC(G33*(1+$I$7),2) -> 807.39 | I33: =TRUNC(F33*H33,2) -> 85195.79 | J33: =IFERROR(VLOOKUP(B33,'ORÇ MPAL '!$B$6:$K$558,10,FALSE()),"NOVO") -> NOVO | K33: =IF(J33="novo",G33*(1-'M.D.G ABART'!$C$13),VLOOKUP(J33,'ORÇ ABART'!$A$6:$I$558,7,FALSE())) -> 515.21415 | L33: =IF(J33="novo",K33*(1+$I$7),VLOOKUP(J33,'ORÇ ABART'!$A$6:$I$558,8,FALSE())) -> 630.98278 | M33: =TRUNC(L33*F33,2) -> 66581.3 | N33: 0 | O33: =TRUNC(N33*L33,2) -> 0 | P33: ADIÇÃO | Q33: =F33+N33 -> 105.52 | R33: =TRUNC(Q33*L33,2) -> 66581.3
A34: ='ORÇ MPAL '!A89 -> 5.5 | D34: ='ORÇ MPAL '!D89 -> ESCADAS | I34: =SUM(I35:I37) -> 2366.63 | M34: =SUM(M35:M37) -> 1855.75 | O34: =SUM(O35:O37) -> 4786.54 | R34: =SUM(R35:R37) -> 6642.29
A35: ='ORÇ MPAL '!A98 -> 5.5.9 | B35: ='ORÇ MPAL '!B98 -> 94972 | C35: ='ORÇ MPAL '!C98 -> SINAPI | D35: ='ORÇ MPAL '!D98 -> CONCRETO FCK = 30MPA, TRAÇO 1:2,1:2,5 (EM MASSA SECA DE CIMENTO/ AREIA MÉDIA/ BRITA 1) - PREPARO MECÂNICO COM BETONEIRA 600 L. AF_05/2021 | E35: ='ORÇ MPAL '!E98 -> m³ | F35: ='M.C. ADITIVO 01 '!J136 -> -9.67 | G35: =VLOOKUP(B35,'ORÇ MPAL '!$B$6:$I$557,6,FALSE()) -> 479.35 | H35: =TRUNC(G35*(1+$I$7),2) -> 587.05 | I35: =TRUNC(F35*H35,2) -> -5676.77 | J35: =A35 -> 5.5.9 | K35: =IF(J35="novo",G35*(1-'M.D.G ABART'!$C$13),VLOOKUP(J35,'ORÇ ABART'!$A$6:$I$558,7,FALSE())) -> 374.13 | L35: =IF(J35="novo",K35*(1+$I$7),VLOOKUP(J35,'ORÇ ABART'!$A$6:$I$558,8,FALSE())) -> 458.19 | M35: =TRUNC(L35*F35,2) -> -4430.69 | N35: =VLOOKUP(J35,'ORÇ MPAL '!$A$5:$J$557,6,FALSE()) -> 9.67 | O35: =TRUNC(N35*L35,2) -> 4430.69 | P35: SUPRESSÃO | Q35: =F35+N35 -> 0 | R35: =TRUNC(Q35*L35,2) -> 0
A36: ='ORÇ MPAL '!A99 -> 5.5.10 | B36: ='ORÇ MPAL '!B99 -> 103673 | C36: ='ORÇ MPAL '!C99 -> SINAPI | D36: ='ORÇ MPAL '!D99 -> LANÇAMENTO COM USO DE BOMBA, ADENSAMENTO E ACABAMENTO DE CONCRETO EM ESTRUTURAS. AF_02/2022 | E36: ='ORÇ MPAL '!E99 -> m³ | F36: ='M.C. ADITIVO 01 '!J142 -> -9.67 | G36: =VLOOKUP(B36,'ORÇ MPAL '!$B$6:$I$557,6,FALSE()) -> 38.5 | H36: =TRUNC(G36*(1+$I$7),2) -> 47.15 | I36: =TRUNC(F36*H36,2) -> -455.94 | J36: =A36 -> 5.5.10 | K36: =IF(J36="novo",G36*(1-'M.D.G ABART'!$C$13),VLOOKUP(J36,'ORÇ ABART'!$A$6:$I$558,7,FALSE())) -> 30.04 | L36: =IF(J36="novo",K36*(1+$I$7),VLOOKUP(J36,'ORÇ ABART'!$A$6:$I$558,8,FALSE())) -> 36.8 | M36: =TRUNC(L36*F36,2) -> -355.85 | N36: =VLOOKUP(J36,'ORÇ MPAL '!$A$5:$J$557,6,FALSE()) -> 9.67 | O36: =TRUNC(N36*L36,2) -> 355.85 | P36: SUPRESSÃO | Q36: =F36+N36 -> 0 | R36: =TRUNC(Q36*L36,2) -> 0
A37: 5.5.11 | B37: MP-0083 | C37: Próprio | D37: CONCRETAGEM DE ESCADAS, FCK=30 MPA, COM USO DE BOMBA - LANÇAMENTO, ADENSAMENTO E ACABAMENTO. AF_02/2022_PS (Composição de ref. SINAPI 103686) | E37: m³ | F37: ='M.C. ADITIVO 01 '!J148 -> 9.67 | G37: 717.68 | H37: =TRUNC(G37*(1+$I$7),2) -> 878.94 | I37: =TRUNC(F37*H37,2) -> 8499.34 | J37: =IFERROR(VLOOKUP(B37,'ORÇ MPAL '!$B$6:$K$558,10,FALSE()),"NOVO") -> NOVO | K37: =IF(J37="novo",G37*(1-'M.D.G ABART'!$C$13),VLOOKUP(J37,'ORÇ ABART'!$A$6:$I$558,7,FALSE())) -> 560.8696 | L37: =IF(J37="novo",K37*(1+$I$7),VLOOKUP(J37,'ORÇ ABART'!$A$6:$I$558,8,FALSE())) -> 686.897 | M37: =TRUNC(L37*F37,2) -> 6642.29 | N37: 0 | O37: =TRUNC(N37*L37,2) -> 0 | P37: ADIÇÃO | Q37: =F37+N37 -> 9.67 | R37: =TRUNC(Q37*L37,2) -> 6642.29
A38: ='ORÇ MPAL '!A108 -> 5.7 | D38: ='ORÇ MPAL '!D108 -> MURO DE FLEXÃO | I38: =SUM(I39:I56) -> -148907.65 | M38: =SUM(M39:M56) -> -116174.69 | O38: =SUM(O39:O56) -> 139333.4 | R38: =SUM(R39:R56) -> 23158.7
A39: ='ORÇ MPAL '!A109 -> 5.7.1 | B39: ='ORÇ MPAL '!B109 -> 96523 | C39: ='ORÇ MPAL '!C109 -> SINAPI | D39: ='ORÇ MPAL '!D109 -> ESCAVAÇÃO MANUAL PARA BLOCO DE COROAMENTO OU SAPATA (INCLUINDO ESCAVAÇÃO PARA COLOCAÇÃO DE FÔRMAS). AF_01/2024 | E39: ='ORÇ MPAL '!E109 -> m³ | F39: ='M.C. ADITIVO 01 '!J155 -> -62.72 | G39: =VLOOKUP(B39,'ORÇ MPAL '!$B$6:$I$557,6,FALSE()) -> 87.38 | H39: =TRUNC(G39*(1+$I$7),2) -> 107.01 | I39: =TRUNC(F39*H39,2) -> -6711.66 | J39: =A39 -> 5.7.1 | K39: =IF(J39="novo",G39*(1-'M.D.G ABART'!$C$13),VLOOKUP(J39,'ORÇ ABART'!$A$6:$I$558,7,FALSE())) -> 68.2 | L39: =IF(J39="novo",K39*(1+$I$7),VLOOKUP(J39,'ORÇ ABART'!$A$6:$I$558,8,FALSE())) -> 83.52 | M39: =TRUNC(L39*F39,2) -> -5238.37 | N39: =VLOOKUP(J39,'ORÇ MPAL '!$A$5:$J$557,6,FALSE()) -> 62.72 | O39: =TRUNC(N39*L39,2) -> 5238.37 | P39: SUPRESSÃO | Q39: =F39+N39 -> 0 | R39: =TRUNC(Q39*L39,2) -> 0
A40: ='ORÇ MPAL '!A110 -> 5.7.2 | B40: ='ORÇ MPAL '!B110 -> 96619 | C40: ='ORÇ MPAL '!C110 -> SINAPI | D40: ='ORÇ MPAL '!D110 -> LASTRO DE CONCRETO MAGRO, APLICADO EM BLOCOS DE COROAMENTO OU SAPATAS, ESPESSURA DE 5 CM. AF_01/2024 | E40: ='ORÇ MPAL '!E110 -> m² | F40: ='M.C. ADITIVO 01 '!J164 -> -112.831 | G40: =VLOOKUP(B40,'ORÇ MPAL '!$B$6:$I$557,6,FALSE()) -> 35.71 | H40: =TRUNC(G40*(1+$I$7),2) -> 43.73 | I40: =TRUNC(F40*H40,2) -> -4934.09 | J40: =A40 -> 5.7.2 | K40: =IF(J40="novo",G40*(1-'M.D.G ABART'!$C$13),VLOOKUP(J40,'ORÇ ABART'!$A$6:$I$558,7,FALSE())) -> 27.87 | L40: =IF(J40="novo",K40*(1+$I$7),VLOOKUP(J40,'ORÇ ABART'!$A$6:$I$558,8,FALSE())) -> 34.13 | M40: =TRUNC(L40*F40,2) -> -3850.92 | N40: =VLOOKUP(J40,'ORÇ MPAL '!$A$5:$J$557,6,FALSE()) -> 125.44 | O40: =TRUNC(N40*L40,2) -> 4281.26 | P40: SUPRESSÃO | Q40: =F40+N40 -> 12.609 | R40: =TRUNC(Q40*L40,2) -> 430.34
A41: ='ORÇ MPAL '!A111 -> 5.7.3 | B41: ='ORÇ MPAL '!B111 -> 11661 | C41: ='ORÇ MPAL '!C111 -> ORSE | D41: ='ORÇ MPAL '!D111 -> Forma plana para estruturas, em compensado resinado de 14mm, 07 usos, inclusive escoramento - Revisada 07.2015 | E41: ='ORÇ MPAL '!E111 -> m² | F41: ='M.C. ADITIVO 01 '!J173 -> -408.37 | G41: =VLOOKUP(B41,'ORÇ MPAL '!$B$6:$I$557,6,FALSE()) -> 46.41 | H41: =TRUNC(G41*(1+$I$7),2) -> 56.83 | I41: =TRUNC(F41*H41,2) -> -23207.66 | J41: =A41 -> 5.7.3 | K41: =IF(J41="novo",G41*(1-'M.D.G ABART'!$C$13),VLOOKUP(J41,'ORÇ ABART'!$A$6:$I$558,7,FALSE())) -> 36.22 | L41: =IF(J41="novo",K41*(1+$I$7),VLOOKUP(J41,'ORÇ ABART'!$A$6:$I$558,8,FALSE())) -> 44.35 | M41: =TRUNC(L41*F41,2) -> -18111.2 | N41: =VLOOKUP(J41,'ORÇ MPAL '!$A$5:$J$557,6,FALSE()) -> 472.91 | O41: =TRUNC(N41*L41,2) -> 20973.55 | P41: SUPRESSÃO | Q41: =F41+N41 -> 64.54 | R41: =TRUNC(Q41*L41,2) -> 2862.34
A42: ='ORÇ MPAL '!A112 -> 5.7.4 | B42: ='ORÇ MPAL '!B112 -> 100342 | C42: ='ORÇ MPAL '!C112 -> SINAPI | D42: ='ORÇ MPAL '!D112 -> ARMAÇÃO DE CORTINA DE CONTENÇÃO EM CONCRETO ARMADO, COM AÇO CA-50 DE 6,3 MM - MONTAGEM. AF_07/2019 | E42: ='ORÇ MPAL '!E112 -> KG | F42: ='M.C. ADITIVO 01 '!J179 -> -564.48 | G42: =VLOOKUP(B42,'ORÇ MPAL '!$B$6:$I$557,6,FALSE()) -> 15.57 | H42: =TRUNC(G42*(1+$I$7),2) -> 19.06 | I42: =TRUNC(F42*H42,2) -> -10758.98 | J42: =A42 -> 5.7.4 | K42: =IF(J42="novo",G42*(1-'M.D.G ABART'!$C$13),VLOOKUP(J42,'ORÇ ABART'!$A$6:$I$558,7,FALSE())) -> 12.15 | L42: =IF(J42="novo",K42*(1+$I$7),VLOOKUP(J42,'ORÇ ABART'!$A$6:$I$558,8,FALSE())) -> 14.87 | M42: =TRUNC(L42*F42,2) -> -8393.81 | N42: =VLOOKUP(J42,'ORÇ MPAL '!$A$5:$J$557,6,FALSE()) -> 564.48 | O42: =TRUNC(N42*L42,2) -> 8393.81 | P42: SUPRESSÃO | Q42: =F42+N42 -> 0 | R42: =TRUNC(Q42*L42,2) -> 0
A43: ='ORÇ MPAL '!A113 -> 5.7.5 | B43: ='ORÇ MPAL '!B113 -> 100343 | C43: ='ORÇ MPAL '!C113 -> SINAPI | D43: ='ORÇ MPAL '!D113 -> ARMAÇÃO DE CORTINA DE CONTENÇÃO EM CONCRETO ARMADO, COM AÇO CA-50 DE 8 MM - MONTAGEM. AF_07/2019 | E43: ='ORÇ MPAL '!E113 -> KG | F43: ='M.C. ADITIVO 01 '!J185 -> -1442.56 | G43: =VLOOKUP(B43,'ORÇ MPAL '!$B$6:$I$557,6,FALSE()) -> 14.82 | H43: =TRUNC(G43*(1+$I$7),2) -> 18.15 | I43: =TRUNC(F43*H43,2) -> -26182.46 | J43: =A43 -> 5.7.5 | K43: =IF(J43="novo",G43*(1-'M.D.G ABART'!$C$13),VLOOKUP(J43,'ORÇ ABART'!$A$6:$I$558,7,FALSE())) -> 11.56 | L43: =IF(J43="novo",K43*(1+$I$7),VLOOKUP(J43,'ORÇ ABART'!$A$6:$I$558,8,FALSE())) -> 14.16 | M43: =TRUNC(L43*F43,2) -> -20426.64 | N43: =VLOOKUP(J43,'ORÇ MPAL '!$A$5:$J$557,6,FALSE()) -> 1442.56 | O43: =TRUNC(N43*L43,2) -> 20426.64 | P43: SUPRESSÃO | Q43: =F43+N43 -> 0 | R43: =TRUNC(Q43*L43,2) -> 0
A44: ='ORÇ MPAL '!A114 -> 5.7.6 | B44: ='ORÇ MPAL '!B114 -> 100344 | C44: ='ORÇ MPAL '!C114 -> SINAPI | D44: ='ORÇ MPAL '!D114 -> ARMAÇÃO DE CORTINA DE CONTENÇÃO EM CONCRETO ARMADO, COM AÇO CA-50 DE 10 MM - MONTAGEM. AF_07/2019 | E44: ='ORÇ MPAL '!E114 -> KG | F44: ='M.C. ADITIVO 01 '!J191 -> -564.48 | G44: =VLOOKUP(B44,'ORÇ MPAL '!$B$6:$I$557,6,FALSE()) -> 13.34 | H44: =TRUNC(G44*(1+$I$7),2) -> 16.33 | I44: =TRUNC(F44*H44,2) -> -9217.95 | J44: =A44 -> 5.7.6 | K44: =IF(J44="novo",G44*(1-'M.D.G ABART'!$C$13),VLOOKUP(J44,'ORÇ ABART'!$A$6:$I$558,7,FALSE())) -> 10.41 | L44: =IF(J44="novo",K44*(1+$I$7),VLOOKUP(J44,'ORÇ ABART'!$A$6:$I$558,8,FALSE())) -> 12.74 | M44: =TRUNC(L44*F44,2) -> -7191.47 | N44: =VLOOKUP(J44,'ORÇ MPAL '!$A$5:$J$557,6,FALSE()) -> 564.48 | O44: =TRUNC(N44*L44,2) -> 7191.47 | P44: SUPRESSÃO | Q44: =F44+N44 -> 0 | R44: =TRUNC(Q44*L44,2) -> 0
A45: ='ORÇ MPAL '!A115 -> 5.7.7 | B45: ='ORÇ MPAL '!B115 -> 100345 | C45: ='ORÇ MPAL '!C115 -> SINAPI | D45: ='ORÇ MPAL '!D115 -> ARMAÇÃO DE CORTINA DE CONTENÇÃO EM CONCRETO ARMADO, COM AÇO CA-50 DE 12,5 MM - MONTAGEM. AF_07/2019 | E45: ='ORÇ MPAL '!E115 -> KG | F45: ='M.C. ADITIVO 01 '!J197 -> -1630.72 | G45: =VLOOKUP(B45,'ORÇ MPAL '!$B$6:$I$557,6,FALSE()) -> 11.34 | H45: =TRUNC(G45*(1+$I$7),2) -> 13.88 | I45: =TRUNC(F45*H45,2) -> -22634.39 | J45: =A45 -> 5.7.7 | K45: =IF(J45="novo",G45*(1-'M.D.G ABART'!$C$13),VLOOKUP(J45,'ORÇ ABART'!$A$6:$I$558,7,FALSE())) -> 8.85 | L45: =IF(J45="novo",K45*(1+$I$7),VLOOKUP(J45,'ORÇ ABART'!$A$6:$I$558,8,FALSE())) -> 10.83 | M45: =TRUNC(L45*F45,2) -> -17660.69 | N45: =VLOOKUP(J45,'ORÇ MPAL '!$A$5:$J$557,6,FALSE()) -> 1630.72 | O45: =TRUNC(N45*L45,2) -> 17660.69 | P45: SUPRESSÃO | Q45: =F45+N45 -> 0 | R45: =TRUNC(Q45*L45,2) -> 0
A46: ='ORÇ MPAL '!A116 -> 5.7.8 | B46: ='ORÇ MPAL '!B116 -> 94972 | C46: ='ORÇ MPAL '!C116 -> SINAPI | D46: ='ORÇ MPAL '!D116 -> CONCRETO FCK = 30MPA, TRAÇO 1:2,1:2,5 (EM MASSA SECA DE CIMENTO/ AREIA MÉDIA/ BRITA 1) - PREPARO MECÂNICO COM BETONEIRA 600 L. AF_05/2021 | E46: ='ORÇ MPAL '!E116 -> m³ | F46: ='M.C. ADITIVO 01 '!J203 -> -97.84 | G46: =VLOOKUP(B46,'ORÇ MPAL '!$B$6:$I$557,6,FALSE()) -> 479.35 | H46: =TRUNC(G46*(1+$I$7),2) -> 587.05 | I46: =TRUNC(F46*H46,2) -> -57436.97 | J46: =A46 -> 5.7.8 | K46: =IF(J46="novo",G46*(1-'M.D.G ABART'!$C$13),VLOOKUP(J46,'ORÇ ABART'!$A$6:$I$558,7,FALSE())) -> 374.13 | L46: =IF(J46="novo",K46*(1+$I$7),VLOOKUP(J46,'ORÇ ABART'!$A$6:$I$558,8,FALSE())) -> 458.19 | M46: =TRUNC(L46*F46,2) -> -44829.3 | N46: =VLOOKUP(J46,'ORÇ MPAL '!$A$5:$J$557,6,FALSE()) -> 97.84 | O46: =TRUNC(N46*L46,2) -> 44829.3 | P46: SUPRESSÃO | Q46: =F46+N46 -> 0 | R46: =TRUNC(Q46*L46,2) -> 0
A47: ='ORÇ MPAL '!A117 -> 5.7.9 | B47: ='ORÇ MPAL '!B117 -> 103673 | C47: ='ORÇ MPAL '!C117 -> SINAPI | D47: ='ORÇ MPAL '!D117 -> LANÇAMENTO COM USO DE BOMBA, ADENSAMENTO E ACABAMENTO DE CONCRETO EM ESTRUTURAS. AF_02/2022 | E47: ='ORÇ MPAL '!E117 -> m³ | F47: ='M.C. ADITIVO 01 '!J209 -> -97.84 | G47: =VLOOKUP(B47,'ORÇ MPAL '!$B$6:$I$557,6,FALSE()) -> 38.5 | H47: =TRUNC(G47*(1+$I$7),2) -> 47.15 | I47: =TRUNC(F47*H47,2) -> -4613.15 | J47: =A47 -> 5.7.9 | K47: =IF(J47="novo",G47*(1-'M.D.G ABART'!$C$13),VLOOKUP(J47,'ORÇ ABART'!$A$6:$I$558,7,FALSE())) -> 30.04 | L47: =IF(J47="novo",K47*(1+$I$7),VLOOKUP(J47,'ORÇ ABART'!$A$6:$I$558,8,FALSE())) -> 36.8 | M47: =TRUNC(L47*F47,2) -> -3600.51 | N47: =VLOOKUP(J47,'ORÇ MPAL '!$A$5:$J$557,6,FALSE()) -> 97.84 | O47: =TRUNC(N47*L47,2) -> 3600.51 | P47: SUPRESSÃO | Q47: =F47+N47 -> 0 | R47: =TRUNC(Q47*L47,2) -> 0
A48: ='ORÇ MPAL '!A118 -> 5.7.10 | B48: ='ORÇ MPAL '!B118 -> 102724 | C48: ='ORÇ MPAL '!C118 -> SINAPI | D48: ='ORÇ MPAL '!D118 -> DRENO BARBACÃ, DN 100 MM, COM MATERIAL DRENANTE. AF_07/2021 | E48: ='ORÇ MPAL '!E118 -> UN | F48: ='M.C. ADITIVO 01 '!J218 -> -236 | G48: =VLOOKUP(B48,'ORÇ MPAL '!$B$6:$I$557,6,FALSE()) -> 29.87 | H48: =TRUNC(G48*(1+$I$7),2) -> 36.58 | I48: =TRUNC(F48*H48,2) -> -8632.88 | J48: =A48 -> 5.7.10 | K48: =IF(J48="novo",G48*(1-'M.D.G ABART'!$C$13),VLOOKUP(J48,'ORÇ ABART'!$A$6:$I$558,7,FALSE())) -> 23.31 | L48: =IF(J48="novo",K48*(1+$I$7),VLOOKUP(J48,'ORÇ ABART'!$A$6:$I$558,8,FALSE())) -> 28.55 | M48: =TRUNC(L48*F48,2) -> -6737.8 | N48: =VLOOKUP(J48,'ORÇ MPAL '!$A$5:$J$557,6,FALSE()) -> 236 | O48: =TRUNC(N48*L48,2) -> 6737.8 | P48: SUPRESSÃO | Q48: =F48+N48 -> 0 | R48: =TRUNC(Q48*L48,2) -> 0
A49: 5.7.11 | B49: 102354 | C49: SINAPI | D49: DESMONTE DE MATERIAL DE 3ª CATEGORIA (BLOCOS DE ROCHAS OU MATACOS), COM MARTELETE PNEUMÁTICO MANUAL - EXCLUSIVE CARGA E TRANSPORTE. AF_03/2021 | E49: m³ | F49: ='M.C. ADITIVO 01 '!J228 -> 4.41315 | G49: =VLOOKUP(B49,'ORÇ MPAL '!$B$6:$I$557,6,FALSE()) -> 143.32 | H49: =TRUNC(G49*(1+$I$7),2) -> 175.52 | I49: =TRUNC(F49*H49,2) -> 774.59 | J49: =IFERROR(VLOOKUP(B49,'ORÇ MPAL '!$B$6:$K$558,10,FALSE()),"NOVO") -> 4.3 | K49: =IF(J49="novo",G49*(1-'M.D.G ABART'!$C$13),VLOOKUP(J49,'ORÇ ABART'!$A$6:$I$558,7,FALSE())) -> 111.86 | L49: =IF(J49="novo",K49*(1+$I$7),VLOOKUP(J49,'ORÇ ABART'!$A$6:$I$558,8,FALSE())) -> 136.99 | M49: =TRUNC(L49*F49,2) -> 604.55 | N49: 0 | O49: =TRUNC(N49*L49,2) -> 0 | P49: ADIÇÃO | Q49: =F49+N49 -> 4.41315 | R49: =TRUNC(Q49*L49,2) -> 604.55
A50: 5.7.12 | B50: 102487 | C50: SINAPI | D50: CONCRETO CICLÓPICO FCK = 15MPA, 30% PEDRA DE MÃO EM VOLUME REAL, INCLUSIVE LANÇAMENTO. AF_05/2021 | E50: m³ | F50: ='M.C. ADITIVO 01 '!J237 -> 14.282 | G50: 535.28 | H50: =TRUNC(G50*(1+$I$7),2) -> 655.55 | I50: =TRUNC(F50*H50,2) -> 9362.56 | J50: =IFERROR(VLOOKUP(B50,'ORÇ MPAL '!$B$6:$K$558,10,FALSE()),"NOVO") -> NOVO | K50: =IF(J50="novo",G50*(1-'M.D.G ABART'!$C$13),VLOOKUP(J50,'ORÇ ABART'!$A$6:$I$558,7,FALSE())) -> 418.32332 | L50: =IF(J50="novo",K50*(1+$I$7),VLOOKUP(J50,'ORÇ ABART'!$A$6:$I$558,8,FALSE())) -> 512.32057 | M50: =TRUNC(L50*F50,2) -> 7316.96 | N50: 0 | O50: =TRUNC(N50*L50,2) -> 0 | P50: ADIÇÃO | Q50: =F50+N50 -> 14.282 | R50: =TRUNC(Q50*L50,2) -> 7316.96
A51: 5.7.13 | B51: 102722 | C51: SINAPI | D51: DRENO EM MURO DE CONTENÇÃO, EXECUTADO NO PÉ DO MURO, COM TUBO DE PEAD CORRUGADO FLEXÍVEL PERFURADO, ENCHIMENTO COM BRITA, ENVOLVIDO COM MANTA GEOTÊXTIL. AF_07/2021 | E51: m | F51: ='M.C. ADITIVO 01 '!J245 -> 54.78 | G51: 57 | H51: =TRUNC(G51*(1+$I$7),2) -> 69.8 | I51: =TRUNC(F51*H51,2) -> 3823.64 | J51: =IFERROR(VLOOKUP(B51,'ORÇ MPAL '!$B$6:$K$558,10,FALSE()),"NOVO") -> NOVO | K51: =IF(J51="novo",G51*(1-'M.D.G ABART'!$C$13),VLOOKUP(J51,'ORÇ ABART'!$A$6:$I$558,7,FALSE())) -> 44.545713 | L51: =IF(J51="novo",K51*(1+$I$7),VLOOKUP(J51,'ORÇ ABART'!$A$6:$I$558,8,FALSE())) -> 54.555135 | M51: =TRUNC(L51*F51,2) -> 2988.53 | N51: 0 | O51: =TRUNC(N51*L51,2) -> 0 | P51: ADIÇÃO | Q51: =F51+N51 -> 54.78 | R51: =TRUNC(Q51*L51,2) -> 2988.53
A52: 5.7.14 | B52: 102992 | C52: SINAPI | D52: CANALETA MEIA CANA PRÉ-MOLDADA DE CONCRETO (D = 50 CM) - FORNECIMENTO E INSTALAÇÃO. AF_08/2021 | E52: m | F52: 31 | G52: 64.92 | H52: =TRUNC(G52*(1+$I$7),2) -> 79.5 | I52: =TRUNC(F52*H52,2) -> 2464.5 | J52: =IFERROR(VLOOKUP(B52,'ORÇ MPAL '!$B$6:$K$558,10,FALSE()),"NOVO") -> NOVO | K52: =IF(J52="novo",G52*(1-'M.D.G ABART'!$C$13),VLOOKUP(J52,'ORÇ ABART'!$A$6:$I$558,7,FALSE())) -> 50.735223 | L52: =IF(J52="novo",K52*(1+$I$7),VLOOKUP(J52,'ORÇ ABART'!$A$6:$I$558,8,FALSE())) -> 62.135427 | M52: =TRUNC(L52*F52,2) -> 1926.19 | N52: 0 | O52: =TRUNC(N52*L52,2) -> 0 | P52: ADIÇÃO | Q52: =F52+N52 -> 31 | R52: =TRUNC(Q52*L52,2) -> 1926.19
A53: 5.7.15 | B53: 94285 | C53: SINAPI | D53: EXECUÇÃO DE SARJETA DE CONCRETO USINADO, MOLDADA IN LOCO EM TRECHO RETO, 60 CM BASE X 15 CM ALTURA. AF_01/2024 | E53: m | F53: 32.9 | G53: 76.12 | H53: =TRUNC(G53*(1+$I$7),2) -> 93.22 | I53: =TRUNC(F53*H53,2) -> 3066.93 | J53: =IFERROR(VLOOKUP(B53,'ORÇ MPAL '!$B$6:$K$558,10,FALSE()),"NOVO") -> NOVO | K53: =IF(J53="novo",G53*(1-'M.D.G ABART'!$C$13),VLOOKUP(J53,'ORÇ ABART'!$A$6:$I$558,7,FALSE())) -> 59.488065 | L53: =IF(J53="novo",K53*(1+$I$7),VLOOKUP(J53,'ORÇ ABART'!$A$6:$I$558,8,FALSE())) -> 72.855033 | M53: =TRUNC(L53*F53,2) -> 2396.93 | N53: 0 | O53: =TRUNC(N53*L53,2) -> 0 | P53: ADIÇÃO | Q53: =F53+N53 -> 32.9 | R53: =TRUNC(Q53*L53,2) -> 2396.93
A54: 5.7.16 | B54: 99260 | C54: SINAPI | D54: CAIXA ENTERRADA HIDRÁULICA RETANGULAR, EM ALVENARIA COM BLOCOS DE CONCRETO, DIMENSÕES INTERNAS: 0,6X0,6X0,6 M PARA REDE DE DRENAGEM. AF_12/2020 | E54: UN | F54: ='M.C. ADITIVO 01 '!B267 -> 1 | G54: 397.12 | H54: =TRUNC(G54*(1+$I$7),2) -> 486.35 | I54: =TRUNC(F54*H54,2) -> 486.35 | J54: =IFERROR(VLOOKUP(B54,'ORÇ MPAL '!$B$6:$K$558,10,FALSE()),"NOVO") -> NOVO | K54: =IF(J54="novo",G54*(1-'M.D.G ABART'!$C$13),VLOOKUP(J54,'ORÇ ABART'!$A$6:$I$558,7,FALSE())) -> 310.35076 | L54: =IF(J54="novo",K54*(1+$I$7),VLOOKUP(J54,'ORÇ ABART'!$A$6:$I$558,8,FALSE())) -> 380.08658 | M54: =TRUNC(L54*F54,2) -> 380.08 | N54: 0 | O54: =TRUNC(N54*L54,2) -> 0 | P54: ADIÇÃO | Q54: =F54+N54 -> 1 | R54: =TRUNC(Q54*L54,2) -> 380.08
A55: 5.7.17 | B55: 104166 | C55: SINAPI | D55: TUBO PVC, SÉRIE R, ÁGUA PLUVIAL, DN 150 MM, FORNECIDO E INSTALADO EM RAMAL DE ENCAMINHAMENTO. AF_06/2022 | E55: M | F55: ='M.C. ADITIVO 01 '!J274 -> 24 | G55: 72.3 | H55: =TRUNC(G55*(1+$I$7),2) -> 88.54 | I55: =TRUNC(F55*H55,2) -> 2124.96 | J55: =IFERROR(VLOOKUP(B55,'ORÇ MPAL '!$B$6:$K$558,10,FALSE()),"NOVO") -> 12.3.4 | K55: =IF(J55="novo",G55*(1-'M.D.G ABART'!$C$13),VLOOKUP(J55,'ORÇ ABART'!$A$6:$I$558,7,FALSE())) -> 56.43 | L55: =IF(J55="novo",K55*(1+$I$7),VLOOKUP(J55,'ORÇ ABART'!$A$6:$I$558,8,FALSE())) -> 69.1 | M55: =TRUNC(L55*F55,2) -> 1658.4 | N55: 0 | O55: =TRUNC(N55*L55,2) -> 0 | P55: ADIÇÃO | Q55: =F55+N55 -> 24 | R55: =TRUNC(Q55*L55,2) -> 1658.4
A56: 5.7.18 | B56: 103653 | C56: SINAPI | D56: GEOTÊXTIL NÃO TECIDO 100% POLIÉSTER, RESISTÊNCIA A TRAÇÃO DE 31 KN/M (RT-31), INSTALADO EM DRENO - FORNECIMENTO E INSTALAÇÃO. AF_07/2021 | E56: M² | F56: ='M.C. ADITIVO 01 '!J281 -> 75.95 | G56: 35.69 | H56: =TRUNC(G56*(1+$I$7),2) -> 43.7 | I56: =TRUNC(F56*H56,2) -> 3319.01 | J56: =IFERROR(VLOOKUP(B56,'ORÇ MPAL '!$B$6:$K$558,10,FALSE()),"NOVO") -> NOVO | K56: =IF(J56="novo",G56*(1-'M.D.G ABART'!$C$13),VLOOKUP(J56,'ORÇ ABART'!$A$6:$I$558,7,FALSE())) -> 27.891868 | L56: =IF(J56="novo",K56*(1+$I$7),VLOOKUP(J56,'ORÇ ABART'!$A$6:$I$558,8,FALSE())) -> 34.159171 | M56: =TRUNC(L56*F56,2) -> 2594.38 | N56: 0 | O56: =TRUNC(N56*L56,2) -> 0 | P56: ADIÇÃO | Q56: =F56+N56 -> 75.95 | R56: =TRUNC(Q56*L56,2) -> 2594.38
A57: ='ORÇ MPAL '!A141 -> 6.3 | D57: ='ORÇ MPAL '!D141 -> MURO PERIMETRAL | I57: =SUM(I58:I60) -> 23652.09 | M57: =SUM(M58:M60) -> 18459.98 | O57: =SUM(O58:O60) -> 35640.5 | R57: =SUM(R58:R60) -> 54100.48
A58: ='ORÇ MPAL '!A143 -> 6.3.2 | B58: ='ORÇ MPAL '!B143 -> 2374 | C58: ='ORÇ MPAL '!C143 -> ORSE | D58: ='ORÇ MPAL '!D143 -> Muro em alvenaria bloco cerâmico, e= 0,09m, c/ alv de pedra 0,35 x 0,60m, colunas (9x20cm) e cintamento (9x15cm) superior e inferior concreto armado fck =15,0 Mpa cada 3,00m, chapisco e reboco | E58: ='ORÇ MPAL '!E143 -> m² | F58: ='M.C. ADITIVO 01 '!J288 -> 78.96 | G58: =VLOOKUP(B58,'ORÇ MPAL '!$B$6:$I$557,6,FALSE()) -> 210.95 | H58: =TRUNC(G58*(1+$I$7),2) -> 258.35 | I58: =TRUNC(F58*H58,2) -> 20399.31 | J58: =IFERROR(VLOOKUP(B58,'ORÇ MPAL '!$B$6:$K$558,10,FALSE()),"NOVO") -> 6.3.2 | K58: =IF(J58="novo",G58*(1-'M.D.G ABART'!$C$13),VLOOKUP(J58,'ORÇ ABART'!$A$6:$I$558,7,FALSE())) -> 164.64 | L58: =IF(J58="novo",K58*(1+$I$7),VLOOKUP(J58,'ORÇ ABART'!$A$6:$I$558,8,FALSE())) -> 201.64 | M58: =TRUNC(L58*F58,2) -> 15921.49 | N58: =VLOOKUP(J58,'ORÇ MPAL '!$A$5:$J$557,6,FALSE()) -> 149.448 | O58: =TRUNC(N58*L58,2) -> 30134.69 | P58: ADIÇÃO | Q58: =F58+N58 -> 228.408 | R58: =TRUNC(Q58*L58,2) -> 46056.18
A59: ='ORÇ MPAL '!A144 -> 6.3.3 | B59: ='ORÇ MPAL '!B144 -> 8637 | C59: ='ORÇ MPAL '!C144 -> ORSE | D59: ='ORÇ MPAL '!D144 -> Chapim de concreto pré-moldado | E59: ='ORÇ MPAL '!E144 -> m | F59: ='M.C. ADITIVO 01 '!J294 -> 32.9 | G59: =VLOOKUP(B59,'ORÇ MPAL '!$B$6:$I$557,6,FALSE()) -> 50.64 | H59: =TRUNC(G59*(1+$I$7),2) -> 62.01 | I59: =TRUNC(F59*H59,2) -> 2040.12 | J59: =A59 -> 6.3.3 | K59: =IF(J59="novo",G59*(1-'M.D.G ABART'!$C$13),VLOOKUP(J59,'ORÇ ABART'!$A$6:$I$558,7,FALSE())) -> 39.52 | L59: =IF(J59="novo",K59*(1+$I$7),VLOOKUP(J59,'ORÇ ABART'!$A$6:$I$558,8,FALSE())) -> 48.39 | M59: =TRUNC(L59*F59,2) -> 1592.03 | N59: =VLOOKUP(J59,'ORÇ MPAL '!$A$5:$J$557,6,FALSE()) -> 113.78 | O59: =TRUNC(N59*L59,2) -> 5505.81 | P59: ADIÇÃO | Q59: =F59+N59 -> 146.68 | R59: =TRUNC(Q59*L59,2) -> 7097.84
A60: 6.3.8 | B60: 102354 | C60: SINAPI | D60: DESMONTE DE MATERIAL DE 3ª CATEGORIA (BLOCOS DE ROCHAS OU MATACOS), COM MARTELETE PNEUMÁTICO MANUAL - EXCLUSIVE CARGA E TRANSPORTE. AF_03/2021 | E60: m³ | F60: ='M.C. ADITIVO 01 '!J300 -> 6.909 | G60: =VLOOKUP(B60,'ORÇ MPAL '!$B$6:$I$557,6,FALSE()) -> 143.32 | H60: =TRUNC(G60*(1+$I$7),2) -> 175.52 | I60: =TRUNC(F60*H60,2) -> 1212.66 | J60: =IFERROR(VLOOKUP(B60,'ORÇ MPAL '!$B$6:$K$558,10,FALSE()),"NOVO") -> 4.3 | K60: =IF(J60="novo",G60*(1-'M.D.G ABART'!$C$13),VLOOKUP(J60,'ORÇ ABART'!$A$6:$I$558,7,FALSE())) -> 111.86 | L60: =IF(J60="novo",K60*(1+$I$7),VLOOKUP(J60,'ORÇ ABART'!$A$6:$I$558,8,FALSE())) -> 136.99 | M60: =TRUNC(L60*F60,2) -> 946.46 | O60: =TRUNC(N60*L60,2) -> 0 | P60: ADIÇÃO | Q60: =F60+N60 -> 6.909 | R60: =TRUNC(Q60*L60,2) -> 946.46
A61: ='ORÇ MPAL '!A197 -> 11 | D61: ='ORÇ MPAL '!D197 -> ESQUADRIAS | I61: =SUM(I62:I67) -> -3791.15 | M61: =SUM(M62:M67) -> -2913.56 | O61: =SUM(O62:O67) -> 38086.62 | R61: =SUM(R62:R67) -> 35173.06
A62: ='ORÇ MPAL '!A199 -> 11.1.1 | B62: ='ORÇ MPAL '!B199 -> 3540 | C62: ='ORÇ MPAL '!C199 -> ORSE | D62: ='ORÇ MPAL '!D199 -> Porta em madeira de lei, almofadada, 0.80 x 2.10 m, inclusive batentes e ferragens | E62: ='ORÇ MPAL '!E199 -> un | F62: ='M.C. ADITIVO 01 '!J326 -> -18 | G62: =VLOOKUP(B62,'ORÇ MPAL '!$B$6:$I$557,6,FALSE()) -> 1568.3 | H62: =TRUNC(G62*(1+$I$7),2) -> 1920.69 | I62: =TRUNC(F62*H62,2) -> -34572.42 | J62: =IFERROR(VLOOKUP(B62,'ORÇ MPAL '!$B$6:$K$558,10,FALSE()),"NOVO") -> 11.1.1 | K62: =IF(J62="novo",G62*(1-'M.D.G ABART'!$C$13),VLOOKUP(J62,'ORÇ ABART'!$A$6:$I$558,7,FALSE())) -> 1224.05 | L62: =IF(J62="novo",K62*(1+$I$7),VLOOKUP(J62,'ORÇ ABART'!$A$6:$I$558,8,FALSE())) -> 1499.09 | M62: =TRUNC(L62*F62,2) -> -26983.62 | N62: =VLOOKUP(J62,'ORÇ MPAL '!$A$5:$J$557,6,FALSE()) -> 18 | O62: =TRUNC(N62*L62,2) -> 26983.62 | P62: SUPRESSÃO | Q62: =F62+N62 -> 0 | R62: =TRUNC(Q62*L62,2) -> 0
A63: ='ORÇ MPAL '!A200 -> 11.1.2 | B63: ='ORÇ MPAL '!B200 -> 3541 | C63: ='ORÇ MPAL '!C200 -> ORSE | D63: ='ORÇ MPAL '!D200 -> Porta em madeira de lei, almofadada, 0.90 x 2.10 m, inclusive batentes e ferragens | E63: ='ORÇ MPAL '!E200 -> un | F63: ='M.C. ADITIVO 01 '!J332 -> -4 | G63: =VLOOKUP(B63,'ORÇ MPAL '!$B$6:$I$557,6,FALSE()) -> 1821.58 | H63: =TRUNC(G63*(1+$I$7),2) -> 2230.88 | I63: =TRUNC(F63*H63,2) -> -8923.52 | J63: =IFERROR(VLOOKUP(B63,'ORÇ MPAL '!$B$6:$K$558,10,FALSE()),"NOVO") -> 11.1.2 | K63: =IF(J63="novo",G63*(1-'M.D.G ABART'!$C$13),VLOOKUP(J63,'ORÇ ABART'!$A$6:$I$558,7,FALSE())) -> 1421.74 | L63: =IF(J63="novo",K63*(1+$I$7),VLOOKUP(J63,'ORÇ ABART'!$A$6:$I$558,8,FALSE())) -> 1741.2 | M63: =TRUNC(L63*F63,2) -> -6964.8 | N63: =VLOOKUP(J63,'ORÇ MPAL '!$A$5:$J$557,6,FALSE()) -> 4 | O63: =TRUNC(N63*L63,2) -> 6964.8 | P63: SUPRESSÃO | Q63: =F63+N63 -> 0 | R63: =TRUNC(Q63*L63,2) -> 0
A64: ='ORÇ MPAL '!A201 -> 11.1.3 | B64: ='ORÇ MPAL '!B201 -> 3539 | C64: ='ORÇ MPAL '!C201 -> ORSE | D64: ='ORÇ MPAL '!D201 -> Porta em madeira de lei, almofadada, 0.70 x 2.10 m, inclusive batentes e ferragens | E64: ='ORÇ MPAL '!E201 -> un | F64: ='M.C. ADITIVO 01 '!J338 -> -3 | G64: =VLOOKUP(B64,'ORÇ MPAL '!$B$6:$I$557,6,FALSE()) -> 1443.08 | H64: =TRUNC(G64*(1+$I$7),2) -> 1767.34 | I64: =TRUNC(F64*H64,2) -> -5302.02 | J64: =IFERROR(VLOOKUP(B64,'ORÇ MPAL '!$B$6:$K$558,10,FALSE()),"NOVO") -> 11.1.3 | K64: =IF(J64="novo",G64*(1-'M.D.G ABART'!$C$13),VLOOKUP(J64,'ORÇ ABART'!$A$6:$I$558,7,FALSE())) -> 1126.32 | L64: =IF(J64="novo",K64*(1+$I$7),VLOOKUP(J64,'ORÇ ABART'!$A$6:$I$558,8,FALSE())) -> 1379.4 | M64: =TRUNC(L64*F64,2) -> -4138.2 | N64: =VLOOKUP(J64,'ORÇ MPAL '!$A$5:$J$557,6,FALSE()) -> 3 | O64: =TRUNC(N64*L64,2) -> 4138.2 | P64: SUPRESSÃO | Q64: =F64+N64 -> 0 | R64: =TRUNC(Q64*L64,2) -> 0
A65: 11.1.4 | B65: 90791 | C65: SINAPI | D65: KIT DE PORTA-PRONTA DE MADEIRA EM ACABAMENTO MELAMÍNICO BRANCO, FOLHA PESADA OU SUPERPESADA, 80X210CM, FIXAÇÃO COM PREENCHIMENTO PARCIAL DE ESPUMA EXPANSIVA - FORNECIMENTO E INSTALAÇÃO. AF_12/2019 | E65: UN | F65: ='M.C. ADITIVO 01 '!J350 -> 19 | G65: 1029.24 | H65: =TRUNC(G65*(1+$I$7),2) -> 1260.51 | I65: =TRUNC(F65*H65,2) -> 23949.69 | J65: =IFERROR(VLOOKUP(B65,'ORÇ MPAL '!$B$6:$K$558,10,FALSE()),"NOVO") -> NOVO | K65: =IF(J65="novo",G65*(1-'M.D.G ABART'!$C$13),VLOOKUP(J65,'ORÇ ABART'!$A$6:$I$558,7,FALSE())) -> 804.35491 | L65: =IF(J65="novo",K65*(1+$I$7),VLOOKUP(J65,'ORÇ ABART'!$A$6:$I$558,8,FALSE())) -> 985.09346 | M65: =TRUNC(L65*F65,2) -> 18716.77 | O65: =TRUNC(N65*L65,2) -> 0 | P65: ADIÇÃO | Q65: =F65+N65 -> 19 | R65: =TRUNC(Q65*L65,2) -> 18716.77
A66: 11.1.5 | B66: 90793 | C66: SINAPI | D66: KIT DE PORTA-PRONTA DE MADEIRA EM ACABAMENTO MELAMÍNICO BRANCO, FOLHA PESADA OU SUPERPESADA, 90X210CM, FIXAÇÃO COM PREENCHIMENTO TOTAL DE ESPUMA EXPANSIVA - FORNECIMENTO E INSTALAÇÃO. AF_12/2019 | E66: UN | F66: ='M.C. ADITIVO 01 '!J359 -> 6 | G66: 1088.07 | H66: =TRUNC(G66*(1+$I$7),2) -> 1332.55 | I66: =TRUNC(F66*H66,2) -> 7995.3 | J66: =IFERROR(VLOOKUP(B66,'ORÇ MPAL '!$B$6:$K$558,10,FALSE()),"NOVO") -> NOVO | K66: =IF(J66="novo",G66*(1-'M.D.G ABART'!$C$13),VLOOKUP(J66,'ORÇ ABART'!$A$6:$I$558,7,FALSE())) -> 850.33077 | L66: =IF(J66="novo",K66*(1+$I$7),VLOOKUP(J66,'ORÇ ABART'!$A$6:$I$558,8,FALSE())) -> 1041.4001 | M66: =TRUNC(L66*F66,2) -> 6248.4 | O66: =TRUNC(N66*L66,2) -> 0 | P66: ADIÇÃO | Q66: =F66+N66 -> 6 | R66: =TRUNC(Q66*L66,2) -> 6248.4
A67: 11.1.6 | B67: 7788 | C67: ORSE | D67: Porta em madeira compensada (canela), lisa, semi-ôca, (0.60 x 1,60 a 2.10 m),revestida c/fórmica, inclusive ferragens (livre/ocupado), para uso em divisórias granito ou mármore | E67: UN | F67: ='M.C. ADITIVO 01 '!J366 -> 6 | G67: 1777.56 | H67: =TRUNC(G67*(1+$I$7),2) -> 2176.97 | I67: =TRUNC(F67*H67,2) -> 13061.82 | J67: =IFERROR(VLOOKUP(B67,'ORÇ MPAL '!$B$6:$K$558,10,FALSE()),"NOVO") -> NOVO | K67: =IF(J67="novo",G67*(1-'M.D.G ABART'!$C$13),VLOOKUP(J67,'ORÇ ABART'!$A$6:$I$558,7,FALSE())) -> 1389.1698 | L67: =IF(J67="novo",K67*(1+$I$7),VLOOKUP(J67,'ORÇ ABART'!$A$6:$I$558,8,FALSE())) -> 1701.3162 | M67: =TRUNC(L67*F67,2) -> 10207.89 | O67: =TRUNC(N67*L67,2) -> 0 | P67: ADIÇÃO | Q67: =F67+N67 -> 6 | R67: =TRUNC(Q67*L67,2) -> 10207.89
A68: ='ORÇ MPAL '!A508 -> 19 | D68: ='ORÇ MPAL '!D508 -> PINTURA | I68: =SUM(I69:I72) -> -1631.74 | M68: =SUM(M69:M72) -> -1273.73 | O68: =SUM(O69:O72) -> 6569.12 | R68: =SUM(R69:R72) -> 5295.4
A69: ='ORÇ MPAL '!A512 -> 19.4 | B69: ='ORÇ MPAL '!B512 -> 102193 | C69: ='ORÇ MPAL '!C512 -> SINAPI | D69: ='ORÇ MPAL '!D512 -> LIXAMENTO DE MADEIRA PARA APLICAÇÃO DE FUNDO OU PINTURA. AF_01/2021 | E69: ='ORÇ MPAL '!E512 -> m² | F69: ='M.C. ADITIVO 01 '!J373 -> -103.425 | G69: =VLOOKUP(B69,'ORÇ MPAL '!$B$6:$I$557,6,FALSE()) -> 1.78 | H69: =TRUNC(G69*(1+$I$7),2) -> 2.17 | I69: =TRUNC(F69*H69,2) -> -224.43 | J69: =IFERROR(VLOOKUP(B69,'ORÇ MPAL '!$B$6:$K$558,10,FALSE()),"NOVO") -> 19.4 | K69: =IF(J69="novo",G69*(1-'M.D.G ABART'!$C$13),VLOOKUP(J69,'ORÇ ABART'!$A$6:$I$558,7,FALSE())) -> 1.38 | L69: =IF(J69="novo",K69*(1+$I$7),VLOOKUP(J69,'ORÇ ABART'!$A$6:$I$558,8,FALSE())) -> 1.69 | M69: =TRUNC(L69*F69,2) -> -174.78 | N69: =VLOOKUP(J69,'ORÇ MPAL '!$A$5:$J$557,6,FALSE()) -> 103.425 | O69: =TRUNC(N69*L69,2) -> 174.78 | P69: SUPRESSÃO | Q69: =F69+N69 -> 0 | R69: =TRUNC(Q69*L69,2) -> 0
A70: ='ORÇ MPAL '!A513 -> 19.5 | B70: ='ORÇ MPAL '!B513 -> 102201 | C70: ='ORÇ MPAL '!C513 -> SINAPI | D70: ='ORÇ MPAL '!D513 -> APLICAÇÃO MASSA ACRÍLICA PARA MADEIRA, PARA PINTURA COM TINTA DE ACABAMENTO (PIGMENTADA). AF_01/2021 | E70: ='ORÇ MPAL '!E513 -> m² | F70: ='M.C. ADITIVO 01 '!J379 -> -103.425 | G70: =VLOOKUP(B70,'ORÇ MPAL '!$B$6:$I$557,6,FALSE()) -> 16.37 | H70: =TRUNC(G70*(1+$I$7),2) -> 20.04 | I70: =TRUNC(F70*H70,2) -> -2072.63 | J70: =IFERROR(VLOOKUP(B70,'ORÇ MPAL '!$B$6:$K$558,10,FALSE()),"NOVO") -> 19.5 | K70: =IF(J70="novo",G70*(1-'M.D.G ABART'!$C$13),VLOOKUP(J70,'ORÇ ABART'!$A$6:$I$558,7,FALSE())) -> 12.77 | L70: =IF(J70="novo",K70*(1+$I$7),VLOOKUP(J70,'ORÇ ABART'!$A$6:$I$558,8,FALSE())) -> 15.64 | M70: =TRUNC(L70*F70,2) -> -1617.56 | N70: =VLOOKUP(J70,'ORÇ MPAL '!$A$5:$J$557,6,FALSE()) -> 103.425 | O70: =TRUNC(N70*L70,2) -> 1617.56 | P70: SUPRESSÃO | Q70: =F70+N70 -> 0 | R70: =TRUNC(Q70*L70,2) -> 0
A71: ='ORÇ MPAL '!A514 -> 19.6 | B71: ='ORÇ MPAL '!B514 -> 102219 | C71: ='ORÇ MPAL '!C514 -> SINAPI | D71: ='ORÇ MPAL '!D514 -> PINTURA TINTA DE ACABAMENTO (PIGMENTADA) ESMALTE SINTÉTICO ACETINADO EM MADEIRA, 2 DEMÃOS. AF_01/2021 | E71: ='ORÇ MPAL '!E514 -> m² | F71: ='M.C. ADITIVO 01 '!J385 -> -103.425 | G71: =VLOOKUP(B71,'ORÇ MPAL '!$B$6:$I$557,6,FALSE()) -> 16.51 | H71: =TRUNC(G71*(1+$I$7),2) -> 20.21 | I71: =TRUNC(F71*H71,2) -> -2090.21 | J71: =IFERROR(VLOOKUP(B71,'ORÇ MPAL '!$B$6:$K$558,10,FALSE()),"NOVO") -> 19.6 | K71: =IF(J71="novo",G71*(1-'M.D.G ABART'!$C$13),VLOOKUP(J71,'ORÇ ABART'!$A$6:$I$558,7,FALSE())) -> 12.88 | L71: =IF(J71="novo",K71*(1+$I$7),VLOOKUP(J71,'ORÇ ABART'!$A$6:$I$558,8,FALSE())) -> 15.77 | M71: =TRUNC(L71*F71,2) -> -1631.01 | N71: =VLOOKUP(J71,'ORÇ MPAL '!$A$5:$J$557,6,FALSE()) -> 103.425 | O71: =TRUNC(N71*L71,2) -> 1631.01 | P71: SUPRESSÃO | Q71: =F71+N71 -> 0 | R71: =TRUNC(Q71*L71,2) -> 0
A72: ='ORÇ MPAL '!A515 -> 19.7 | B72: ='ORÇ MPAL '!B515 -> 95305 | C72: ='ORÇ MPAL '!C515 -> SINAPI | D72: ='ORÇ MPAL '!D515 -> TEXTURA ACRÍLICA, APLICAÇÃO MANUAL EM PAREDE, UMA DEMÃO. AF_04/2023 | E72: ='ORÇ MPAL '!E515 -> m² | F72: ='M.C. ADITIVO 01 '!J394 -> 170.2 | G72: =VLOOKUP(B72,'ORÇ MPAL '!$B$6:$I$557,6,FALSE()) -> 13.22 | H72: =TRUNC(G72*(1+$I$7),2) -> 16.19 | I72: =TRUNC(F72*H72,2) -> 2755.53 | J72: =IFERROR(VLOOKUP(B72,'ORÇ MPAL '!$B$6:$K$558,10,FALSE()),"NOVO") -> 19.7 | K72: =IF(J72="novo",G72*(1-'M.D.G ABART'!$C$13),VLOOKUP(J72,'ORÇ ABART'!$A$6:$I$558,7,FALSE())) -> 10.31 | L72: =IF(J72="novo",K72*(1+$I$7),VLOOKUP(J72,'ORÇ ABART'!$A$6:$I$558,8,FALSE())) -> 12.63 | M72: =TRUNC(L72*F72,2) -> 2149.62 | N72: =VLOOKUP(J72,'ORÇ MPAL '!$A$5:$J$557,6,FALSE()) -> 249.072 | O72: =TRUNC(N72*L72,2) -> 3145.77 | P72: ADIÇÃO | Q72: =F72+N72 -> 419.272 | R72: =TRUNC(Q72*L72,2) -> 5295.4
A73: 23 | D73: AJUSTE PARA MANUTENÇÃO DO DESCONTO | O73: =SUM(O74) -> 0 | R73: =R74 -> -344.70632 | T73: =M75+M81+R73 -> 2435519.9
A74: 23.1 | B74: PC-01 | C74: Próprio | D74: Ajuste Manutenção do desconto Aditivo 01 | E74: R$ | F74: ='M.D.G ABART'!F18 -> -344.70632 | R74: =F74 -> -344.70632
A75: TOTAIS | I75: =SUM(I68,I61,I57,I38,I34,I30,I26,I19,I15) -> -81382.05 | M75: =SUM(M68,M61,M57,M38,M34,M30,M26,M19,M15) -> -63255.67 | O75: =SUM(O68,O61,O57,O38,O34,O30,O26,O19,O15) -> 324413.76 | R75: =SUM(R68,R61,R57,R38,R34,R30,R26,R19,R15) -> 261158.09
A76: (%) EM RELAÇÃO AO VALOR CONTRATADO R$ 2.499.120,32 | M76: =M75/M81 -> -0.025311174 | O76: =O75/M81 -> 0.12981118 | R76: =R75/M81 -> 0.10450001
D81: A | E81: VALOR TOTAL DOS SERVIÇOS CONTRATADOS ORIGINAL: | M81: ='ORÇ ABART'!H561 -> 2499120.3 | N81: =M81/$M$81 -> 1
D82: B | E82: VALOR TOTAL DOS SERVIÇOS SUPRIMIDOS CONTRATADOS NO 1º ADITIVO: | M82: =SUMIFS(M15:M74,P15:P74,"SUPRESSÃO") -> -282334.8 | N82: =M82/$M$81 -> -0.11297367 | O82: (B/A)*100
D83: C | E83: VALOR TOTAL DOS SERVIÇOS ACRESCIDOS CONTRATADOS NO 1º ADITIVO: | M83: =SUMIF(P15:P74,"ADIÇÃO",M15:M74)-M84 -> 31684.42 | N83: =M83/$M$81 -> 0.012678229 | O83: (C/A)*100
D84: D | E84: VALOR TOTAL DOS SERVIÇOS ACRESCIDOS NÃO CONTRATADOS NO 1º ADITIVO: | M84: =SUMIFS(M15:M74,P15:P74,"ADIÇÃO",J15:J74,"NOVO") -> 187394.71 | N84: =M84/$M$81 -> 0.074984269 | O84: (D/A)*100
D85: E | E85: VALOR TOTAL DA MANUTENÇÃO DO DESCONTO (ITEM 26) NO 1º ADITIVO: | M85: =R73 -> -344.70632 | N85: =M85/$M$81 -> -0.00013793106 | O85: (E/A)*100
D86: F | E86: VALOR TOTAL DOS SERVIÇOS CONTRATADOS APÓS 1º ADITIVO: | M86: =SUM(M81:M85) -> 2435519.9 | O86: A+B+C+D+E
D87: G | E87: IMPACTO FINANCEIRO DOS SERVIÇOS CONTRATADOS E NÃO CONTRATADOS : | M87: =M86-M81 -> -63600.376 | N87: =M87/M81 -> -0.025449105 | O87: ((F - A)/A)*100
L89: RESUMO | M89: SUPRESSÃO | N89: ADIÇÃO | O89: IMPACTO FINANCEIRO
M90: =N82+N85 -> -0.1131116 | N90: =N83+N84 -> 0.087662498 | O90: =N87 -> -0.025449105
M91: (B + E) | N91: (C + D) | O91: (C + D) + (B + E)
M92: =M82+M85 -> -282679.51 | N92: =M83+M84 -> 219079.13 | O92: =M87 -> -63600.376

Sheet ORÇ ABART CONSOLIDADA ADITIVO 1
N1: valor total | O1: 3197835.4
D2: Construção da nova Promotoria de Justiça de Santana do Ipanema - Não desonerado | E2: SINAPI - 09/2024 - Alagoas ORSE - 06/2024 - Sergipe | G2: 22,47% | I2: Não Desonerado: Horista: 115,22% Mensalista: 70,31% | N2: valor desc | O2: 2499989 | P2: =1-O2/O1 -> 0.21822462
A3: Orçamento Sintético | N3: =O2-O3 -> 64469.05 | O3: =H581 -> 2435519.9 | P3: 0.2195
A4: Item | B4: Código | C4: Banco | D4: Descrição | E4: Und | F4: Quant. | G4: Valor Unit | H4: Valor Unit com BDI | I4: Total | J4: Peso (%) | L4: Valor Unit | M4: Valor Unit com BDI | N4: Total
A5: 1 | D5: ADMINISTRAÇÃO DE OBRA | I5: =SUM(I6) -> 172855.2 | J5: 0.069255384 | M5: 221467.32 | N5: 221467.32
A6: 1.1 | B6: COMP - 12 | C6: Próprio | D6: ADMINISTRAÇÃO LOCAL | E6: un | F6: 12 | G6: =TRUNC(L6-L6*$P$3,2) -> 11761.74 | H6: =TRUNC(M6-M6*$P$3,2) -> 14404.6 | I6: =ROUND(F6*H6,2) -> 172855.2 | J6: 0.069255384 | L6: 15069.5 | M6: 18455.61 | N6: 221467.32
A7: 2 | D7: MOBILIZAÇÃO | I7: =SUM(I8) -> 4778.4 | J7: 0.0019149203 | M7: 6123.6 | N7: 6123.6
A8: 2.1 | B8: 92144 | C8: SINAPI | D8: CAMINHONETE CABINE SIMPLES COM MOTOR 1.6 FLEX, CÂMBIO MANUAL, POTÊNCIA 101/104 CV, 2 PORTAS - MATERIAIS NA OPERAÇÃO. AF_11/2015 | E8: H | F8: 120 | G8: =TRUNC(L8-L8*$P$3,2) -> 32.52 | H8: =TRUNC(M8-M8*$P$3,2) -> 39.82 | I8: =ROUND(F8*H8,2) -> 4778.4 | J8: 0.0019149203 | L8: 41.67 | M8: 51.03 | N8: 6123.6
A9: 3 | D9: SERVIÇOS PRELIMINARES | I9: =SUM(I10:I23) -> 76367.26 | J9: 0.030598704 | M9: 97849.62 | N9: 97849.62
A10: 3.1 | B10: MP 003 | C10: Próprio | D10: ART DE EXECUÇÃO - CREA AL | E10: und | F10: 3 | G10: =TRUNC(L10-L10*$P$3,2) -> 204.92 | H10: =TRUNC(M10-M10*$P$3,2) -> 250.96 | I10: =ROUND(F10*H10,2) -> 752.88 | J10: 0.0003016478 | L10: 262.55 | M10: 321.54 | N10: 964.62
A11: 3.2 | B11: 97625 | C11: SINAPI | D11: DEMOLIÇÃO DE ALVENARIA PARA QUALQUER TIPO DE BLOCO, DE FORMA MECANIZADA, SEM REAPROVEITAMENTO. AF_09/2023 | E11: m³ | F11: 28.42875 | G11: =TRUNC(L11-L11*$P$3,2) -> 39.14 | H11: =TRUNC(M11-M11*$P$3,2) -> 47.94 | I11: =ROUND(F11*H11,2) -> 1362.87 | J11: 0.00054611003 | L11: 50.16 | M11: 61.43 | N11: 1746.37
A12: 3.3 | B12: 97627 | C12: SINAPI | D12: DEMOLIÇÃO DE PILARES E VIGAS EM CONCRETO ARMADO, DE FORMA MECANIZADA COM MARTELETE, SEM REAPROVEITAMENTO. AF_09/2023 | E12: m³ | F12: 2.36475 | G12: =TRUNC(L12-L12*$P$3,2) -> 119.29 | H12: =TRUNC(M12-M12*$P$3,2) -> 146.09 | I12: =ROUND(F12*H12,2) -> 345.47 | J12: 0.0001384155 | L12: 152.84 | M12: 187.18 | N12: 442.63
A13: 3.4 | B13: 104790 | C13: SINAPI | D13: DEMOLIÇÃO DE PISO DE CONCRETO SIMPLES, DE FORMA MECANIZADA COM MARTELETE, SEM REAPROVEITAMENTO. AF_09/2023 | E13: m³ | F13: 3.6 | G13: =TRUNC(L13-L13*$P$3,2) -> 77.8 | H13: =TRUNC(M13-M13*$P$3,2) -> 95.27 | I13: =ROUND(F13*H13,2) -> 342.97 | J13: 0.00013742108 | L13: 99.68 | M13: 122.07 | N13: 439.45
A14: 3.5 | B14: 9937 | C14: ORSE | D14: Limpeza mecanizada do terreno c/ retroescavadeira (vegetação rasteira) inclusive carga e transporte - dmt até 1km | E14: m² | F14: 1313.26 | G14: =TRUNC(L14-L14*$P$3,2) -> 1.47 | H14: =TRUNC(M14-M14*$P$3,2) -> 1.8 | I14: =ROUND(F14*H14,2) -> 2363.87 | J14: 0.00094865108 | L14: 1.89 | M14: 2.31 | N14: 3033.63
A15: 3.6 | B15: 103689 | C15: SINAPI | D15: FORNECIMENTO E INSTALAÇÃO DE PLACA DE OBRA COM CHAPA GALVANIZADA E ESTRUTURA DE MADEIRA. AF_03/2022_PS | E15: m² | F15: 4.5 | G15: =TRUNC(L15-L15*$P$3,2) -> 361.41 | H15: =TRUNC(M15-M15*$P$3,2) -> 442.62 | I15: =ROUND(F15*H15,2) -> 1991.79 | J15: 0.00079802419 | L15: 463.06 | M15: 567.1 | N15: 2551.95
A16: 3.7 | B16: 98459 | C16: SINAPI | D16: TAPUME COM TELHA METÁLICA. AF_03/2024 | E16: m² | F16: 32.18 | G16: =TRUNC(L16-L16*$P$3,2) -> 70.77 | H16: =TRUNC(M16-M16*$P$3,2) -> 86.67 | I16: =ROUND(F16*H16,2) -> 2789.04 | J16: 0.0011174997 | L16: 90.68 | M16: 111.05 | N16: 3573.58
A17: 3.8 | B17: 9416 | C17: ORSE | D17: Instalação provisória de energia elétrica, aerea, trifasica, em poste galvanizado, exclusive fornecimento do medidor | E17: un | F17: 1 | G17: =TRUNC(L17-L17*$P$3,2) -> 1283.43 | H17: =TRUNC(M17-M17*$P$3,2) -> 1571.82 | I17: =ROUND(F17*H17,2) -> 1571.82 | J17: 0.00062976037 | L17: 1644.38 | M17: 2013.87 | N17: 2013.87
A18: 3.9 | B18: 6096 | C18: ORSE | D18: Ligação Predial de Água em Mureta de Concreto, Provisória ou Definitiva, com Fornecimento de Material, inclusive Mureta e Hidrômetro, Rede DN 50mm - Rev 03_10/2022 | E18: UN | F18: 1 | G18: =TRUNC(L18-L18*$P$3,2) -> 423.95 | H18: =TRUNC(M18-M18*$P$3,2) -> 519.21 | I18: =ROUND(F18*H18,2) -> 519.21 | J18: 0.00020802509 | L18: 543.18 | M18: 665.23 | N18: 665.23
A19: 3.10 | B19: 56 | C19: ORSE | D19: Barracão para escritório de obra porte pequeno s=25,41m2 com materiais novos | E19: un | F19: 1 | G19: =TRUNC(L19-L19*$P$3,2) -> 11797.6 | H19: =TRUNC(M19-M19*$P$3,2) -> 14448.51 | I19: =ROUND(F19*H19,2) -> 14448.51 | J19: 0.0057888752 | L19: 15115.44 | M19: 18511.87 | N19: 18511.87
A20: 3.11 | B20: 62 | C20: ORSE | D20: Barracão fechado porte pequeno para depósito de cimento e almoxarifado (s=38,72 m2) com materiais novos | E20: un | F20: 1 | G20: =TRUNC(L20-L20*$P$3,2) -> 9419.75 | H20: =TRUNC(M20-M20*$P$3,2) -> 11536.36 | I20: =ROUND(F20*H20,2) -> 11536.36 | J20: 0.0046221078 | L20: 12068.87 | M20: 14780.74 | N20: 14780.74
A21: 3.12 | B21: 61 | C21: ORSE | D21: Barracão aberto para refeitório de obra (capacidade 24 refeições simultâneas)-s=61,60m2 com materiais novos | E21: un | F21: 1 | G21: =TRUNC(L21-L21*$P$3,2) -> 13555.57 | H21: =TRUNC(M21-M21*$P$3,2) -> 16601.5 | I21: =ROUND(F21*H21,2) -> 16601.5 | J21: 0.0066514837 | L21: 17367.81 | M21: 21270.35 | N21: 21270.35
A22: 3.13 | B22: 10184 | C22: ORSE | D22: Barracão para banheiro e vestiário de obra, s=35,10m², capacidade 20 operários com materiais novos | E22: un | F22: 1 | G22: =TRUNC(L22-L22*$P$3,2) -> 14046.28 | H22: =TRUNC(M22-M22*$P$3,2) -> 17202.47 | I22: =ROUND(F22*H22,2) -> 17202.47 | J22: 0.0068922653 | L22: 17996.52 | M22: 22040.33 | N22: 22040.33
A23: 3.14 | B23: 11703 | C23: ORSE | D23: Barracão aberto para apoio à produção (carpintaria, central de armação, oficina, etc.) c/ tesouras, telha 4mm, piso em concreto desempolado | E23: m² | F23: 25 | G23: =TRUNC(L23-L23*$P$3,2) -> 148.24 | H23: =TRUNC(M23-M23*$P$3,2) -> 181.54 | I23: =ROUND(F23*H23,2) -> 4538.5 | J23: 0.0018184175 | L23: 189.93 | M23: 232.6 | N23: 5815
A24: 4 | D24: TERRAPLANAGEM | I24: =SUM(I25:I32) -> 58839.91 | J24: 0.023579422 | M24: 75403.11 | N24: 75403.11
A25: 4.1 | B25: 2548 | C25: ORSE | D25: Locação de serviços de terraplenagem de obras civis | E25: m² | F25: 1313.26 | G25: =TRUNC(L25-L25*$P$3,2) -> 1.03 | H25: =TRUNC(M25-M25*$P$3,2) -> 1.26 | I25: =ROUND(F25*H25,2) -> 1654.71 | J25: 0.00066528753 | L25: 1.33 | M25: 1.62 | N25: 2127.48
A26: 4.2 | B26: 101124 | C26: SINAPI | D26: ESCAVAÇÃO HORIZONTAL, INCLUINDO CARGA E DESCARGA EM SOLO DE 1A CATEGORIA COM TRATOR DE ESTEIRAS (100HP/LÂMINA: 2,19M3). AF_07/2020 | E26: m³ | F26: 26.11 | G26: =TRUNC(L26-L26*$P$3,2) -> 11.17 | H26: =TRUNC(M26-M26*$P$3,2) -> 13.68 | I26: =ROUND(F26*H26,2) -> 357.18 | J26: 0.00014312807 | L26: 14.32 | M26: 17.53 | N26: 457.7
A27: 4.3 | B27: 102354 | C27: SINAPI | D27: DESMONTE DE MATERIAL DE 3ª CATEGORIA (BLOCOS DE ROCHAS OU MATACOS), COM MARTELETE PNEUMÁTICO MANUAL - EXCLUSIVE CARGA E TRANSPORTE. AF_03/2021 | E27: m³ | F27: 61.128 | G27: =TRUNC(L27-L27*$P$3,2) -> 111.86 | H27: =TRUNC(M27-M27*$P$3,2) -> 136.99 | I27: =ROUND(F27*H27,2) -> 8373.92 | J27: 0.0033551383 | L27: 143.32 | M27: 175.52 | N27: 10729.18
A28: 4.4 | B28: 4522 | C28: ORSE | D28: Desmonte de rocha dura incluindo perfuração e argamassa expansiva | E28: m³ | F28: 91.692 | G28: =TRUNC(L28-L28*$P$3,2) -> 264.46 | H28: =TRUNC(M28-M28*$P$3,2) -> 323.88 | I28: =ROUND(F28*H28,2) -> 29697.2 | J28: 0.011898492 | L28: 338.84 | M28: 414.97 | N28: 38049.42
A29: 4.5 | B29: 102361 | C29: SINAPI | D29: RETIRADA DE MATERIAL DE 3ª CATEGORIA (APÓS ESCAVAÇÃO/DESMONTE) EM VALAS, COM RETROESCAVADEIRA - EXCLUSIVE CARGA E TRANSPORTE. AF_03/2021 | E29: m³ | F29: 152.82 | G29: =TRUNC(L29-L29*$P$3,2) -> 24.98 | H29: =TRUNC(M29-M29*$P$3,2) -> 30.59 | I29: =ROUND(F29*H29,2) -> 4674.76 | J29: 0.0018733109 | L29: 32.01 | M29: 39.2 | N29: 5990.54
A30: 4.6 | B30: 95875 | C30: SINAPI | D30: TRANSPORTE COM CAMINHÃO BASCULANTE DE 10 M³, EM VIA URBANA PAVIMENTADA, DMT ATÉ 30 KM (UNIDADE: M3XKM). AF_07/2020 | E30: M3XKM | F30: 1902.77 | G30: =TRUNC(L30-L30*$P$3,2) -> 1.88 | H30: =TRUNC(M30-M30*$P$3,2) -> 2.3 | I30: =ROUND(F30*H30,2) -> 4376.37 | J30: 0.001755303 | L30: 2.41 | M30: 2.95 | N30: 5613.17
A31: 4.7 | B31: 368 | C31: SINAPI | D31: AREIA PARA ATERRO - POSTO JAZIDA/FORNECEDOR (RETIRADO NA JAZIDA, SEM TRANSPORTE) | E31: M³ | F31: 113.47 | G31: =TRUNC(L31-L31*$P$3,2) -> 37.07 | H31: =TRUNC(M31-M31*$P$3,2) -> 45.4 | I31: =ROUND(F31*H31,2) -> 5151.54 | J31: 0.002064065 | L31: 47.5 | M31: 58.17 | N31: 6600.54
A32: 4.8 | B32: 71 | C32: ORSE | D32: Aterro manual de áreas, sem aquisição de material, com espalhamento e compactação | E32: m³ | F32: 90.776 | G32: =TRUNC(L32-L32*$P$3,2) -> 40.96 | H32: =TRUNC(M32-M32*$P$3,2) -> 50.17 | I32: =ROUND(F32*H32,2) -> 4554.23 | J32: 0.0018246968 | L32: 52.49 | M32: 64.28 | N32: 5835.08
A33: 5 | B33: * | D33: ESTRUTURA | I33: =SUM(I34,I38,I44,I55,I82,I96,I108,I116,I135) -> 753145.36 | J33: 0.33287053 | L33: =M33-M33*P3 -> 830815.05 | M33: 1064465.1 | N33: 1064465.1
A34: 5.1 | B34: * | D34: LOCAÇÃO DA OBRA, FUNDAÇÕES E VIGAS BALDRAMES | I34: =SUM(I35,I36,I37) -> 17057.42 | J34: 0.019265598 | M34: 61608.21 | N34: 61608.21
A35: 5.1.1 | B35: 105009 | C35: SINAPI | D35: LOCAÇÃO CONVENCIONAL DE OBRA, UTILIZANDO GABARITO DE TÁBUAS CORRIDAS PONTALETADAS A CADA 1,50M - 2 UTILIZAÇÕES. AF_03/2024 | E35: M | F35: 101.12 | G35: =TRUNC(L35-L35*$P$3,2) -> 54.54 | H35: =TRUNC(M35-M35*$P$3,2) -> 66.8 | I35: =ROUND(F35*H35,2) -> 6754.82 | J35: 0.0027064745 | L35: 69.89 | M35: 85.59 | N35: 8654.86
A36: 5.1.2 | B36: 96523 | C36: SINAPI | D36: ESCAVAÇÃO MANUAL PARA BLOCO DE COROAMENTO OU SAPATA (INCLUINDO ESCAVAÇÃO PARA COLOCAÇÃO DE FÔRMAS). AF_01/2024 | E36: m³ | F36: 99.2 | G36: =TRUNC(L36-L36*$P$3,2) -> 68.2 | H36: =TRUNC(M36-M36*$P$3,2) -> 83.52 | I36: =ROUND(F36*H36,2) -> 8285.18 | J36: 0.0033195548 | L36: 87.38 | M36: 107.01 | N36: 10615.39
A37: 5.1.3 | B37: 96619 | C37: SINAPI | D37: LASTRO DE CONCRETO MAGRO, APLICADO EM BLOCOS DE COROAMENTO OU SAPATAS, ESPESSURA DE 5 CM. AF_01/2024 | E37: m² | F37: 59.11 | G37: =TRUNC(L37-L37*$P$3,2) -> 27.87 | H37: =TRUNC(M37-M37*$P$3,2) -> 34.13 | I37: =ROUND(F37*H37,2) -> 2017.42 | J37: 0.00080832178 | L37: 35.71 | M37: 43.73 | N37: 2584.88
A38: 5.1.4 | B38: * | D38: FORMA, AÇO E CONCRETO | I38: =SUM(I39,I40,I41,I42,I43) -> 31021.89 | J38: 0.012431246 | M38: 39753.08 | N38: 39753.08
A39: 5.1.4.1 | B39: 96541 | C39: SINAPI | D39: FABRICAÇÃO, MONTAGEM E DESMONTAGEM DE FÔRMA PARA SAPATA, EM CHAPA DE MADEIRA COMPENSADA RESINADA, E=17 MM, 4 UTILIZAÇÕES. AF_01/2024 | E39: m² | F39: 32.63 | G39: =TRUNC(L39-L39*$P$3,2) -> 139.06 | H39: =TRUNC(M39-M39*$P$3,2) -> 170.3 | I39: =ROUND(F39*H39,2) -> 5556.89 | J39: 0.0022264623 | L39: 178.17 | M39: 218.2 | N39: 7119.86
A40: 5.1.4.2 | B40: 96545 | C40: SINAPI | D40: ARMAÇÃO DE BLOCO UTILIZANDO AÇO CA-50 DE 8 MM - MONTAGEM. AF_01/2024 | E40: KG | F40: 29 | G40: =TRUNC(L40-L40*$P$3,2) -> 13.62 | H40: =TRUNC(M40-M40*$P$3,2) -> 16.68 | I40: =ROUND(F40*H40,2) -> 483.72 | J40: 0.0001938874 | L40: 17.46 | M40: 21.38 | N40: 620.02
A41: 5.1.4.3 | B41: 96546 | C41: SINAPI | D41: ARMAÇÃO DE BLOCO UTILIZANDO AÇO CA-50 DE 10 MM - MONTAGEM. AF_01/2024 | E41: KG | F41: 385 | G41: =TRUNC(L41-L41*$P$3,2) -> 12.05 | H41: =TRUNC(M41-M41*$P$3,2) -> 14.76 | I41: =ROUND(F41*H41,2) -> 5682.6 | J41: 0.0022778533 | L41: 15.45 | M41: 18.92 | N41: 7284.2
A42: 5.1.4.4 | B42: 104920 | C42: SINAPI | D42: ARMAÇÃO DE BLOCO, SAPATA ISOLADA, VIGA BALDRAME E SAPATA CORRIDA UTILIZANDO AÇO CA-50 DE 12,5 MM - MONTAGEM. AF_01/2024 | E42: KG | F42: 426 | G42: =TRUNC(L42-L42*$P$3,2) -> 9.51 | H42: =TRUNC(M42-M42*$P$3,2) -> 11.64 | I42: =ROUND(F42*H42,2) -> 4958.64 | J42: 0.0019875695 | L42: 12.19 | M42: 14.92 | N42: 6355.92
A43: 5.1.4.5 | B43: 96558 | C43: SINAPI | D43: CONCRETAGEM DE SAPATA, FCK 30 MPA, COM USO DE BOMBA - LANÇAMENTO, ADENSAMENTO E ACABAMENTO. AF_01/2024 | E43: m³ | F43: 20.23 | G43: =TRUNC(L43-L43*$P$3,2) -> 578.8 | H43: =TRUNC(M43-M43*$P$3,2) -> 708.85 | I43: =ROUND(F43*H43,2) -> 14340.04 | J43: 0.005745474 | L43: 741.58 | M43: 908.21 | N43: 18373.08
A44: 5.2 | B44: * | D44: PILARES | I44: =SUM(I45,I46,I47,I49,I48,I50,I51,I52,I53,I54) -> 52500.8 | J44: 0.020180617 | M44: 64534.29 | N44: 64534.29
A45: 5.2.1 | B45: 96258 | C45: SINAPI | D45: MONTAGEM E DESMONTAGEM DE FÔRMA DE PILARES CIRCULARES, PÉ-DIREITO SIMPLES, EM MADEIRA, 2 UTILIZAÇÕES. AF_05/2024 | E45: m² | F45: 76.44 | G45: =TRUNC(L45-L45*$P$3,2) -> 127.58 | H45: =TRUNC(M45-M45*$P$3,2) -> 156.25 | I45: =ROUND(F45*H45,2) -> 11943.75 | J45: 0.0047855121 | L45: 163.47 | M45: 200.2 | N45: 15303.28
A46: 5.2.2 | B46: 92443 | C46: SINAPI | D46: MONTAGEM E DESMONTAGEM DE FÔRMA DE PILARES RETANGULARES E ESTRUTURAS SIMILARES, PÉ-DIREITO SIMPLES, EM CHAPA DE MADEIRA COMPENSADA PLASTIFICADA, 18 UTILIZAÇÕES. AF_09/2020 | E46: m² | F46: 144.16 | G46: =TRUNC(L46-L46*$P$3,2) -> 54.33 | H46: =TRUNC(M46-M46*$P$3,2) -> 66.54 | I46: =ROUND(F46*H46,2) -> 9592.41 | J46: 0.0038435624 | L46: 69.62 | M46: 85.26 | N46: 12291.08
A47: 5.2.3 | B47: 92759 | C47: SINAPI | D47: ARMAÇÃO DE PILAR OU VIGA DE ESTRUTURA CONVENCIONAL DE CONCRETO ARMADO UTILIZANDO AÇO CA-60 DE 5,0 MM - MONTAGEM. AF_06/2022 | E47: KG | F47: 184 | G47: =TRUNC(L47-L47*$P$3,2) -> 11.93 | H47: =TRUNC(M47-M47*$P$3,2) -> 14.61 | I47: =ROUND(F47*H47,2) -> 2688.24 | J47: 0.0010771286 | L47: 15.29 | M47: 18.72 | N47: 3444.48
A48: 5.2.4 | B48: 92760 | C48: SINAPI | D48: ARMAÇÃO DE PILAR OU VIGA DE ESTRUTURA CONVENCIONAL DE CONCRETO ARMADO UTILIZANDO AÇO CA-50 DE 6,3 MM - MONTAGEM. AF_06/2022 | E48: KG | F48: 186 | G48: =TRUNC(L48-L48*$P$3,2) -> 11.54 | H48: =TRUNC(M48-M48*$P$3,2) -> 14.13 | I48: =ROUND(F48*H48,2) -> 2628.18 | J48: 0.0010533563 | L48: 14.79 | M48: 18.11 | N48: 3368.46
A49: 5.2.5 | B49: 92762 | C49: SINAPI | D49: ARMAÇÃO DE PILAR OU VIGA DE ESTRUTURA CONVENCIONAL DE CONCRETO ARMADO UTILIZANDO AÇO CA-50 DE 10,0 MM - MONTAGEM. AF_06/2022 | E49: KG | F49: 72 | G49: =TRUNC(L49-L49*$P$3,2) -> 9.96 | H49: =TRUNC(M49-M49*$P$3,2) -> 12.19 | I49: =ROUND(F49*H49,2) -> 877.68 | J49: 0.00035191305 | L49: 12.77 | M49: 15.63 | N49: 1125.36
A50: 5.2.6 | B50: 92763 | C50: SINAPI | D50: ARMAÇÃO DE PILAR OU VIGA DE ESTRUTURA CONVENCIONAL DE CONCRETO ARMADO UTILIZANDO AÇO CA-50 DE 12,5 MM - MONTAGEM. AF_06/2022 | E50: KG | F50: 1083 | G50: =TRUNC(L50-L50*$P$3,2) -> 8.44 | H50: =TRUNC(M50-M50*$P$3,2) -> 10.34 | I50: =ROUND(F50*H50,2) -> 11198.22 | J50: 0.0044873323 | L50: 10.82 | M50: 13.25 | N50: 14349.75
A51: 5.2.7 | B51: 92764 | C51: SINAPI | D51: ARMAÇÃO DE PILAR OU VIGA DE ESTRUTURA CONVENCIONAL DE CONCRETO ARMADO UTILIZANDO AÇO CA-50 DE 16,0 MM - MONTAGEM. AF_06/2022 | E51: KG | F51: 361 | G51: =TRUNC(L51-L51*$P$3,2) -> 8.22 | H51: =TRUNC(M51-M51*$P$3,2) -> 10.06 | I51: =ROUND(F51*H51,2) -> 3631.66 | J51: 0.0014562663 | L51: 10.54 | M51: 12.9 | N51: 4656.9
A52: 5.2.8 | B52: 94972 | C52: SINAPI | D52: CONCRETO FCK = 30MPA, TRAÇO 1:2,1:2,5 (EM MASSA SECA DE CIMENTO/ AREIA MÉDIA/ BRITA 1) - PREPARO MECÂNICO COM BETONEIRA 600 L. AF_05/2021 | E52: m³ | F52: ='ADITIVO SANT'!Q16 -> 0 | G52: =TRUNC(L52-L52*$P$3,2) -> 374.13 | H52: =TRUNC(M52-M52*$P$3,2) -> 458.19 | I52: =ROUND(F52*H52,2) -> 0 | L52: 479.35 | M52: 587.05 | N52: 9251.9
A53: 5.2.9 | B53: 103673 | C53: SINAPI | D53: LANÇAMENTO COM USO DE BOMBA, ADENSAMENTO E ACABAMENTO DE CONCRETO EM ESTRUTURAS. AF_02/2022 | E53: m³ | F53: ='ADITIVO SANT'!Q17 -> 0 | G53: =TRUNC(L53-L53*$P$3,2) -> 30.04 | H53: =TRUNC(M53-M53*$P$3,2) -> 36.8 | I53: =ROUND(F53*H53,2) -> 0 | L53: 38.5 | M53: 47.15 | N53: 743.08
A54: ='ADITIVO SANT'!A18 -> 5.2.10 | B54: ='ADITIVO SANT'!B18 -> MP-0082 | C54: ='ADITIVO SANT'!C18 -> Próprio | D54: ='ADITIVO SANT'!D18 -> CONCRETAGEM DE PILARES, FCK = 30 MPA, COM USO DE BOMBA - LANÇAMENTO, ADENSAMENTO E ACABAMENTO. AF_02/2022_PS - (Composição de ref. SINAPI (103672) | E54: ='ADITIVO SANT'!E18 -> m³ | F54: ='ADITIVO SANT'!Q18 -> 15.76 | G54: ='ADITIVO SANT'!K18 -> 515.02659 | H54: ='ADITIVO SANT'!L18 -> 630.75307 | I54: =TRUNC(F54*H54,2) -> 9940.66
A55: 5.3 | B55: * | D55: VIGAS | I55: =SUM(I56,I69,) -> 339616.86 | J55: 0.1279569 | M55: 409185.09 | N55: 409185.09
A56: 5.3.1 | D56: BALDRAMES | I56: =SUM(I57,I58,I59,I60,I61,I62,I63,I64,I65,I66,I67,I68) -> 35833.31 | J56: 0.0099691341 | M56: 31879.65 | N56: 31879.65
A57: 5.3.1.1 | B57: 96542 | C57: SINAPI | D57: FABRICAÇÃO, MONTAGEM E DESMONTAGEM DE FÔRMA PARA VIGA BALDRAME, EM CHAPA DE MADEIRA COMPENSADA RESINADA, E=17 MM, 4 UTILIZAÇÕES. AF_01/2024 | E57: m² | F57: 95.37 | G57: =TRUNC(L57-L57*$P$3,2) -> 77.19 | H57: =TRUNC(M57-M57*$P$3,2) -> 94.54 | I57: =ROUND(F57*H57,2) -> 9016.28 | J57: 0.0036124936 | L57: 98.91 | M57: 121.13 | N57: 11552.16
A58: 5.3.1.2 | B58: 92759 | C58: SINAPI | D58: ARMAÇÃO DE PILAR OU VIGA DE ESTRUTURA CONVENCIONAL DE CONCRETO ARMADO UTILIZANDO AÇO CA-60 DE 5,0 MM - MONTAGEM. AF_06/2022 | E58: KG | F58: 51 | G58: =TRUNC(L58-L58*$P$3,2) -> 11.93 | H58: =TRUNC(M58-M58*$P$3,2) -> 14.61 | I58: =ROUND(F58*H58,2) -> 745.11 | J58: 0.00029855195 | L58: 15.29 | M58: 18.72 | N58: 954.72
A59: 5.3.1.3 | B59: 92760 | C59: SINAPI | D59: ARMAÇÃO DE PILAR OU VIGA DE ESTRUTURA CONVENCIONAL DE CONCRETO ARMADO UTILIZANDO AÇO CA-50 DE 6,3 MM - MONTAGEM. AF_06/2022 | E59: KG | F59: 203 | G59: =TRUNC(L59-L59*$P$3,2) -> 11.54 | H59: =TRUNC(M59-M59*$P$3,2) -> 14.13 | I59: =ROUND(F59*H59,2) -> 2868.39 | J59: 0.0011496308 | L59: 14.79 | M59: 18.11 | N59: 3676.33
A60: 5.3.1.4 | B60: 92761 | C60: SINAPI | D60: ARMAÇÃO DE PILAR OU VIGA DE ESTRUTURA CONVENCIONAL DE CONCRETO ARMADO UTILIZANDO AÇO CA-50 DE 8,0 MM - MONTAGEM. AF_06/2022 | E60: KG | F60: 41 | G60: =TRUNC(L60-L60*$P$3,2) -> 11.05 | H60: =TRUNC(M60-M60*$P$3,2) -> 13.53 | I60: =ROUND(F60*H60,2) -> 554.73 | J60: 0.00022231913 | L60: 14.16 | M60: 17.34 | N60: 710.94
A61: 5.3.1.5 | B61: 92762 | C61: SINAPI | D61: ARMAÇÃO DE PILAR OU VIGA DE ESTRUTURA CONVENCIONAL DE CONCRETO ARMADO UTILIZANDO AÇO CA-50 DE 10,0 MM - MONTAGEM. AF_06/2022 | E61: KG | F61: 271 | G61: =TRUNC(L61-L61*$P$3,2) -> 9.96 | H61: =TRUNC(M61-M61*$P$3,2) -> 12.19 | I61: =ROUND(F61*H61,2) -> 3303.49 | J61: 0.0013245616 | L61: 12.77 | M61: 15.63 | N61: 4235.73
A62: 5.3.1.6 | B62: 92763 | C62: SINAPI | D62: ARMAÇÃO DE PILAR OU VIGA DE ESTRUTURA CONVENCIONAL DE CONCRETO ARMADO UTILIZANDO AÇO CA-50 DE 12,5 MM - MONTAGEM. AF_06/2022 | E62: KG | F62: 236 | G62: =TRUNC(L62-L62*$P$3,2) -> 8.44 | H62: =TRUNC(M62-M62*$P$3,2) -> 10.34 | I62: =ROUND(F62*H62,2) -> 2440.24 | J62: 0.00097784895 | L62: 10.82 | M62: 13.25 | N62: 3127
A63: 5.3.1.7 | B63: 94966 | C63: SINAPI | D63: CONCRETO FCK = 30MPA, TRAÇO 1:2,1:2,5 (EM MASSA SECA DE CIMENTO/ AREIA MÉDIA/ BRITA 1) - PREPARO MECÂNICO COM BETONEIRA 400 L. AF_05/2021 | E63: m³ | F63: ='ADITIVO SANT'!Q20 -> 0 | G63: =TRUNC(L63-L63*$P$3,2) -> 378.19 | H63: =TRUNC(M63-M63*$P$3,2) -> 463.16 | I63: =ROUND(F63*H63,2) -> 0 | L63: 484.55 | M63: 593.42 | N63: 7061.69
A64: 5.3.1.8 | B64: 103673 | C64: SINAPI | D64: LANÇAMENTO COM USO DE BOMBA, ADENSAMENTO E ACABAMENTO DE CONCRETO EM ESTRUTURAS. AF_02/2022 | E64: m³ | F64: ='ADITIVO SANT'!Q21 -> 0 | G64: =TRUNC(L64-L64*$P$3,2) -> 30.04 | H64: =TRUNC(M64-M64*$P$3,2) -> 36.8 | I64: =ROUND(F64*H64,2) -> 0 | L64: 38.5 | M64: 47.15 | N64: 561.08
A65: 5.3.1.9 | B65: ='ADITIVO SANT'!B22 -> 96557 | C65: ='ADITIVO SANT'!C22 -> SINAPI | D65: ='ADITIVO SANT'!D22 -> CONCRETAGEM DE BLOCOS DE COROAMENTO OU VIGA BALDRAME, FCK 30 MPA, COM USO DE BOMBA- LANÇAMENTO, ADENSAMENTO E ACABAMENTO. AF_01/2024 | E65: ='ADITIVO SANT'!E22 -> m³ | F65: ='ADITIVO SANT'!Q22 -> 11.9 | G65: ='ADITIVO SANT'!K22 -> 555.32093 | H65: ='ADITIVO SANT'!L22 -> 680.10154 | I65: =TRUNC(F65*H65,2) -> 8093.2
A66: 5.3.1.10 | B66: ='ADITIVO SANT'!B23 -> 102354 | C66: ='ADITIVO SANT'!C23 -> SINAPI | D66: ='ADITIVO SANT'!D23 -> DESMONTE DE MATERIAL DE 3ª CATEGORIA (BLOCOS DE ROCHAS OU MATACOS), COM MARTELETE PNEUMÁTICO MANUAL - EXCLUSIVE CARGA E TRANSPORTE. AF_03/2021 | E66: ='ADITIVO SANT'!E23 -> m³ | F66: ='ADITIVO SANT'!Q23 -> 29.732275 | G66: ='ADITIVO SANT'!K23 -> 111.86 | H66: ='ADITIVO SANT'!L23 -> 136.99 | I66: =TRUNC(F66*H66,2) -> 4073.02
A67: 5.3.1.11 | B67: ='ADITIVO SANT'!B24 -> 102361 | C67: ='ADITIVO SANT'!C24 -> SINAPI | D67: ='ADITIVO SANT'!D24 -> RETIRADA DE MATERIAL DE 3ª CATEGORIA (APÓS ESCAVAÇÃO/DESMONTE) EM VALAS, COM RETROESCAVADEIRA - EXCLUSIVE CARGA E TRANSPORTE. AF_03/2021 | E67: ='ADITIVO SANT'!E24 -> m² | F67: ='ADITIVO SANT'!Q24 -> 44.598413 | G67: ='ADITIVO SANT'!K24 -> 24.98 | H67: ='ADITIVO SANT'!L24 -> 30.59 | I67: =TRUNC(F67*H67,2) -> 1364.26
A68: 5.3.1.12 | B68: ='ADITIVO SANT'!B25 -> 95875 | C68: ='ADITIVO SANT'!C25 -> ORSE | D68: ='ADITIVO SANT'!D25 -> TRANSPORTE COM CAMINHÃO BASCULANTE DE 10 M³, EM VIA URBANA PAVIMENTADA, DMT ATÉ 30 KM (UNIDADE: M3XKM). AF_07/2020 | E68: ='ADITIVO SANT'!E25 -> m³xkm | F68: ='ADITIVO SANT'!Q25 -> 1467.2141 | G68: ='ADITIVO SANT'!K25 -> 1.88 | H68: ='ADITIVO SANT'!L25 -> 2.3 | I68: =TRUNC(F68*H68,2) -> 3374.59
A69: 5.3.2 | D69: NÍVEL 1 E NÍVEL 2 | I69: =SUM(I70,I71,I72,I73,I74,I75,I76,I77,I78,I79,I80,I81) -> 303783.55 | J69: 0.11798776 | M69: 377305.44 | N69: 377305.44
A70: 5.3.2.1 | B70: 92468 | C70: SINAPI | D70: MONTAGEM E DESMONTAGEM DE FÔRMA DE VIGA, ESCORAMENTO METÁLICO, PÉ-DIREITO SIMPLES, EM CHAPA DE MADEIRA PLASTIFICADA, 10 UTILIZAÇÕES. AF_09/2020 | E70: m² | F70: 1106.07 | G70: =TRUNC(L70-L70*$P$3,2) -> 125.9 | H70: =TRUNC(M70-M70*$P$3,2) -> 154.18 | I70: =ROUND(F70*H70,2) -> 170533.87 | J70: 0.068328758 | L70: 161.31 | M70: 197.55 | N70: 218504.12
A71: 5.3.2.2 | B71: 92759 | C71: SINAPI | D71: ARMAÇÃO DE PILAR OU VIGA DE ESTRUTURA CONVENCIONAL DE CONCRETO ARMADO UTILIZANDO AÇO CA-60 DE 5,0 MM - MONTAGEM. AF_06/2022 | E71: KG | F71: 400 | G71: =TRUNC(L71-L71*$P$3,2) -> 11.93 | H71: =TRUNC(M71-M71*$P$3,2) -> 14.61 | I71: =ROUND(F71*H71,2) -> 5844 | J71: 0.0023415839 | L71: 15.29 | M71: 18.72 | N71: 7488
A72: 5.3.2.3 | B72: 92760 | C72: SINAPI | D72: ARMAÇÃO DE PILAR OU VIGA DE ESTRUTURA CONVENCIONAL DE CONCRETO ARMADO UTILIZANDO AÇO CA-50 DE 6,3 MM - MONTAGEM. AF_06/2022 | E72: KG | F72: 866 | G72: =TRUNC(L72-L72*$P$3,2) -> 11.54 | H72: =TRUNC(M72-M72*$P$3,2) -> 14.13 | I72: =ROUND(F72*H72,2) -> 12236.58 | J72: 0.0049043362 | L72: 14.79 | M72: 18.11 | N72: 15683.26
A73: 5.3.2.4 | B73: 92761 | C73: SINAPI | D73: ARMAÇÃO DE PILAR OU VIGA DE ESTRUTURA CONVENCIONAL DE CONCRETO ARMADO UTILIZANDO AÇO CA-50 DE 8,0 MM - MONTAGEM. AF_06/2022 | E73: KG | F73: 1212 | G73: =TRUNC(L73-L73*$P$3,2) -> 11.05 | H73: =TRUNC(M73-M73*$P$3,2) -> 13.53 | I73: =ROUND(F73*H73,2) -> 16398.36 | J73: 0.0065719705 | L73: 14.16 | M73: 17.34 | N73: 21016.08
A74: 5.3.2.5 | B74: 92762 | C74: SINAPI | D74: ARMAÇÃO DE PILAR OU VIGA DE ESTRUTURA CONVENCIONAL DE CONCRETO ARMADO UTILIZANDO AÇO CA-50 DE 10,0 MM - MONTAGEM. AF_06/2022 | E74: KG | F74: 1616 | G74: =TRUNC(L74-L74*$P$3,2) -> 9.96 | H74: =TRUNC(M74-M74*$P$3,2) -> 12.19 | I74: =ROUND(F74*H74,2) -> 19699.04 | J74: 0.0078984928 | L74: 12.77 | M74: 15.63 | N74: 25258.08
A75: 5.3.2.6 | B75: 92763 | C75: SINAPI | D75: ARMAÇÃO DE PILAR OU VIGA DE ESTRUTURA CONVENCIONAL DE CONCRETO ARMADO UTILIZANDO AÇO CA-50 DE 12,5 MM - MONTAGEM. AF_06/2022 | E75: KG | F75: 1046 | G75: =TRUNC(L75-L75*$P$3,2) -> 8.44 | H75: =TRUNC(M75-M75*$P$3,2) -> 10.34 | I75: =ROUND(F75*H75,2) -> 10815.64 | J75: 0.0043340254 | L75: 10.82 | M75: 13.25 | N75: 13859.5
A76: 5.3.2.7 | B76: 92764 | C76: SINAPI | D76: ARMAÇÃO DE PILAR OU VIGA DE ESTRUTURA CONVENCIONAL DE CONCRETO ARMADO UTILIZANDO AÇO CA-50 DE 16,0 MM - MONTAGEM. AF_06/2022 | E76: KG | F76: 1189 | G76: =TRUNC(L76-L76*$P$3,2) -> 8.22 | H76: =TRUNC(M76-M76*$P$3,2) -> 10.06 | I76: =ROUND(F76*H76,2) -> 11961.34 | J76: 0.0047964007 | L76: 10.54 | M76: 12.9 | N76: 15338.1
A77: 5.3.2.8 | B77: 92765 | C77: SINAPI | D77: ARMAÇÃO DE PILAR OU VIGA DE ESTRUTURA CONVENCIONAL DE CONCRETO ARMADO UTILIZANDO AÇO CA-50 DE 20,0 MM - MONTAGEM. AF_06/2022 | E77: KG | F77: 1096 | G77: =TRUNC(L77-L77*$P$3,2) -> 9.42 | H77: =TRUNC(M77-M77*$P$3,2) -> 11.54 | I77: =ROUND(F77*H77,2) -> 12647.84 | J77: 0.0050690039 | L77: 12.08 | M77: 14.79 | N77: 16209.84
A78: 5.3.2.9 | B78: 92766 | C78: SINAPI | D78: ARMAÇÃO DE PILAR OU VIGA DE ESTRUTURA CONVENCIONAL DE CONCRETO ARMADO UTILIZANDO AÇO CA-50 DE 25,0 MM - MONTAGEM. AF_06/2022 | E78: KG | F78: 25 | G78: =TRUNC(L78-L78*$P$3,2) -> 9.34 | H78: =TRUNC(M78-M78*$P$3,2) -> 11.43 | I78: =ROUND(F78*H78,2) -> 285.75 | J78: 0.0001145306 | L78: 11.97 | M78: 14.65 | N78: 366.25
A79: 5.3.2.10 | B79: 94972 | C79: SINAPI | D79: CONCRETO FCK = 30MPA, TRAÇO 1:2,1:2,5 (EM MASSA SECA DE CIMENTO/ AREIA MÉDIA/ BRITA 1) - PREPARO MECÂNICO COM BETONEIRA 600 L. AF_05/2021 | E79: m³ | F79: ='ADITIVO SANT'!Q27 -> 0 | G79: =TRUNC(L79-L79*$P$3,2) -> 374.13 | H79: =TRUNC(M79-M79*$P$3,2) -> 458.19 | I79: =ROUND(F79*H79,2) -> 0 | L79: 479.35 | M79: 587.05 | N79: 40342.07
A80: 5.3.2.11 | B80: 103673 | C80: SINAPI | D80: LANÇAMENTO COM USO DE BOMBA, ADENSAMENTO E ACABAMENTO DE CONCRETO EM ESTRUTURAS. AF_02/2022 | E80: m³ | F80: ='ADITIVO SANT'!Q28 -> 0 | G80: =TRUNC(L80-L80*$P$3,2) -> 30.04 | H80: =TRUNC(M80-M80*$P$3,2) -> 36.8 | I80: =ROUND(F80*H80,2) -> 0 | L80: 38.5 | M80: 47.15 | N80: 3240.14
A81: ='ADITIVO SANT'!A29 -> 5.3.2.12 | B81: ='ADITIVO SANT'!B29 -> MP-0011 | C81: ='ADITIVO SANT'!C29 -> Próprio | D81: ='ADITIVO SANT'!D29 -> CONCRETAGEM DE VIGAS E LAJES, FCK=30 MPA, PARA LAJES MACIÇAS OU NERVURADAS COM USO DE BOMBA - LANÇAMENTO, ADENSAMENTO E ACABAMENTO. (Composição de ref. SINAPI - 09/2024 - 103675) | E81: ='ADITIVO SANT'!E29 -> m³ | F81: ='ADITIVO SANT'!Q29 -> 68.72 | G81: ='ADITIVO SANT'!K29 -> 515.21415 | H81: ='ADITIVO SANT'!L29 -> 630.98278 | I81: =TRUNC(F81*H81,2) -> 43361.13
A82: 5.4 | B82: * | D82: LAJES | I82: =SUM(I83,I84,I85,I86,I87,I88,I89,I90,I91,I92,I93,I94,I95) -> 214275.37 | J82: 0.080115234 | M82: 256195.33 | N82: 256195.33
A83: 5.4.1 | B83: 92526 | C83: SINAPI | D83: MONTAGEM E DESMONTAGEM DE FÔRMA DE LAJE MACIÇA, PÉ-DIREITO SIMPLES, EM CHAPA DE MADEIRA COMPENSADA PLASTIFICADA, 10 UTILIZAÇÕES. AF_09/2020 | E83: m² | F83: 62.05 | G83: =TRUNC(L83-L83*$P$3,2) -> 41.51 | H83: =TRUNC(M83-M83*$P$3,2) -> 50.84 | I83: =ROUND(F83*H83,2) -> 3154.62 | J83: 0.0012639581 | L83: 53.19 | M83: 65.14 | N83: 4041.93
A84: 5.4.2 | B84: 92488 | C84: SINAPI | D84: MONTAGEM E DESMONTAGEM DE FÔRMA DE LAJE NERVURADA COM CUBETA E ASSOALHO, PÉ-DIREITO DUPLO, EM CHAPA DE MADEIRA COMPENSADA RESINADA, 8 UTILIZAÇÕES. AF_09/2020 | E84: m² | F84: 580.66 | G84: =TRUNC(L84-L84*$P$3,2) -> 115.13 | H84: =TRUNC(M84-M84*$P$3,2) -> 140.99 | I84: =ROUND(F84*H84,2) -> 81867.25 | J84: 0.032802257 | L84: 147.51 | M84: 180.65 | N84: 104896.22
A85: 5.4.3 | B85: 101792 | C85: SINAPI | D85: ESCORAMENTO DE FÔRMAS DE LAJE EM MADEIRA NÃO APARELHADA, PÉ-DIREITO SIMPLES, INCLUSO TRAVAMENTO, 4 UTILIZAÇÕES. AF_09/2020 | E85: m³ | F85: 123.063 | G85: =TRUNC(L85-L85*$P$3,2) -> 13.75 | H85: =TRUNC(M85-M85*$P$3,2) -> 16.83 | I85: =ROUND(F85*H85,2) -> 2071.15 | J85: 0.00083008025 | L85: 17.62 | M85: 21.57 | N85: 2654.46
A86: 5.4.4 | B86: 92768 | C86: SINAPI | D86: ARMAÇÃO DE LAJE DE ESTRUTURA CONVENCIONAL DE CONCRETO ARMADO UTILIZANDO AÇO CA-60 DE 5,0 MM - MONTAGEM. AF_06/2022 | E86: KG | F86: 411 | G86: =TRUNC(L86-L86*$P$3,2) -> 11.56 | H86: =TRUNC(M86-M86*$P$3,2) -> 14.16 | I86: =ROUND(F86*H86,2) -> 5819.76 | J86: 0.0023327186 | L86: 14.82 | M86: 18.15 | N86: 7459.65
A87: 5.4.5 | B87: 92769 | C87: SINAPI | D87: ARMAÇÃO DE LAJE DE ESTRUTURA CONVENCIONAL DE CONCRETO ARMADO UTILIZANDO AÇO CA-50 DE 6,3 MM - MONTAGEM. AF_06/2022 | E87: KG | F87: 2343 | G87: =TRUNC(L87-L87*$P$3,2) -> 11.18 | H87: =TRUNC(M87-M87*$P$3,2) -> 13.68 | I87: =ROUND(F87*H87,2) -> 32052.24 | J87: 0.012851262 | L87: 14.33 | M87: 17.54 | N87: 41096.22
A88: 5.4.6 | B88: 92770 | C88: SINAPI | D88: ARMAÇÃO DE LAJE DE ESTRUTURA CONVENCIONAL DE CONCRETO ARMADO UTILIZANDO AÇO CA-50 DE 8,0 MM - MONTAGEM. AF_06/2022 | E88: KG | F88: 469 | G88: =TRUNC(L88-L88*$P$3,2) -> 10.7 | H88: =TRUNC(M88-M88*$P$3,2) -> 13.11 | I88: =ROUND(F88*H88,2) -> 6148.59 | J88: 0.0024639167 | L88: 13.72 | M88: 16.8 | N88: 7879.2
A89: 5.4.7 | B89: 92771 | C89: SINAPI | D89: ARMAÇÃO DE LAJE DE ESTRUTURA CONVENCIONAL DE CONCRETO ARMADO UTILIZANDO AÇO CA-50 DE 10,0 MM - MONTAGEM. AF_06/2022 | E89: KG | F89: 776 | G89: =TRUNC(L89-L89*$P$3,2) -> 9.63 | H89: =TRUNC(M89-M89*$P$3,2) -> 11.8 | I89: =ROUND(F89*H89,2) -> 9156.8 | J89: 0.0036690819 | L89: 12.35 | M89: 15.12 | N89: 11733.12
A90: 5.4.8 | B90: 92772 | C90: SINAPI | D90: ARMAÇÃO DE LAJE DE ESTRUTURA CONVENCIONAL DE CONCRETO ARMADO UTILIZANDO AÇO CA-50 DE 12,5 MM - MONTAGEM. AF_06/2022 | E90: KG | F90: 473 | G90: =TRUNC(L90-L90*$P$3,2) -> 8.15 | H90: =TRUNC(M90-M90*$P$3,2) -> 9.98 | I90: =ROUND(F90*H90,2) -> 4720.54 | J90: 0.0018918016 | L90: 10.45 | M90: 12.79 | N90: 6049.67
A91: 5.4.9 | B91: 92773 | C91: SINAPI | D91: ARMAÇÃO DE LAJE DE ESTRUTURA CONVENCIONAL DE CONCRETO ARMADO UTILIZANDO AÇO CA-50 DE 16,0 MM - MONTAGEM. AF_06/2022 | E91: KG | F91: 233 | G91: =TRUNC(L91-L91*$P$3,2) -> 8.03 | H91: =TRUNC(M91-M91*$P$3,2) -> 9.84 | I91: =ROUND(F91*H91,2) -> 2292.72 | J91: 0.00091878713 | L91: 10.3 | M91: 12.61 | N91: 2938.13
A92: 5.4.10 | B92: 92774 | C92: SINAPI | D92: ARMAÇÃO DE LAJE DE ESTRUTURA CONVENCIONAL DE CONCRETO ARMADO UTILIZANDO AÇO CA-50 DE 20,0 MM - MONTAGEM. AF_06/2022 | E92: KG | F92: 36 | G92: =TRUNC(L92-L92*$P$3,2) -> 9.31 | H92: =TRUNC(M92-M92*$P$3,2) -> 11.4 | I92: =ROUND(F92*H92,2) -> 410.4 | J92: 0.00016447376 | L92: 11.93 | M92: 14.61 | N92: 525.96
A93: 5.4.11 | B93: 94972 | C93: SINAPI | D93: CONCRETO FCK = 30MPA, TRAÇO 1:2,1:2,5 (EM MASSA SECA DE CIMENTO/ AREIA MÉDIA/ BRITA 1) - PREPARO MECÂNICO COM BETONEIRA 600 L. AF_05/2021 | E93: m³ | F93: ='ADITIVO SANT'!Q31 -> 0 | G93: =TRUNC(L93-L93*$P$3,2) -> 374.13 | H93: =TRUNC(M93-M93*$P$3,2) -> 458.19 | I93: =ROUND(F93*H93,2) -> 0 | L93: 479.35 | M93: 587.05 | N93: 61945.51
A94: 5.4.12 | B94: 103673 | C94: SINAPI | D94: LANÇAMENTO COM USO DE BOMBA, ADENSAMENTO E ACABAMENTO DE CONCRETO EM ESTRUTURAS. AF_02/2022 | E94: m³ | F94: ='ADITIVO SANT'!Q32 -> 0 | G94: =TRUNC(L94-L94*$P$3,2) -> 30.04 | H94: =TRUNC(M94-M94*$P$3,2) -> 36.8 | I94: =ROUND(F94*H94,2) -> 0 | L94: 38.5 | M94: 47.15 | N94: 4975.26
A95: ='ADITIVO SANT'!A33 -> 5.4.13 | B95: ='ADITIVO SANT'!B33 -> MP-0011 | C95: ='ADITIVO SANT'!C33 -> Próprio | D95: ='ADITIVO SANT'!D33 -> CONCRETAGEM DE VIGAS E LAJES, FCK=30 MPA, PARA LAJES MACIÇAS OU NERVURADAS COM USO DE BOMBA - LANÇAMENTO, ADENSAMENTO E ACABAMENTO. (Composição de ref. SINAPI - 09/2024 - 103675) | E95: ='ADITIVO SANT'!E33 -> m³ | F95: ='ADITIVO SANT'!Q33 -> 105.52 | G95: ='ADITIVO SANT'!K33 -> 515.21415 | H95: ='ADITIVO SANT'!L33 -> 630.98278 | I95: =TRUNC(F95*H95,2) -> 66581.3
A96: 5.5 | B96: * | D96: ESCADAS | I96: =SUM(I97,I98,I99,I100,I101,I102,I103,I104,I105,I106,I107) -> 39649.37 | J96: 0.015144513 | M96: 48429.66 | N96: 48429.66
A97: 5.5.1 | B97: 102017 | C97: SINAPI | D97: MONTAGEM E DESMONTAGEM DE FÔRMA PARA ESCADAS, COM 2 LANCES EM "L" E LAJE CASCATA, EM CHAPA DE MADEIRA COMPENSADA RESINADA, 4 UTILIZAÇÕES. AF_11/2020 | E97: m² | F97: 22.57 | G97: =TRUNC(L97-L97*$P$3,2) -> 249.83 | H97: =TRUNC(M97-M97*$P$3,2) -> 305.97 | I97: =ROUND(F97*H97,2) -> 6905.74 | J97: 0.0027668372 | L97: 320.1 | M97: 392.02 | N97: 8847.89
A98: 5.5.2 | B98: 102003 | C98: SINAPI | D98: MONTAGEM E DESMONTAGEM DE FÔRMA PARA ESCADAS, COM 2 LANCES EM "U" E LAJE CASCATA, EM CHAPA DE MADEIRA COMPENSADA RESINADA, 4 UTILIZAÇÕES. AF_11/2020 | E98: m² | F98: 20.52 | G98: =TRUNC(L98-L98*$P$3,2) -> 256.83 | H98: =TRUNC(M98-M98*$P$3,2) -> 314.54 | I98: =ROUND(F98*H98,2) -> 6454.36 | J98: 0.0025860493 | L98: 329.07 | M98: 403.01 | N98: 8269.76
A99: 5.5.3 | B99: 95943 | C99: SINAPI | D99: ARMAÇÃO DE ESCADA, DE UMA ESTRUTURA CONVENCIONAL DE CONCRETO ARMADO UTILIZANDO AÇO CA-60 DE 5,0 MM - MONTAGEM. AF_11/2020 | E99: KG | F99: 3 | G99: =TRUNC(L99-L99*$P$3,2) -> 17.55 | H99: =TRUNC(M99-M99*$P$3,2) -> 21.49 | I99: =ROUND(F99*H99,2) -> 64.47 | J99: 2.5836227e-05 | L99: 22.49 | M99: 27.54 | N99: 82.62
A100: 5.5.4 | B100: 95944 | C100: SINAPI | D100: ARMAÇÃO DE ESCADA, DE UMA ESTRUTURA CONVENCIONAL DE CONCRETO ARMADO UTILIZANDO AÇO CA-50 DE 6,3 MM - MONTAGEM. AF_11/2020 | E100: KG | F100: 29 | G100: =TRUNC(L100-L100*$P$3,2) -> 16.27 | H100: =TRUNC(M100-M100*$P$3,2) -> 19.92 | I100: =ROUND(F100*H100,2) -> 577.68 | J100: 0.00023152224 | L100: 20.85 | M100: 25.53 | N100: 740.37
...

Sheet RESUMO
A1: QUADRO RESUMO DO PRIMEIRO ADITIVO
B2: =[8]Planilha1!A1 -> 0 | H2: SINAPI - 08/2023 - Alagoas
A3: Contrato: | B3: =#REF! -> #REF! | H3: ORSE - 07/2023 - Sergipe | N3: B.D.I.
A4: Obra: | B4: ='M.C. ADITIVO 01 '!B4 -> Construção da nova Promotoria de Justiça de Santana do Ipanema - Não desonerado | H4: Encargos Sociais: | N4: =[9]BDI!E20/100 -> 0
H5: Não desonerado Horista: 113,41% Mensalista: 69,73%
A7: QUADRO RESUMO DO PRIMEIRO ADITIVO
D8: VALOR TOTAL DOS SERVIÇOS CONTRATADOS: | M8: ='ORÇ ABART'!H561 -> 2499120.3 | N8: =M8/$M$8 -> 1
D9: VALOR TOTAL DOS SERVIÇOS SUPRIMIDOS CONTRATADOS NO 1º ADITIVO: | M9: =#REF! -> #REF! | N9: =M9/$M$8 -> #REF!
D10: VALOR TOTAL DOS SERVIÇOS ACRESCIDOS CONTRATADOS NO 1º ADITIVO: | M10: =#REF! -> #REF! | N10: =M10/$M$8 -> #REF!
D11: VALOR TOTAL DOS SERVIÇOS ACRESCIDOS NÃO CONTRATADOS NO 1º ADITIVO: | M11: =#REF! -> #REF! | N11: =M11/$M$8 -> #REF!
D12: VALOR TOTAL DA MANUTENÇÃO DO DESCONTO (ITEM 26) NO 1º ADITIVO: | M12: =#REF! -> #REF! | N12: =M12/$M$8 -> #REF!
D13: VALOR TOTAL DOS SERVIÇOS CONTRATADOS APÓS 1º ADITIVO: | M13: =#REF! -> #REF!
D14: IMPACTO FINANCEIRO DE REDUÇÃO DOS SERVIÇOS CONTRATADOS E NÃO CONTRATADOS (ADITIVO DA OBRA) | M14: =#REF! -> #REF! | N14: =M14/$M$8 -> #REF!
A15: ANÁLISE DA MANUTENÇÃO DO DESCONTO GLOBAL
B17: VALOR GLOBAL REFERENCIAL ORIGINAL (1) : | C17: =#REF! -> #REF! | E17: ADITIVO 01 COM PREÇO REFERENCIAL (4a) : | F17: =#REF! -> #REF!
B19: VALOR GLOBAL DA CONTRATADA (2): | C19: =#REF! -> #REF! | E19: VALOR GLOBAL REFERENCIAL ADITIVO 01 (4) : | F19: =#REF! -> #REF!
I20: LEGENDA: | K20: ADIÇÃO DE SERVIÇOS CONTRATADOS
B21: DESCONTO GLOBAL EFETIVO (3): | C21: =#REF! -> #REF! | E21: ADITIVO 01 COM PREÇO DA CONTRATADA (5a) : | F21: =#REF! -> #REF!
K22: SUPRESSÃO DE SERVIÇOS CONTRATADOS
E23: VALOR GLOBAL DA CONTRATADA ADITIVO 01 (5) : | F23: =C19+F21 -> #REF!
B24: Fórmulas: | K24: ADIÇÃO DE SERVIÇOS NOVOS
E25: DESCONTO GLOBAL ADITIVO 01 (6): | F25: =#REF! -> #REF!
E27: PARCELA COMPENSATÓRIA (7)*: | F27: =#REF! -> #REF!
E28: * SE PARCELA COMPENSATÓRIA POSITIVA, ENTÃO ZERA. | F28: =#REF! -> #REF!
E30: VALOR FINAL CORRIGIDO ADITIVO 01 (8): | F30: =#REF! -> #REF!
E32: DESCONTO GLOBAL CORRIGIDO (9): | F32: =#REF! -> #REF!

Sheet CRONOG. ADITIVO
A3: CRONOGRAMA
A4: Item | B4: Discriminação | C4: Preço Total (R$) | D4: % | E4: Mês 01 | F4: Mês 02 | G4: Mês 03 | H4: Mês 04 | I4: Mês 05 | J4: Mês 06 | K4: Mês 07 | L4: Mês 08 | M4: Mês 09 | N4: Mês 10 | O4: Mês 11 | P4: Mês 12 | Q4: Mês 13 | R4: Mês 14 | S4: Mês 15 (*) | U4: CONFERÊNCIA
A5: 1 | B5: ='ORÇ ABART CONSOLIDADA ADITIVO 1'!D5 -> ADMINISTRAÇÃO DE OBRA | C5: ='ORÇ ABART CONSOLIDADA ADITIVO 1'!I5 -> 172855.2 | D5: =C5/$C$51 -> 0.070972607 | E5: 9403.32 | F5: 3232.39 | G5: 3457.1 | H5: 3370.68 | I5: 5805.05 | J5: 11595.7 | K5: 9218.94 | L5: 10094.77 | M5: 15868.105 | N5: 13724.7 | O5: 17285.52 | P5: 19048.64 | Q5: 19878.35 | R5: 20431.48 | S5: 10440.44 | U5: =SUM(E5:S5) -> 172855.18 | V5: =C5-U5 -> 0.015
E6: =E5/$C5 -> 0.054399983 | F6: =F5/$C5 -> 0.018699987 | G6: =G5/$C5 -> 0.019999977 | H6: =H5/$C5 -> 0.019500021 | I6: =I5/$C5 -> 0.033583311 | J6: =J5/$C5 -> 0.067083316 | K6: =K5/$C5 -> 0.05333331 | L6: =L5/$C5 -> 0.058400152 | ... S6: =S5/$C5 -> 0.060399919 | T6: =SUM(E6:S6) -> 0.99999991 | U6: =SUM(E6:S6) -> 0.99999991 | V6: =C6-U6 -> -0.99999991
A7: 2 | B7: ='ORÇ ABART CONSOLIDADA ADITIVO 1'!D7 -> MOBILIZAÇÃO | C7: ='ORÇ ABART CONSOLIDADA ADITIVO 1'!I7 -> 4778.4 | D7: =C7/$C$51 -> 0.001961963 | E7: 259.94 | F7: 89.36 | G7: 95.57 | H7: 93.18 | I7: 160.87 | J7: 320.55 | K7: 254.85 | L7: 279.06 | M7: 438.659 | N7: 379.4 | O7: 477.84 | P7: 526.58 | Q7: 549.52 | R7: 564.8058 | S7: 288.62 | U7: =SUM(E7:S7) -> 4778.8048 | V7: =C7-U7 -> -0.4048
E8: =E7/$C7 -> 0.054398962 | F8: =F7/$C7 -> 0.01870082 | G8: =G7/$C7 -> 0.020000419 | H8: =H7/$C7 -> 0.019500251 | I8: =I7/$C7 -> 0.033666081 | J8: =J7/$C7 -> 0.067083124 | K8: =K7/$C7 -> 0.053333752 | L8: =L7/$C7 -> 0.058400301 | ... S8: =S7/$C7 -> 0.060400971 | T8: =SUM(E8:S8) -> 1.0000847 | U8: =SUM(E8:S8) -> 1.0000847 | V8: =C8-U8 -> -1.0000847
A9: 3 | B9: ='ORÇ ABART CONSOLIDADA ADITIVO 1'!D9 -> SERVIÇOS PRELIMINARES | C9: ='ORÇ ABART CONSOLIDADA ADITIVO 1'!I9 -> 76367.26 | D9: =C9/$C$51 -> 0.031355629 | E9: 72458.92 | F9: 1720.25 | G9: 1343.63 | H9: 843.81 | I9: =I10*$C$9 -> 0.65 | J9: =J10*$C$11 -> 0 | K9: =K10*$C$11 -> 0 | L9: =L10*$C$11 -> 0 | M9: =M10*$C$11 -> 0 | N9: =N10*$C$11 -> 0 | O9: =O10*$C$11 -> 0 | P9: =P10*$C9 -> 0 | Q9: =Q10*$C9 -> 0 | R9: =R10*$C9 -> 0 | S9: =S10*$C9 -> 0 | U9: =SUM(E9:S9) -> 76367.26 | V9: =C9-U9 -> 0
E10: =E9/$C9 -> 0.94882179 | F10: =F9/$C9 -> 0.022526014 | G10: =G9/$C9 -> 0.01759432 | H10: =H9/$C9 -> 0.011049369 | I10: =1-(SUM(E10:H10)) -> 8.5115009e-06 | T10: =SUM(E10:S10) -> 1 | U10: =SUM(E10:S10) -> 1 | V10: =C10-U10 -> -1
A11: 4 | B11: ='ORÇ ABART CONSOLIDADA ADITIVO 1'!D24 -> TERRAPLANAGEM | C11: ='ORÇ ABART CONSOLIDADA ADITIVO 1'!I24 -> 58839.91 | D11: =C11/$C$51 -> 0.024159075 | E11: 47137 | G11: 1997.16 | H11: 1003.4 | I11: =I12*$C$11 -> 8702.35 | J11: =J12*$C$11 -> 0 | K11: =K12*$C$11 -> 0 | L11: =L12*$C$11 -> 0 | M11: =M12*$C$11 -> 0 | N11: =N12*$C$11 -> 0 | O11: =O12*$C$11 -> 0 | P11: =P12*$C11 -> 0 | Q11: =Q12*$C11 -> 0 | R11: =R12*$C11 -> 0 | S11: =S12*$C11 -> 0 | U11: =SUM(E11:S11) -> 58839.91 | V11: =C11-U11 -> 0
E12: =E11/$C11 -> 0.80110592 | F12: =F11/$C11 -> 0 | G12: =G11/$C11 -> 0.033942268 | H12: =H11/$C11 -> 0.017053051 | I12: =1-(SUM(E12:H12)) -> 0.14789876 | T12: =SUM(E12:S12) -> 1 | U12: =SUM(E12:S12) -> 1 | V12: =C12-U12 -> -1
A13: 5 | B13: ='ORÇ ABART CONSOLIDADA ADITIVO 1'!D33 -> ESTRUTURA | C13: ='ORÇ ABART CONSOLIDADA ADITIVO 1'!I33 -> 753145.36 | D13: =C13/$C$51 -> 0.30923391 | E13: 6754.82 | F13: 43655.05 | G13: 37708.6 | H13: 35636.4 | I13: 48617.76 | J13: 150450.61 | K13: 113900.46 | L13: 99566.274 | M13: 188286.34 | N13: 28569.05 | O13: =O14*$C$11 -> 0 | P13: =P14*$C13 -> 0 | Q13: =Q14*$C13 -> 0 | R13: =R14*$C13 -> 0 | S13: =S14*$C13 -> 0 | U13: =SUM(E13:S13) -> 753145.36 | V13: =C13-U13 -> -0.0040000001
E14: =E13/$C13 -> 0.0089688131 | F14: =F13/$C13 -> 0.057963645 | G14: =G13/$C13 -> 0.050068157 | H14: =H13/$C13 -> 0.047316762 | I14: =I13/$C13 -> 0.064552957 | J14: =J13/$C13 -> 0.19976304 | K14: =K13/$C13 -> 0.15123304 | L14: =L13/$C13 -> 0.13220061 | ... N14: =N13/$C13 -> 0.037932983 | T14: =SUM(E14:S14) -> 1 | U14: =SUM(E14:S14) -> 1 | V14: =C14-U14 -> -1
A15: 6 | B15: ='ORÇ ABART CONSOLIDADA ADITIVO 1'!D141 -> VEDAÇÃO E ELEVAÇÕES INTERNAS E EXTERNAS | C15: ='ORÇ ABART CONSOLIDADA ADITIVO 1'!I141 -> 211436.5 | D15: =C15/$C$51 -> 0.086813701 | E15: =E16*$C$15 -> 0 | F15: =F16*$C$15 -> 0 | G15: 6928.3 | H15: 6432.93 | I15: 17767.99 | L15: 19091.85 | M15: =M16*$C$11 -> 0 | N15: =N16*$C$11 -> 0 | O15: 148005.55 | P15: 13209.88 | Q15: =Q16*$C15 -> 0 | R15: =R16*$C15 -> 0 | S15: =S16*$C15 -> 0 | U15: =SUM(E15:S15) -> 211436.5 | V15: =C15-U15 -> 0
G16: =G15/$C15 -> 0.032767758 | H16: =H15/$C15 -> 0.030424879 | I16: =I15/$C15 -> 0.084034639 | L16: =L15/$C15 -> 0.090295904 | O16: =O15/$C15 -> 0.7 | P16: =P15/$C15 -> 0.062476819 | T16: =SUM(E16:S16) -> 1 | U16: =SUM(E16:S16) -> 1 | V16: =C16-U16 -> -1
A17: 7 | B17: ='ORÇ ABART CONSOLIDADA ADITIVO 1'!D166 -> COBERTURA | C17: ='ORÇ ABART CONSOLIDADA ADITIVO 1'!I166 -> 42440.76 | D17: =C17/$C$51 -> 0.017425749 | E17: =E18*$C$17 -> 0 | F17: =F18*$C$17 -> 0 | G17: =G18*$C$17 -> 0 | H17: =H18*$C$17 -> 0 | I17: =I18*$C$17 -> 0 | L17: =L18*$C$11 -> 0 | M17: =M18*$C$11 -> 0 | N17: 29708.534 | O17: 12732.23 | P17: =P18*$C17 -> 0 | Q17: =Q18*$C17 -> 0 | R17: =R18*$C17 -> 0 | S17: =S18*$C17 -> 0 | U17: =SUM(E17:S17) -> 42440.764 | V17: =C17-U17 -> -0.004
N18: =N17/$C17 -> 0.70000005 | O18: =O17/$C17 -> 0.30000005 | T18: =SUM(E18:S18) -> 1.0000001 | U18: =SUM(E18:S18) -> 1.0000001 | V18: =C18-U18 -> -1.0000001
A19: 8 | B19: ='ORÇ ABART CONSOLIDADA ADITIVO 1'!D172 -> IMPERMEABILIZAÇÃO | C19: ='ORÇ ABART CONSOLIDADA ADITIVO 1'!I172 -> 35324.53 | D19: =C19/$C$51 -> 0.014503897 | E19: =E20*$C$19 -> 0 | F19: =F20*$C$19 -> 0 | G19: =G20*$C$19 -> 0 | H19: =H20*$C$19 -> 0 | I19: =I20*$C$19 -> 0 | L19: =L20*$C$19 -> 0 | M19: =M20*$C$11 -> 0 | N19: 28259.622 | O19: 7064.91 | P19: =P20*$C19 -> 0 | Q19: =Q20*$C19 -> 0 | R19: =R20*$C19 -> 0 | S19: =S20*$C19 -> 0 | U19: =SUM(E19:S19) -> 35324.532 | V19: =C19-U19 -> -0.002
N20: =N19/$C19 -> 0.79999994 | O20: =O19/$C19 -> 0.20000011 | T20: =SUM(E20:S20) -> 1.0000001 | U20: =SUM(E20:S20) -> 1.0000001 | V20: =C20-U20 -> -1.0000001
A21: 9 | B21: ='ORÇ ABART CONSOLIDADA ADITIVO 1'!D180 -> PAVIMENTAÇÃO | C21: ='ORÇ ABART CONSOLIDADA ADITIVO 1'!I180 -> 83931.8 | D21: =C21/$C$51 -> 0.034461553 | E21: =E22*$C$21 -> 0 | F21: =F22*$C$21 -> 0 | G21: =G22*$C$21 -> 0 | H21: =H22*$C$21 -> 0 | I21: =I22*$C$21 -> 0 | K21: =K22*$C$21 -> 0 | L21: 13251.17 | M21: 16786.36 | N21: 53894.27 | P21: =P22*$C21 -> 0 | Q21: =Q22*$C21 -> 0 | R21: =R22*$C21 -> 0 | S21: =S22*$C21 -> 0 | U21: =SUM(E21:S21) -> 83931.8 | V21: =C21-U21 -> 0
L22: =L21/$C21 -> 0.15788021 | M22: =M21/$C21 -> 0.2 | N22: =N21/$C21 -> 0.64211979 | T22: =SUM(E22:S22) -> 1 | U22: =SUM(E22:S22) -> 1 | V22: =C22-U22 -> -1
A23: 10 | B23: ='ORÇ ABART CONSOLIDADA ADITIVO 1'!D194 -> REVESTIMENTOS INTERNOS E EXTERNOS | C23: ='ORÇ ABART CONSOLIDADA ADITIVO 1'!I194 -> 317669.02 | D23: =C23/$C$51 -> 0.13043171 | E23: =E24*$C$23 -> 0 | F23: =F24*$C$23 -> 0 | G23: =G24*$C$23 -> 0 | H23: =H24*$C$23 -> 0 | I23: =I24*$C$23 -> 0 | K23: =K24*$C$23 -> 0 | L23: =L24*$C$11 -> 0 | M23: =M24*$C$23 -> 0 | N23: =N24*$C$23 -> 0 | O23: =O24*$C$23 -> 0 | P23: 158834.51 | Q23: 158834.51 | R23: =R24*$C23 -> 0 | S23: =S24*$C23 -> 0 | U23: =SUM(E23:S23) -> 317669.02 | V23: =C23-U23 -> 0
P24: =P23/$C23 -> 0.5 | Q24: =Q23/$C23 -> 0.5 | T24: =SUM(E24:S24) -> 1 | U24: =SUM(E24:S24) -> 1 | V24: =C24-U24 -> -1
A25: 11 | B25: ='ORÇ ABART CONSOLIDADA ADITIVO 1'!D214 -> ESQUADRIAS | C25: ='ORÇ ABART CONSOLIDADA ADITIVO 1'!I214 -> 85836.62 | D25: =C25/$C$51 -> 0.035243653 | E25: =E26*$C$25 -> 0 | F25: =F26*$C$25 -> 0 | G25: =G26*$C$25 -> 0 | H25: =H26*$C$25 -> 0 | I25: =I26*$C$25 -> 0 | K25: =K26*$C$25 -> 0 | L25: =L26*$C$11 -> 0 | M25: =M26*$C$11 -> 0 | N25: =N26*$C$23 -> 0 | O25: =O26*$C$23 -> 0 | P25: =P26*$C$23 -> 0 | Q25: 34334.651 | R25: 51501.97 | S25: =S26*$C25 -> 0 | U25: =SUM(E25:S25) -> 85836.621 | V25: =C25-U25 -> -0.001
Q26: =Q25/$C25 -> 0.40000003 | R26: =R25/$C25 -> 0.59999998 | T26: =SUM(E26:S26) -> 1 | U26: =SUM(E26:S26) -> 1 | V26: =C26-U26 -> -1
A27: 12 | B27: ='ORÇ ABART CONSOLIDADA ADITIVO 1'!D232 -> INSTALAÇÕES HIDROSSANITÁRIAS | C27: ='ORÇ ABART CONSOLIDADA ADITIVO 1'!I232 -> 45772.73 | D27: =C27/$C$51 -> 0.018793823 | E27: =E28*$C$27 -> 0 | F27: =F28*$C$27 -> 0 | G27: =G28*$C$27 -> 0 | H27: =H28*$C$27 -> 0 | I27: =I28*$C$27 -> 0 | K27: =K28*$C$27 -> 0 | L27: =L28*$C$19 -> 0 | M27: =M28*$C$11 -> 0 | N27: 9154.55 | O27: 18309.09 | P27: 18309.09 | Q27: =Q28*$C27 -> 0 | R27: =R28*$C27 -> 0 | S27: =S28*$C27 -> 0 | U27: =SUM(E27:S27) -> 45772.73 | V27: =C27-U27 -> 0
N28: =N27/$C27 -> 0.20000009 | O28: =O27/$C27 -> 0.39999996 | P28: =P27/$C27 -> 0.39999996 | T28: =SUM(E28:S28) -> 1 | U28: =SUM(E28:S28) -> 1 | V28: =C28-U28 -> -1
A29: 13 | B29: ='ORÇ ABART CONSOLIDADA ADITIVO 1'!D356 -> BANCADAS , LOUÇAS E METAIS | C29: ='ORÇ ABART CONSOLIDADA ADITIVO 1'!I356 -> 41036.45 | D29: =C29/$C$51 -> 0.016849154 | E29: =E30*$C$29 -> 0 | F29: =F30*$C$29 -> 0 | G29: =G30*$C$29 -> 0 | H29: =H30*$C$29 -> 0 | I29: =I30*$C$29 -> 0 | K29: =K30*$C$29 -> 0 | L29: =L30*$C$11 -> 0 | M29: =M30*$C$11 -> 0 | N29: =N30*$C$11 -> 0 | O29: =O30*$C$35 -> 0 | P29: 28725.52 | Q29: =Q30*$C$35 -> 0 | R29: 12310.94 | S29: =S30*$C29 -> 0 | U29: =SUM(E29:S29) -> 41036.46 | V29: =C29-U29 -> -0.01
P30: =P29/$C29 -> 0.70000012 | R30: =R29/$C29 -> 0.30000012 | T30: =SUM(E30:S30) -> 1.0000002 | U30: =SUM(E30:S30) -> 1.0000002 | V30: =C30-U30 -> -1.0000002
A31: 14 | B31: ='ORÇ ABART CONSOLIDADA ADITIVO 1'!D373 -> INSTALAÇÕES ELÉTRICAS | C31: ='ORÇ ABART CONSOLIDADA ADITIVO 1'!I373 -> 87693.64 | D31: =C31/$C$51 -> 0.036006127 | E31: =E32*$C$31 -> 0 | F31: =F32*$C$31 -> 0 | G31: =G32*$C$31 -> 0 | H31: =H32*$C$31 -> 0 | I31: =I32*$C$31 -> 0 | K31: =K32*$C$31 -> 0 | L31: =L32*$C$11 -> 0 | M31: =M32*$C$11 -> 0 | N31: 17538.73 | O31: 26308.09 | P31: 26308.09 | Q31: =Q32*$C$35 -> 0 | R31: 17538.73 | S31: =S32*$C31 -> 0 | U31: =SUM(E31:S31) -> 87693.64 | V31: =C31-U31 -> 0
N32: =N31/$C31 -> 0.20000002 | O32: =O31/$C31 -> 0.29999998 | P32: =P31/$C31 -> 0.29999998 | R32: =R31/$C31 -> 0.20000002 | T32: =SUM(E32:S32) -> 1 | U32: =SUM(E32:S32) -> 1 | V32: =C32-U32 -> -1
A33: 15 | B33: ='ORÇ ABART CONSOLIDADA ADITIVO 1'!D450 -> SPDA | C33: ='ORÇ ABART CONSOLIDADA ADITIVO 1'!I450 -> 13825.97 | D33: =C33/$C$51 -> 0.0056768043 | E33: =E34*$C$33 -> 0 | F33: =F34*$C$33 -> 0 | G33: =G34*$C$33 -> 0 | H33: =H34*$C$33 -> 1212.5376 | I33: =I34*$C$33 -> 544.74322 | J33: 946.46 | K33: 1591.96 | L33: =L34*$C$19 -> 0 | M33: =M34*$C$11 -> 0 | N33: 2765.194 | O33: 2765.19 | P33: 3999.884 | Q33: =Q34*$C$35 -> 0 | R33: =R34*$C33 -> 0 | S33: =S34*$C33 -> 0 | U33: =SUM(E33:S33) -> 13825.969 | V33: =C33-U33 -> 0.001213
H34: 0.0877 | I34: 0.0394 | J34: =J33/C33 -> 0.068455233 | K34: =K33/$C33 -> 0.11514274 | N34: =N33/$C33 -> 0.2 | O34: =O33/$C33 -> 0.19999971 | P34: =P33/$C33 -> 0.28930223 | T34: =SUM(E34:S34) -> 0.99999991 | U34: =SUM(E34:S34) -> 0.99999991 | V34: =C34-U34 -> -0.99999991 | W34: =100% -> 1 | X34: =W34-H34-I34-J34 -> 0.80444477
A35: 16 | B35: ='ORÇ ABART CONSOLIDADA ADITIVO 1'!D469 -> INSTALAÇÕES DE AR CONDICIONADO | C35: ='ORÇ ABART CONSOLIDADA ADITIVO 1'!I469 -> 71737.33 | D35: =C35/$C$51 -> 0.029454626 | E35: =E36*$C$35 -> 0 | F35: =F36*$C$35 -> 0 | G35: =G36*$C$35 -> 0 | H35: =H36*$C$35 -> 0 | I35: =I36*$C$35 -> 0 | J35: =J36*$C$35 -> 0 | K35: =K36*$C$35 -> 0 | L35: =L36*$C$11 -> 0 | M35: =M36*$C$11 -> 0 | N35: =N36*$C$11 -> 0 | O35: 10760.6 | P35: =P36*$C$35 -> 0 | Q35: =Q36*$C$35 -> 0 | R35: =R36*$C35 -> 0 | S35: 60976.73 | U35: =SUM(E35:S35) -> 71737.33 | V35: =C35-U35 -> 0 | W35: =100% -> 1 | X35: =W35-H35-I35-J35 -> 1
O36: =O35/$C35 -> 0.15000001 | S36: =S35/$C35 -> 0.84999999 | T36: =SUM(E36:S36) -> 1 | U36: =SUM(E36:S36) -> 1 | V36: =C36-U36 -> -1 | W36: =100% -> 1 | X36: =W36-H36-I36-J36 -> 1
A37: 17 | B37: ='ORÇ ABART CONSOLIDADA ADITIVO 1'!D484 -> CABEAMENTO ESTRUTURADO , CFTV E ALARME | C37: ='ORÇ ABART CONSOLIDADA ADITIVO 1'!I484 -> 79522.31 | D37: =C37/$C$51 -> 0.032651061 | E37: =E38*$C$37 -> 0 | F37: =F38*$C$37 -> 0 | G37: =G38*$C$37 -> 0 | H37: =H38*$C$37 -> 0 | I37: =I38*$C$37 -> 0 | J37: =J38*$C$37 -> 0 | K37: =K38*$C$37 -> 0 | L37: =L38*$C$11 -> 0 | M37: =M38*$C$11 -> 0 | N37: =N38*$C$11 -> 0 | O37: =O38*$C$35 -> 0 | P37: =P38*$C$35 -> 0 | Q37: =Q38*$C$35 -> 0 | R37: 79522.31 | S37: =S38*$C37 -> 0 | U37: =SUM(E37:S37) -> 79522.31 | V37: =C37-U37 -> 0 | W37: =100% -> 1 | X37: =W37-H37-I37-J37 -> 1
M38: =M39*$C$11 -> 0 | N38: =N39*$C$11 -> 0 | R38: =R37/$C37 -> 1 | T38: =SUM(E38:S38) -> 1 | U38: =SUM(E38:S38) -> 1 | V38: =C38-U38 -> -1 | W38: =100% -> 1 | X38: =SUM(L38:N38) -> 0
A39: 18 | B39: ='ORÇ ABART CONSOLIDADA ADITIVO 1'!D521 -> COMBATE A INCÊNDIO E PÂNICO | C39: ='ORÇ ABART CONSOLIDADA ADITIVO 1'!I521 -> 5032.56 | D39: =C39/$C$51 -> 0.0020663185 | E39: =E40*$C$39 -> 0 | F39: =F40*$C$39 -> 0 | G39: =G40*$C$39 -> 0 | H39: =H40*$C$39 -> 0 | I39: =I40*$C$39 -> 0 | J39: =J40*$C$39 -> 0 | K39: =K40*$C$39 -> 0 | L39: =L40*$C$19 -> 0 | M39: =M40*$C$23 -> 0 | N39: =N40*$C$23 -> 0 | O39: =O40*$C$35 -> 0 | P39: =P40*$C$35 -> 0 | Q39: =Q40*$C$35 -> 0 | R39: =R40*$C39 -> 0 | S39: 5032.56 | U39: =SUM(E39:S39) -> 5032.56 | V39: =C39-U39 -> 0 | W39: =100% -> 1 | X39: =W39-H39-I39-J39 -> 1
S40: =S39/$C39 -> 1 | T40: =SUM(E40:S40) -> 1 | U40: =SUM(E40:S40) -> 1 | V40: =C40-U40 -> -1 | W40: =100% -> 1 | X40: =W40-H40-I40-J40 -> 1
A41: 19 | B41: ='ORÇ ABART CONSOLIDADA ADITIVO 1'!D528 -> PINTURA | C41: ='ORÇ ABART CONSOLIDADA ADITIVO 1'!I528 -> 28587.72 | D41: =C41/$C$51 -> 0.01173783 | E41: =E42*$C$41 -> 0 | F41: =F42*$C$41 -> 0 | G41: =G42*$C$41 -> 0 | H41: =H42*$C$41 -> 0 | I41: =I42*$C$41 -> 0 | J41: =J42*$C$41 -> 0 | K41: =K42*$C$41 -> 0 | L41: =L42*$C$11 -> 0 | M41: =M42*$C$23 -> 0 | N41: =N42*$C$23 -> 0 | O41: =O42*$C$35 -> 0 | P41: =P42*$C$35 -> 0 | Q41: 14293.856 | R41: 14293.86 | S41: =S42*$C41 -> 0 | U41: =SUM(E41:S41) -> 28587.716 | V41: =C41-U41 -> 0.004001 | W41: =100% -> 1 | X41: =W41-H41-I41-J41 -> 1
Q42: =Q41/$C41 -> 0.49999986 | R42: =R41/$C41 -> 0.5 | T42: =SUM(E42:S42) -> 0.99999986 | U42: =SUM(E42:S42) -> 0.99999986 | V42: =C42-U42 -> -0.99999986 | W42: =100% -> 1 | X42: =W42-H42-I42-J42 -> 1
A43: 20 | B43: ='ORÇ ABART CONSOLIDADA ADITIVO 1'!D538 -> ACESSIBILIDADE | C43: ='ORÇ ABART CONSOLIDADA ADITIVO 1'!I538 -> 177538.94 | D43: =C43/$C$51 -> 0.072895704 | E43: =E44*$C$41 -> 0 | F43: =F44*$C$41 -> 0 | G43: =G44*$C$41 -> 0 | H43: =H44*$C$41 -> 0 | I43: =I44*$C$41 -> 0 | L43: =L44*$C$11 -> 0 | M43: =M44*$C$23 -> 0 | N43: =N44*$C$23 -> 0 | O43: =O44*$C$35 -> 0 | P43: =P44*$C$35 -> 0 | Q43: 53261.676 | R43: 88769.47 | S43: 35507.79 | U43: =SUM(E43:S43) -> 177538.94 | V43: =C43-U43 -> 0.00401 | W43: =100% -> 1 | X43: =W43-H43-I43-J43 -> 1
Q44: =Q43/$C43 -> 0.29999997 | R44: =R43/$C43 -> 0.5 | S44: =S43/$C43 -> 0.20000001 | T44: =SUM(E44:S44) -> 0.99999998 | U44: =SUM(E44:S44) -> 0.99999998 | V44: =C44-U44 -> -0.99999998 | W44: =100% -> 1 | X44: =W44-H44-I44-J44 -> 1
A45: 21 | B45: ='ORÇ ABART CONSOLIDADA ADITIVO 1'!D552 -> PAISAGISMO | C45: ='ORÇ ABART CONSOLIDADA ADITIVO 1'!I552 -> 7509.86 | D45: =C45/$C$51 -> 0.003083473 | E45: =E46*$C$41 -> 0 | F45: =F46*$C$41 -> 0 | G45: =G46*$C$41 -> 0 | H45: =H46*$C$41 -> 0 | I45: =I46*$C$41 -> 0 | J45: =J46*$C$41 -> 0 | K45: =K46*$C$41 -> 0 | L45: =L46*$C$19 -> 0 | M45: =M46*$C$23 -> 0 | N45: =N46*$C$23 -> 0 | O45: =O46*$C$35 -> 0 | P45: =P46*$C$35 -> 0 | Q45: =Q46*$C45 -> 0 | R45: =R46*$C45 -> 0 | S45: 7509.86 | U45: =SUM(E45:S45) -> 7509.86 | V45: =C45-U45 -> 0 | W45: =100% -> 1 | X45: =W45-H45-I45-J45 -> 1
S46: =S45/$C45 -> 1 | T46: =SUM(E46:S46) -> 1 | U46: =SUM(E46:S46) -> 1 | V46: =C46-U46 -> -1 | W46: =100% -> 1 | X46: =W46-H46-I46-J46 -> 1
A47: 22 | B47: ='ORÇ ABART CONSOLIDADA ADITIVO 1'!D559 -> SERVIÇOS COMPLEMENTARES | C47: ='ORÇ ABART CONSOLIDADA ADITIVO 1'!I559 -> 34981.61 | D47: =C47/$C$51 -> 0.014363097 | E47: =E48*$C$47 -> 0 | F47: =F48*$C$47 -> 0 | G47: =G48*$C$47 -> 0 | H47: =H48*$C$47 -> 0 | I47: =I48*$C$47 -> 0 | J47: =J48*$C$47 -> 0 | K47: =K48*$C$47 -> 0 | L47: =L48*$C$19 -> 0 | M47: =M48*$C$23 -> 0 | N47: =N48*$C$23 -> 0 | O47: =O48*$C$35 -> 0 | P47: =P48*$C47 -> 0 | Q47: =Q48*$C47 -> 0 | R47: =R48*$C47 -> 0 | S47: 34981.61 | U47: =SUM(E47:S47) -> 34981.61 | V47: =C47-U47 -> 0 | W47: =100% -> 1 | X47: =W47-H47-I47-J47 -> 1
S48: =S47/$C47 -> 1 | T48: =SUM(E48:S48) -> 1 | U48: =SUM(E48:S48) -> 1 | V48: =C48-U48 -> -1 | W48: =100% -> 1 | X48: =W48-H48-I48-J48 -> 1
A49: 23 | B49: ='ORÇ ABART CONSOLIDADA ADITIVO 1'!D578 -> AJUSTE PARA MANUTENÇÃO DO DESCONTO | C49: ='ORÇ ABART CONSOLIDADA ADITIVO 1'!I578 -> -344.71 | D49: =C49/$C$51 -> -0.00014153446 | M49: =M50*$C$23 -> 0 | N49: =N50*$C$23 -> 0 | O49: =O50*$C$35 -> 0 | P49: =P50*$C49 -> 0 | Q49: =Q50*$C49 -> 0 | R49: =R50*$C49 -> 0 | S49: -344.71 | U49: =SUM(E49:S49) -> -344.71
S50: =S49/$C49 -> 1 | T50: =SUM(E50:S50) -> 1 | U50: =SUM(E50:S50) -> 1
